Workbook

Sheet All
C1: All divisions | D1: =Data!K334 -> 304 | E1: respondents
B5: In order to help us understand your instructional style, please use the sliders below to indicate where your instructional tendencies and preferences fall on these dimensions.
I7: Preference for lecture to deliver content
D8: Min | E8: Max | F8: Mean | G8: Median | I8: 0%-19% | J8: =Data!B315 -> 0.10384615 | K8: =J8 -> 0.10384615
C9: Preference for lecture to deliver content (select numbers closer to 0) | D9: =Data!B413 -> 0 | E9: =Data!B414 -> 100 | F9: =Data!B415 -> 55.196154 | G9: =Data!B416 -> 60 | I9: 20%-39% | J9: =Data!B316 -> 0.2 | K9: =J9 -> 0.2
C10: Preference for facilitated exploration of content (select numbers closer to 100) | I10: 40%-59% | J10: =Data!B317 -> 0.18461538 | K10: =J10 -> 0.18461538
I11: 60%-79% | J11: =Data!B318 -> 0.28076923 | K11: =J11 -> 0.28076923
I12: 80%-100% | J12: =Data!B319 -> 0.23076923 | K12: =J12 -> 0.23076923
I13: Preference for facilitated exploration of content
D16: Min | E16: Max | F16: Mean | G16: Median | I16: Prefer print materials
C17: Prefer print materials (select numbers closer to 0) | D17: =Data!C413 -> 0 | E17: =Data!C414 -> 100 | F17: =Data!C415 -> 51.607843 | G17: =Data!C416 -> 50 | I17: 0%-19% | J17: =Data!C315 -> 0.19215686 | K17: =J17 -> 0.19215686
C18: Prefer digital materials (select numbers closer to 100) | I18: 20%-39% | J18: =Data!C316 -> 0.19215686 | K18: =J18 -> 0.19215686
I19: 40%-59% | J19: =Data!C317 -> 0.15294118 | K19: =J19 -> 0.15294118
I20: 60%-79% | J20: =Data!C318 -> 0.21960784 | K20: =J20 -> 0.21960784
I21: 80%-100% | J21: =Data!C319 -> 0.24313725 | K21: =J21 -> 0.24313725
I22: Prefer digital materials
B26: Please let us know if you agree or disagree with the following.
D27: Strongly agree | E27: Agree | F27: Somewhat agree | G27: Neither | H27: Somewhat disagree | I27: Disagree | J27: Strongly disagree
C28: My students prefer print materials over digital | D28: =Data!D$337 -> 0.052980132 | E28: =Data!D$338 -> 0.16225166 | F28: =Data!D$339 -> 0.2218543 | G28: =Data!D$340 -> 0.29139073 | H28: =Data!D$341 -> 0.11258278 | I28: =Data!D$342 -> 0.12251656 | J28: =Data!D$343 -> 0.036423841
C29: The cost of the course materials is a serious problem for my students | D29: =Data!E$337 -> 0.3125 | E29: =Data!E$338 -> 0.27302632 | F29: =Data!E$339 -> 0.21052632 | G29: =Data!E$340 -> 0.098684211 | H29: =Data!E$341 -> 0.042763158 | I29: =Data!E$342 -> 0.036184211 | J29: =Data!E$343 -> 0.026315789
C30: There is a lack of high-quality course materials for the courses I teach | D30: =Data!F$337 -> 0.059405941 | E30: =Data!F$338 -> 0.095709571 | F30: =Data!F$339 -> 0.1320132 | G30: =Data!F$340 -> 0.15841584 | H30: =Data!F$341 -> 0.12541254 | I30: =Data!F$342 -> 0.27062706 | J30: =Data!F$343 -> 0.15841584
C31: The use of electronic devices in class by students is a distraction from learning | D31: =Data!G$337 -> 0.13245033 | E31: =Data!G$338 -> 0.12251656 | F31: =Data!G$339 -> 0.25165563 | G31: =Data!G$340 -> 0.16225166 | H31: =Data!G$341 -> 0.12913907 | I31: =Data!G$342 -> 0.13907285 | J31: =Data!G$343 -> 0.062913907
B34: Tenure | C34: N/A | D34: =Data!H337 -> 0.17333333 | E34: =D34 -> 0.17333333
C35: Tenured | D35: =Data!H338 -> 0.36 | E35: =D35 -> 0.36
C36: Tenure track, not tenured | D36: =Data!H339 -> 0.036666667 | E36: =D36 -> 0.036666667
C37: Not tenure track | D37: =Data!H340 -> 0.43 | E37: =D37 -> 0.43
D38: =SUM(D34:D37) -> 1
B40: Number of years teaching
C41: 0 to 5 | D41: =Data!I337 -> 0.17491749 | E41: =D41 -> 0.17491749
C42: 6 to 10 | D42: =Data!I338 -> 0.18811881 | E42: =D42 -> 0.18811881
C43: 11 to 15 | D43: =Data!I339 -> 0.19471947 | E43: =D43 -> 0.19471947
C44: 16 to 20 | D44: =Data!I340 -> 0.17491749 | E44: =D44 -> 0.17491749
C45: 21 to 25 | D45: =Data!I341 -> 0.082508251 | E45: =D45 -> 0.082508251
C46: 26+ | D46: =Data!I342 -> 0.18481848 | E46: =D46 -> 0.18481848
B48: Teaching status
C49: Part time | D49: =Data!J337 -> 0.59468439 | E49: =D49 -> 0.59468439
C50: Full time | D50: =Data!J338 -> 0.40531561 | E50: =D50 -> 0.40531561
B53: Division | D53: Count | E53: Percent
C54: Arts, communications, hospitality | D54: =Data!K323 -> 46 | E54: =Data!K337 -> 0.15181518 | F54: =E54 -> 0.15181518
C55: Business and applied technology | D55: =Data!K324 -> 42 | E55: =Data!K338 -> 0.13861386 | F55: =E55 -> 0.13861386
C56: Continuing education and public services | D56: =Data!K325 -> 6 | E56: =Data!K339 -> 0.01980198 | F56: =E56 -> 0.01980198
C57: Liberal arts | D57: =Data!K326 -> 74 | E57: =Data!K340 -> 0.24422442 | F57: =E57 -> 0.24422442
C58: Health sciences | D58: =Data!K327 -> 27 | E58: =Data!K341 -> 0.089108911 | F58: =E58 -> 0.089108911
C59: Social and behavioral sciences | D59: =Data!K328 -> 65 | E59: =Data!K342 -> 0.21452145 | F59: =E59 -> 0.21452145
C60: Library | D60: =Data!K329 -> 34 | E60: =Data!K343 -> 0.11221122 | F60: =E60 -> 0.11221122
C61: STEM | D61: =Data!K330 -> 5 | E61: =Data!K344 -> 0.01650165 | F61: =E61 -> 0.01650165
C62: Counseling and advising | D62: =Data!K331 -> 4 | E62: =Data!K345 -> 0.01320132 | F62: =E62 -> 0.01320132
D63: =SUM(D54:D62) -> 303
B66: Are you familiar with online homework / courseware systems such as Cengage (Aplia, MindTap, WebAssign), Expert TA, Knewton Alta, Macmillan (Launchpad, Sapling Learning), McGraw-Hill (Aleks, Connect, SmartBook), MyOpenMath, Pearson (Mastering Series, MyLab), Top Hat, Wiley, WileyPLUS, or XYZ Homework?
C68: I use one or more of these in my teaching | D68: =Data!S337 -> 0.3630363 | E68: =D68 -> 0.3630363
C69: These are used at my institution, but not in any of my courses | D69: =Data!S338 -> 0.33333333 | E69: =D69 -> 0.33333333
C70: I am aware of them, but they are not used at my institution | D70: =Data!S339 -> 0.10561056 | E70: =D70 -> 0.10561056
C71: I am not aware of them | D71: =Data!S340 -> 0.14851485 | E71: =D71 -> 0.14851485
C72: Unsure | D72: =Data!S341 -> 0.04950495 | E72: =D72 -> 0.04950495
B75: Which of the following systems have you used? (Please check all that apply.)
C76: Aleks McGraw | D76: =Data!T$323 -> 11 | E76: =D76/D$93 -> 0.036184211 | F76: =E76 -> 0.036184211
C77: Alta Knewton | D77: =Data!U$323 -> 0 | E77: =D77/D$93 -> 0 | F77: =E77 -> 0
C78: Aplia Cengage | D78: =Data!V$323 -> 5 | E78: =D78/D$93 -> 0.016447368 | F78: =E78 -> 0.016447368
C79: Connect McGraw-Hill | D79: =Data!W$323 -> 62 | E79: =D79/D$93 -> 0.20394737 | F79: =E79 -> 0.20394737
C80: Expert TA | D80: =Data!X$323 -> 2 | E80: =D80/D$93 -> 0.0065789474 | F80: =E80 -> 0.0065789474
C81: Launchpad Macmillan | D81: =Data!Y$323 -> 10 | E81: =D81/D$93 -> 0.032894737 | F81: =E81 -> 0.032894737
C82: Mastering Series Pearson | D82: =Data!Z$323 -> 20 | E82: =D82/D$93 -> 0.065789474 | F82: =E82 -> 0.065789474
C83: MindTap Cengage | D83: =Data!AA$323 -> 30 | E83: =D83/D$93 -> 0.098684211 | F83: =E83 -> 0.098684211
C84: MyLab Pearson | D84: =Data!AB$323 -> 52 | E84: =D84/D$93 -> 0.17105263 | F84: =E84 -> 0.17105263
C85: MyOpenMath | D85: =Data!AC$323 -> 1 | E85: =D85/D$93 -> 0.0032894737 | F85: =E85 -> 0.0032894737
C86: Sapling Learning Macmillan | D86: =Data!AD$323 -> 2 | E86: =D86/D$93 -> 0.0065789474 | F86: =E86 -> 0.0065789474
C87: SmartBook McGraw | D87: =Data!AE$323 -> 18 | E87: =D87/D$93 -> 0.059210526 | F87: =E87 -> 0.059210526
C88: Top Hat | D88: =Data!AF$323 -> 1 | E88: =D88/D$93 -> 0.0032894737 | F88: =E88 -> 0.0032894737
C89: WebAssign Cengage | D89: =Data!AG$323 -> 8 | E89: =D89/D$93 -> 0.026315789 | F89: =E89 -> 0.026315789
C90: WileyPLUS Wiley | D90: =Data!AH$323 -> 18 | E90: =D90/D$93 -> 0.059210526 | F90: =E90 -> 0.059210526
C91: XYZ Homework | D91: =Data!AI$323 -> 0 | E91: =D91/D$93 -> 0 | F91: =E91 -> 0
C92: Other | D92: =Data!AJ$323 -> 18 | E92: =D92/D$93 -> 0.059210526 | F92: =E92 -> 0.059210526
D93: =Data!AH334 -> 304
B95: Are you familiar with Inclusive Access (also known as digital direct or immediate access), where publishers such as Pearson, Cengage, McGraw Hill, or Wiley partner with companies such as Follett, Barnes & Noble, Vital Source, RedShelf, or Verba sell digital access to course materials to students on a subscription basis.
C96: I use Inclusive Access in my teaching | D96: =Data!AL337 -> 0.088815789 | E96: =D96 -> 0.088815789
C97: Inclusive Access is used at my institution, but not in any of my courses | D97: =Data!AL338 -> 0.19736842 | E97: =D97 -> 0.19736842
C98: I am aware of Inclusive Access, but it is not used at my institution | D98: =Data!AL339 -> 0.14473684 | E98: =D98 -> 0.14473684
C99: I am not aware of Inclusive Access | D99: =Data!AL340 -> 0.47039474 | E99: =D99 -> 0.47039474
C100: Unsure | D100: =Data!AL341 -> 0.098684211 | E100: =D100 -> 0.098684211
B103: Over the past two years, how many different courses have you taught? (unique courses, not course sections)
C104: 1 | D104: =Data!AM337 -> 0.15131579 | E104: =D104 -> 0.15131579
C105: 2 | D105: =Data!AM338 -> 0.19736842 | E105: =D105 -> 0.19736842
C106: 3 | D106: =Data!AM339 -> 0.1875 | E106: =D106 -> 0.1875
C107: 4 | D107: =Data!AM340 -> 0.14473684 | E107: =D107 -> 0.14473684
C108: 5 or more | D108: =Data!AM341 -> 0.30592105 | E108: =D108 -> 0.30592105
C109: 0 (I do not teach full courses) | D109: =Data!AM342 -> 0.013157895 | E109: =D109 -> 0.013157895
B112: Think of the highest enrollment course your discipline offers that you have taught within the past two years. Select one section from the most recent semester that you taught this course.
B114: Is this section:
C115: Face to Face | D115: =Data!AN337 -> 0.81144781 | E115: =D115 -> 0.81144781
C116: Fully Online | D116: =Data!AN338 -> 0.13131313 | E116: =D116 -> 0.13131313
C117: Hybrid | D117: =Data!AN339 -> 0.057239057 | E117: =D117 -> 0.057239057
B120: Please indicate the Course title & number for your highest enrollment course. (Optional. Your response will be confidential.)
B122: What types of course materials were required and/or recommended for this course section?
B123: Required items are those listed in the course syllabus as required for all students, either acquired on their own or provided to all students bundled in tuition or through a materials fee. Recommended items are those that are listed on the syllabus but are NOT required of students.
B124: For the purposes of this study, the term "textbook" applies to the primary content used in the course regardless of format - either print or digital.
C125: COUNTS | D125: Required | E125: Recommended | F125: Not required or recommended
C126: Textbook(s) (Print or digital) | D126: =Data!AP323 -> 256 | E126: =Data!AQ323 -> 32 | F126: =Data!AR323 -> 17
C127: Inclusive Access subscription | D127: =Data!AS323 -> 35 | E127: =Data!AT323 -> 18 | F127: =Data!AU323 -> 224
C128: Articles/Case studies | D128: =Data!AV323 -> 77 | E128: =Data!AW323 -> 49 | F128: =Data!AX323 -> 150
C129: Online homework system | D129: =Data!AY323 -> 125 | E129: =Data!AZ323 -> 33 | F129: =Data!BA323 -> 123
...

Sheet ACH
C1: Arts, communications, hospitality | D1: ='data-ach'!K332 -> 46 | E1: respondents
B5: In order to help us understand your instructional style, please use the sliders below to indicate where your instructional tendencies and preferences fall on these dimensions.
I7: Preference for lecture to deliver content
D8: Min | E8: Max | F8: Mean | G8: Median | I8: 0%-19% | J8: ='data-ach'!B315 -> 0.071428571 | K8: =J8 -> 0.071428571
C9: Preference for lecture to deliver content (select numbers closer to 0) | D9: ='data-ach'!B413 -> 0 | E9: ='data-ach'!B414 -> 100 | F9: ='data-ach'!B415 -> 54.761905 | G9: ='data-ach'!B416 -> 62.5 | I9: 20%-39% | J9: ='data-ach'!B316 -> 0.21428571 | K9: =J9 -> 0.21428571
C10: Preference for facilitated exploration of content (select numbers closer to 100) | I10: 40%-59% | J10: ='data-ach'!B317 -> 0.16666667 | K10: =J10 -> 0.16666667
I11: 60%-79% | J11: ='data-ach'!B318 -> 0.38095238 | K11: =J11 -> 0.38095238
I12: 80%-100% | J12: ='data-ach'!B319 -> 0.16666667 | K12: =J12 -> 0.16666667
I13: Preference for facilitated exploration of content
D16: Min | E16: Max | F16: Mean | G16: Median | I16: Prefer print materials
C17: Prefer print materials (select numbers closer to 0) | D17: ='data-ach'!C413 -> 0 | E17: ='data-ach'!C414 -> 100 | F17: ='data-ach'!C415 -> 53.341463 | G17: ='data-ach'!C416 -> 51 | I17: 0%-19% | J17: ='data-ach'!C315 -> 0.19512195 | K17: =J17 -> 0.19512195
C18: Prefer digital materials (select numbers closer to 100) | I18: 20%-39% | J18: ='data-ach'!C316 -> 0.14634146 | K18: =J18 -> 0.14634146
I19: 40%-59% | J19: ='data-ach'!C317 -> 0.19512195 | K19: =J19 -> 0.19512195
I20: 60%-79% | J20: ='data-ach'!C318 -> 0.19512195 | K20: =J20 -> 0.19512195
I21: 80%-100% | J21: ='data-ach'!C319 -> 0.26829268 | K21: =J21 -> 0.26829268
I22: Prefer digital materials
B26: Please let us know if you agree or disagree with the following.
D27: Strongly agree | E27: Agree | F27: Somewhat agree | G27: Neither | H27: Somewhat disagree | I27: Disagree | J27: Strongly disagree
C28: My students prefer print materials over digital | D28: ='data-ach'!D$337 -> 0.086956522 | E28: ='data-ach'!D$338 -> 0.10869565 | F28: ='data-ach'!D$339 -> 0.15217391 | G28: ='data-ach'!D$340 -> 0.2826087 | H28: ='data-ach'!D$341 -> 0.15217391 | I28: ='data-ach'!D$342 -> 0.13043478 | J28: ='data-ach'!D$343 -> 0.086956522
C29: The cost of the course materials is a serious problem for my students | D29: ='data-ach'!E$337 -> 0.2173913 | E29: ='data-ach'!E$338 -> 0.30434783 | F29: ='data-ach'!E$339 -> 0.23913043 | G29: ='data-ach'!E$340 -> 0.10869565 | H29: ='data-ach'!E$341 -> 0 | I29: ='data-ach'!E$342 -> 0.043478261 | J29: ='data-ach'!E$343 -> 0.086956522
C30: There is a lack of high-quality course materials for the courses I teach | D30: ='data-ach'!F$337 -> 0.065217391 | E30: ='data-ach'!F$338 -> 0.043478261 | F30: ='data-ach'!F$339 -> 0.13043478 | G30: ='data-ach'!F$340 -> 0.13043478 | H30: ='data-ach'!F$341 -> 0.10869565 | I30: ='data-ach'!F$342 -> 0.34782609 | J30: ='data-ach'!F$343 -> 0.17391304
C31: The use of electronic devices in class by students is a distraction from learning | D31: ='data-ach'!G$337 -> 0.13043478 | E31: ='data-ach'!G$338 -> 0.15217391 | F31: ='data-ach'!G$339 -> 0.30434783 | G31: ='data-ach'!G$340 -> 0.086956522 | H31: ='data-ach'!G$341 -> 0.10869565 | I31: ='data-ach'!G$342 -> 0.10869565 | J31: ='data-ach'!G$343 -> 0.10869565
B34: Tenure | C34: N/A | D34: ='data-ach'!H337 -> 0.2173913 | E34: =D34 -> 0.2173913
C35: Tenured | D35: ='data-ach'!H338 -> 0.2826087 | E35: =D35 -> 0.2826087
C36: Tenure track, not tenured | D36: ='data-ach'!H339 -> 0.043478261 | E36: =D36 -> 0.043478261
C37: Not tenure track | D37: ='data-ach'!H340 -> 0.45652174 | E37: =D37 -> 0.45652174
D38: =SUM(D34:D37) -> 1
B40: Number of years teaching
C41: 0 to 5 | D41: ='data-ach'!I337 -> 0.17391304 | E41: =D41 -> 0.17391304
C42: 6 to 10 | D42: ='data-ach'!I338 -> 0.19565217 | E42: =D42 -> 0.19565217
C43: 11 to 15 | D43: ='data-ach'!I339 -> 0.17391304 | E43: =D43 -> 0.17391304
C44: 16 to 20 | D44: ='data-ach'!I340 -> 0.19565217 | E44: =D44 -> 0.19565217
C45: 21 to 25 | D45: ='data-ach'!I341 -> 0.065217391 | E45: =D45 -> 0.065217391
C46: 26+ | D46: ='data-ach'!I342 -> 0.19565217 | E46: =D46 -> 0.19565217
B48: Teaching status
C49: Part time | D49: ='data-ach'!J337 -> 0.65217391 | E49: =D49 -> 0.65217391
C50: Full time | D50: ='data-ach'!J338 -> 0.34782609 | E50: =D50 -> 0.34782609
B53: Division | D53: Count | E53: Percent
C54: Arts, communications, hospitality | D54: ='data-ach'!K323 -> 46 | E54: ='data-ach'!K337 -> 1 | F54: =E54 -> 1
C55: Business and applied technology | D55: ='data-ach'!K324 -> 0 | E55: ='data-ach'!K338 -> 0 | F55: =E55 -> 0
C56: Continuing education and public services | D56: ='data-ach'!K325 -> 0 | E56: ='data-ach'!K339 -> 0 | F56: =E56 -> 0
C57: Liberal arts | D57: ='data-ach'!K326 -> 0 | E57: ='data-ach'!K340 -> 0 | F57: =E57 -> 0
C58: Health sciences | D58: ='data-ach'!K327 -> 0 | E58: ='data-ach'!K341 -> 0 | F58: =E58 -> 0
C59: Social and behavioral sciences | D59: ='data-ach'!K328 -> 0 | E59: ='data-ach'!K342 -> 0 | F59: =E59 -> 0
C60: Library | D60: ='data-ach'!K329 -> 0 | E60: ='data-ach'!K343 -> 0 | F60: =E60 -> 0
C61: STEM | D61: ='data-ach'!K330 -> 0 | E61: ='data-ach'!K344 -> 0 | F61: =E61 -> 0
C62: Counseling and advising | D62: ='data-ach'!K331 -> 0 | E62: ='data-ach'!K345 -> 0 | F62: =E62 -> 0
D63: =SUM(D54:D62) -> 46
B66: Are you familiar with online homework / courseware systems such as Cengage (Aplia, MindTap, WebAssign), Expert TA, Knewton Alta, Macmillan (Launchpad, Sapling Learning), McGraw-Hill (Aleks, Connect, SmartBook), MyOpenMath, Pearson (Mastering Series, MyLab), Top Hat, Wiley, WileyPLUS, or XYZ Homework?
C68: I use one or more of these in my teaching | D68: ='data-ach'!S337 -> 0.23913043 | E68: =D68 -> 0.23913043
C69: These are used at my institution, but not in any of my courses | D69: ='data-ach'!S338 -> 0.2826087 | E69: =D69 -> 0.2826087
C70: I am aware of them, but they are not used at my institution | D70: ='data-ach'!S339 -> 0.17391304 | E70: =D70 -> 0.17391304
C71: I am not aware of them | D71: ='data-ach'!S340 -> 0.19565217 | E71: =D71 -> 0.19565217
C72: Unsure | D72: ='data-ach'!S341 -> 0.10869565 | E72: =D72 -> 0.10869565
B75: Which of the following systems have you used? (Please check all that apply.)
C76: Aleks McGraw | D76: ='data-ach'!T$323 -> 0 | E76: =D76/D$93 -> 0 | F76: =E76 -> 0
C77: Alta Knewton | D77: ='data-ach'!U$323 -> 0 | E77: =D77/D$93 -> 0 | F77: =E77 -> 0
C78: Aplia Cengage | D78: ='data-ach'!V$323 -> 0 | E78: =D78/D$93 -> 0 | F78: =E78 -> 0
C79: Connect McGraw-Hill | D79: ='data-ach'!W$323 -> 6 | E79: =D79/D$93 -> 0.019736842 | F79: =E79 -> 0.019736842
C80: Expert TA | D80: ='data-ach'!X$323 -> 0 | E80: =D80/D$93 -> 0 | F80: =E80 -> 0
C81: Launchpad Macmillan | D81: ='data-ach'!Y$323 -> 2 | E81: =D81/D$93 -> 0.0065789474 | F81: =E81 -> 0.0065789474
C82: Mastering Series Pearson | D82: ='data-ach'!Z$323 -> 1 | E82: =D82/D$93 -> 0.0032894737 | F82: =E82 -> 0.0032894737
C83: MindTap Cengage | D83: ='data-ach'!AA$323 -> 2 | E83: =D83/D$93 -> 0.0065789474 | F83: =E83 -> 0.0065789474
C84: MyLab Pearson | D84: ='data-ach'!AB$323 -> 4 | E84: =D84/D$93 -> 0.013157895 | F84: =E84 -> 0.013157895
C85: MyOpenMath | D85: ='data-ach'!AC$323 -> 1 | E85: =D85/D$93 -> 0.0032894737 | F85: =E85 -> 0.0032894737
C86: Sapling Learning Macmillan | D86: ='data-ach'!AD$323 -> 0 | E86: =D86/D$93 -> 0 | F86: =E86 -> 0
C87: SmartBook McGraw | D87: ='data-ach'!AE$323 -> 3 | E87: =D87/D$93 -> 0.0098684211 | F87: =E87 -> 0.0098684211
C88: Top Hat | D88: ='data-ach'!AF$323 -> 0 | E88: =D88/D$93 -> 0 | F88: =E88 -> 0
C89: WebAssign Cengage | D89: ='data-ach'!AG$323 -> 0 | E89: =D89/D$93 -> 0 | F89: =E89 -> 0
C90: WileyPLUS Wiley | D90: ='data-ach'!AH$323 -> 1 | E90: =D90/D$93 -> 0.0032894737 | F90: =E90 -> 0.0032894737
C91: XYZ Homework | D91: ='data-ach'!AI$323 -> 0 | E91: =D91/D$93 -> 0 | F91: =E91 -> 0
C92: Other | D92: ='data-ach'!AJ$323 -> 1 | E92: =D92/D$93 -> 0.0032894737 | F92: =E92 -> 0.0032894737
D93: ='data-ach'!AH334 -> 304
B95: Are you familiar with Inclusive Access (also known as digital direct or immediate access), where publishers such as Pearson, Cengage, McGraw Hill, or Wiley partner with companies such as Follett, Barnes & Noble, Vital Source, RedShelf, or Verba sell digital access to course materials to students on a subscription basis.
C96: I use Inclusive Access in my teaching | D96: ='data-ach'!AL337 -> 0.043478261 | E96: =D96 -> 0.043478261
C97: Inclusive Access is used at my institution, but not in any of my courses | D97: ='data-ach'!AL338 -> 0.2173913 | E97: =D97 -> 0.2173913
C98: I am aware of Inclusive Access, but it is not used at my institution | D98: ='data-ach'!AL339 -> 0.17391304 | E98: =D98 -> 0.17391304
C99: I am not aware of Inclusive Access | D99: ='data-ach'!AL340 -> 0.43478261 | E99: =D99 -> 0.43478261
C100: Unsure | D100: ='data-ach'!AL341 -> 0.13043478 | E100: =D100 -> 0.13043478
B103: Over the past two years, how many different courses have you taught? (unique courses, not course sections)
C104: 1 | D104: ='data-ach'!AM337 -> 0.26086957 | E104: =D104 -> 0.26086957
C105: 2 | D105: ='data-ach'!AM338 -> 0.2173913 | E105: =D105 -> 0.2173913
C106: 3 | D106: ='data-ach'!AM339 -> 0.15217391 | E106: =D106 -> 0.15217391
C107: 4 | D107: ='data-ach'!AM340 -> 0.086956522 | E107: =D107 -> 0.086956522
C108: 5 or more | D108: ='data-ach'!AM341 -> 0.2826087 | E108: =D108 -> 0.2826087
C109: 0 (I do not teach full courses) | D109: ='data-ach'!AM342 -> 0 | E109: =D109 -> 0
B112: Think of the highest enrollment course your discipline offers that you have taught within the past two years. Select one section from the most recent semester that you taught this course.
B114: Is this section:
C115: Face to Face | D115: ='data-ach'!AN337 -> 0.86046512 | E115: =D115 -> 0.86046512
C116: Fully Online | D116: ='data-ach'!AN338 -> 0.069767442 | E116: =D116 -> 0.069767442
C117: Hybrid | D117: ='data-ach'!AN339 -> 0.069767442 | E117: =D117 -> 0.069767442
B120: Please indicate the Course title & number for your highest enrollment course. (Optional. Your response will be confidential.)
B122: What types of course materials were required and/or recommended for this course section?
B123: Required items are those listed in the course syllabus as required for all students, either acquired on their own or provided to all students bundled in tuition or through a materials fee. Recommended items are those that are listed on the syllabus but are NOT required of students.
B124: For the purposes of this study, the term "textbook" applies to the primary content used in the course regardless of format - either print or digital.
C125: COUNTS | D125: Required | E125: Recommended | F125: Not required or recommended
C126: Textbook(s) (Print or digital) | D126: ='data-ach'!AP323 -> 37 | E126: ='data-ach'!AQ323 -> 5 | F126: ='data-ach'!AR323 -> 4
C127: Inclusive Access subscription | D127: ='data-ach'!AS323 -> 4 | E127: ='data-ach'!AT323 -> 2 | F127: ='data-ach'!AU323 -> 38
C128: Articles/Case studies | D128: ='data-ach'!AV323 -> 11 | E128: ='data-ach'!AW323 -> 7 | F128: ='data-ach'!AX323 -> 27
C129: Online homework system | D129: ='data-ach'!AY323 -> 19 | E129: ='data-ach'!AZ323 -> 2 | F129: ='data-ach'!BA323 -> 24
...

Sheet BAT
C1: Business and applied technology | D1: ='data-bat'!K332 -> 42 | E1: respondents
B5: In order to help us understand your instructional style, please use the sliders below to indicate where your instructional tendencies and preferences fall on these dimensions.
I7: Preference for lecture to deliver content
D8: Min | E8: Max | F8: Mean | G8: Median | I8: 0%-19% | J8: ='data-bat'!B315 -> 0.18181818 | K8: =J8 -> 0.18181818
C9: Preference for lecture to deliver content (select numbers closer to 0) | D9: ='data-bat'!B413 -> 1 | E9: ='data-bat'!B414 -> 100 | F9: ='data-bat'!B415 -> 52 | G9: ='data-bat'!B416 -> 60 | I9: 20%-39% | J9: ='data-bat'!B316 -> 0.060606061 | K9: =J9 -> 0.060606061
C10: Preference for facilitated exploration of content (select numbers closer to 100) | I10: 40%-59% | J10: ='data-bat'!B317 -> 0.24242424 | K10: =J10 -> 0.24242424
I11: 60%-79% | J11: ='data-bat'!B318 -> 0.39393939 | K11: =J11 -> 0.39393939
I12: 80%-100% | J12: ='data-bat'!B319 -> 0.12121212 | K12: =J12 -> 0.12121212
I13: Preference for facilitated exploration of content
D16: Min | E16: Max | F16: Mean | G16: Median | I16: Prefer print materials
C17: Prefer print materials (select numbers closer to 0) | D17: ='data-bat'!C413 -> 0 | E17: ='data-bat'!C414 -> 100 | F17: ='data-bat'!C415 -> 54.638889 | G17: ='data-bat'!C416 -> 68 | I17: 0%-19% | J17: ='data-bat'!C315 -> 0.22222222 | K17: =J17 -> 0.22222222
C18: Prefer digital materials (select numbers closer to 100) | I18: 20%-39% | J18: ='data-bat'!C316 -> 0.13888889 | K18: =J18 -> 0.13888889
I19: 40%-59% | J19: ='data-bat'!C317 -> 0.055555556 | K19: =J19 -> 0.055555556
I20: 60%-79% | J20: ='data-bat'!C318 -> 0.30555556 | K20: =J20 -> 0.30555556
I21: 80%-100% | J21: ='data-bat'!C319 -> 0.27777778 | K21: =J21 -> 0.27777778
I22: Prefer digital materials
B26: Please let us know if you agree or disagree with the following.
D27: Strongly agree | E27: Agree | F27: Somewhat agree | G27: Neither | H27: Somewhat disagree | I27: Disagree | J27: Strongly disagree
C28: My students prefer print materials over digital | D28: ='data-bat'!D$337 -> 0.11904762 | E28: ='data-bat'!D$338 -> 0.16666667 | F28: ='data-bat'!D$339 -> 0.11904762 | G28: ='data-bat'!D$340 -> 0.26190476 | H28: ='data-bat'!D$341 -> 0.071428571 | I28: ='data-bat'!D$342 -> 0.23809524 | J28: ='data-bat'!D$343 -> 0.023809524
C29: The cost of the course materials is a serious problem for my students | D29: ='data-bat'!E$337 -> 0.26190476 | E29: ='data-bat'!E$338 -> 0.26190476 | F29: ='data-bat'!E$339 -> 0.33333333 | G29: ='data-bat'!E$340 -> 0.071428571 | H29: ='data-bat'!E$341 -> 0.023809524 | I29: ='data-bat'!E$342 -> 0.047619048 | J29: ='data-bat'!E$343 -> 0
C30: There is a lack of high-quality course materials for the courses I teach | D30: ='data-bat'!F$337 -> 0.11904762 | E30: ='data-bat'!F$338 -> 0.19047619 | F30: ='data-bat'!F$339 -> 0.23809524 | G30: ='data-bat'!F$340 -> 0.095238095 | H30: ='data-bat'!F$341 -> 0.071428571 | I30: ='data-bat'!F$342 -> 0.21428571 | J30: ='data-bat'!F$343 -> 0.071428571
C31: The use of electronic devices in class by students is a distraction from learning | D31: ='data-bat'!G$337 -> 0.048780488 | E31: ='data-bat'!G$338 -> 0.048780488 | F31: ='data-bat'!G$339 -> 0.24390244 | G31: ='data-bat'!G$340 -> 0.19512195 | H31: ='data-bat'!G$341 -> 0.26829268 | I31: ='data-bat'!G$342 -> 0.14634146 | J31: ='data-bat'!G$343 -> 0.048780488
B34: Tenure | C34: N/A | D34: ='data-bat'!H337 -> 0.34146341 | E34: =D34 -> 0.34146341
C35: Tenured | D35: ='data-bat'!H338 -> 0.34146341 | E35: =D35 -> 0.34146341
C36: Tenure track, not tenured | D36: ='data-bat'!H339 -> 0 | E36: =D36 -> 0
C37: Not tenure track | D37: ='data-bat'!H340 -> 0.31707317 | E37: =D37 -> 0.31707317
D38: =SUM(D34:D37) -> 1
B40: Number of years teaching
C41: 0 to 5 | D41: ='data-bat'!I337 -> 0.16666667 | E41: =D41 -> 0.16666667
C42: 6 to 10 | D42: ='data-bat'!I338 -> 0.11904762 | E42: =D42 -> 0.11904762
C43: 11 to 15 | D43: ='data-bat'!I339 -> 0.21428571 | E43: =D43 -> 0.21428571
C44: 16 to 20 | D44: ='data-bat'!I340 -> 0.21428571 | E44: =D44 -> 0.21428571
C45: 21 to 25 | D45: ='data-bat'!I341 -> 0.11904762 | E45: =D45 -> 0.11904762
C46: 26+ | D46: ='data-bat'!I342 -> 0.16666667 | E46: =D46 -> 0.16666667
B48: Teaching status
C49: Part time | D49: ='data-bat'!J337 -> 0.63414634 | E49: =D49 -> 0.63414634
C50: Full time | D50: ='data-bat'!J338 -> 0.36585366 | E50: =D50 -> 0.36585366
B53: Division | D53: Count | E53: Percent
C54: Arts, communications, hospitality | D54: ='data-bat'!K323 -> 0 | E54: ='data-bat'!K337 -> 0 | F54: =E54 -> 0
C55: Business and applied technology | D55: ='data-bat'!K324 -> 42 | E55: ='data-bat'!K338 -> 1 | F55: =E55 -> 1
C56: Continuing education and public services | D56: ='data-bat'!K325 -> 0 | E56: ='data-bat'!K339 -> 0 | F56: =E56 -> 0
C57: Liberal arts | D57: ='data-bat'!K326 -> 0 | E57: ='data-bat'!K340 -> 0 | F57: =E57 -> 0
C58: Health sciences | D58: ='data-bat'!K327 -> 0 | E58: ='data-bat'!K341 -> 0 | F58: =E58 -> 0
C59: Social and behavioral sciences | D59: ='data-bat'!K328 -> 0 | E59: ='data-bat'!K342 -> 0 | F59: =E59 -> 0
C60: Library | D60: ='data-bat'!K329 -> 0 | E60: ='data-bat'!K343 -> 0 | F60: =E60 -> 0
C61: STEM | D61: ='data-bat'!K330 -> 0 | E61: ='data-bat'!K344 -> 0 | F61: =E61 -> 0
C62: Counseling and advising | D62: ='data-bat'!K331 -> 0 | E62: ='data-bat'!K345 -> 0 | F62: =E62 -> 0
D63: =SUM(D54:D62) -> 42
B66: Are you familiar with online homework / courseware systems such as Cengage (Aplia, MindTap, WebAssign), Expert TA, Knewton Alta, Macmillan (Launchpad, Sapling Learning), McGraw-Hill (Aleks, Connect, SmartBook), MyOpenMath, Pearson (Mastering Series, MyLab), Top Hat, Wiley, WileyPLUS, or XYZ Homework?
C68: I use one or more of these in my teaching | D68: ='data-bat'!S337 -> 0.47619048 | E68: =D68 -> 0.47619048
C69: These are used at my institution, but not in any of my courses | D69: ='data-bat'!S338 -> 0.21428571 | E69: =D69 -> 0.21428571
C70: I am aware of them, but they are not used at my institution | D70: ='data-bat'!S339 -> 0.095238095 | E70: =D70 -> 0.095238095
C71: I am not aware of them | D71: ='data-bat'!S340 -> 0.16666667 | E71: =D71 -> 0.16666667
C72: Unsure | D72: ='data-bat'!S341 -> 0.047619048 | E72: =D72 -> 0.047619048
B75: Which of the following systems have you used? (Please check all that apply.)
C76: Aleks McGraw | D76: ='data-bat'!T$323 -> 0 | E76: =D76/D$93 -> 0 | F76: =E76 -> 0
C77: Alta Knewton | D77: ='data-bat'!U$323 -> 0 | E77: =D77/D$93 -> 0 | F77: =E77 -> 0
C78: Aplia Cengage | D78: ='data-bat'!V$323 -> 2 | E78: =D78/D$93 -> 0.0065789474 | F78: =E78 -> 0.0065789474
C79: Connect McGraw-Hill | D79: ='data-bat'!W$323 -> 12 | E79: =D79/D$93 -> 0.039473684 | F79: =E79 -> 0.039473684
C80: Expert TA | D80: ='data-bat'!X$323 -> 1 | E80: =D80/D$93 -> 0.0032894737 | F80: =E80 -> 0.0032894737
C81: Launchpad Macmillan | D81: ='data-bat'!Y$323 -> 0 | E81: =D81/D$93 -> 0 | F81: =E81 -> 0
C82: Mastering Series Pearson | D82: ='data-bat'!Z$323 -> 1 | E82: =D82/D$93 -> 0.0032894737 | F82: =E82 -> 0.0032894737
C83: MindTap Cengage | D83: ='data-bat'!AA$323 -> 12 | E83: =D83/D$93 -> 0.039473684 | F83: =E83 -> 0.039473684
C84: MyLab Pearson | D84: ='data-bat'!AB$323 -> 11 | E84: =D84/D$93 -> 0.036184211 | F84: =E84 -> 0.036184211
C85: MyOpenMath | D85: ='data-bat'!AC$323 -> 0 | E85: =D85/D$93 -> 0 | F85: =E85 -> 0
C86: Sapling Learning Macmillan | D86: ='data-bat'!AD$323 -> 0 | E86: =D86/D$93 -> 0 | F86: =E86 -> 0
C87: SmartBook McGraw | D87: ='data-bat'!AE$323 -> 4 | E87: =D87/D$93 -> 0.013157895 | F87: =E87 -> 0.013157895
C88: Top Hat | D88: ='data-bat'!AF$323 -> 1 | E88: =D88/D$93 -> 0.0032894737 | F88: =E88 -> 0.0032894737
C89: WebAssign Cengage | D89: ='data-bat'!AG$323 -> 0 | E89: =D89/D$93 -> 0 | F89: =E89 -> 0
C90: WileyPLUS Wiley | D90: ='data-bat'!AH$323 -> 3 | E90: =D90/D$93 -> 0.0098684211 | F90: =E90 -> 0.0098684211
C91: XYZ Homework | D91: ='data-bat'!AI$323 -> 0 | E91: =D91/D$93 -> 0 | F91: =E91 -> 0
C92: Other | D92: ='data-bat'!AJ$323 -> 3 | E92: =D92/D$93 -> 0.0098684211 | F92: =E92 -> 0.0098684211
D93: ='data-bat'!AH334 -> 304
B95: Are you familiar with Inclusive Access (also known as digital direct or immediate access), where publishers such as Pearson, Cengage, McGraw Hill, or Wiley partner with companies such as Follett, Barnes & Noble, Vital Source, RedShelf, or Verba sell digital access to course materials to students on a subscription basis.
C96: I use Inclusive Access in my teaching | D96: ='data-bat'!AL337 -> 0.19047619 | E96: =D96 -> 0.19047619
C97: Inclusive Access is used at my institution, but not in any of my courses | D97: ='data-bat'!AL338 -> 0.14285714 | E97: =D97 -> 0.14285714
C98: I am aware of Inclusive Access, but it is not used at my institution | D98: ='data-bat'!AL339 -> 0.16666667 | E98: =D98 -> 0.16666667
C99: I am not aware of Inclusive Access | D99: ='data-bat'!AL340 -> 0.45238095 | E99: =D99 -> 0.45238095
C100: Unsure | D100: ='data-bat'!AL341 -> 0.047619048 | E100: =D100 -> 0.047619048
B103: Over the past two years, how many different courses have you taught? (unique courses, not course sections)
C104: 1 | D104: ='data-bat'!AM337 -> 0.14285714 | E104: =D104 -> 0.14285714
C105: 2 | D105: ='data-bat'!AM338 -> 0.23809524 | E105: =D105 -> 0.23809524
C106: 3 | D106: ='data-bat'!AM339 -> 0.16666667 | E106: =D106 -> 0.16666667
C107: 4 | D107: ='data-bat'!AM340 -> 0.16666667 | E107: =D107 -> 0.16666667
C108: 5 or more | D108: ='data-bat'!AM341 -> 0.28571429 | E108: =D108 -> 0.28571429
C109: 0 (I do not teach full courses) | D109: ='data-bat'!AM342 -> 0 | E109: =D109 -> 0
B112: Think of the highest enrollment course your discipline offers that you have taught within the past two years. Select one section from the most recent semester that you taught this course.
B114: Is this section:
C115: Face to Face | D115: ='data-bat'!AN337 -> 0.70731707 | E115: =D115 -> 0.70731707
C116: Fully Online | D116: ='data-bat'!AN338 -> 0.24390244 | E116: =D116 -> 0.24390244
C117: Hybrid | D117: ='data-bat'!AN339 -> 0.048780488 | E117: =D117 -> 0.048780488
B120: Please indicate the Course title & number for your highest enrollment course. (Optional. Your response will be confidential.)
B122: What types of course materials were required and/or recommended for this course section?
B123: Required items are those listed in the course syllabus as required for all students, either acquired on their own or provided to all students bundled in tuition or through a materials fee. Recommended items are those that are listed on the syllabus but are NOT required of students.
B124: For the purposes of this study, the term "textbook" applies to the primary content used in the course regardless of format - either print or digital.
C125: COUNTS | D125: Required | E125: Recommended | F125: Not required or recommended
C126: Textbook(s) (Print or digital) | D126: ='data-bat'!AP323 -> 36 | E126: ='data-bat'!AQ323 -> 5 | F126: ='data-bat'!AR323 -> 1
C127: Inclusive Access subscription | D127: ='data-bat'!AS323 -> 4 | E127: ='data-bat'!AT323 -> 5 | F127: ='data-bat'!AU323 -> 26
C128: Articles/Case studies | D128: ='data-bat'!AV323 -> 6 | E128: ='data-bat'!AW323 -> 8 | F128: ='data-bat'!AX323 -> 23
C129: Online homework system | D129: ='data-bat'!AY323 -> 22 | E129: ='data-bat'!AZ323 -> 7 | F129: ='data-bat'!BA323 -> 9
...

Sheet CEPS
C1: Continuing education and public services | D1: ='data-ceps'!K332 -> 6 | E1: respondents
B5: In order to help us understand your instructional style, please use the sliders below to indicate where your instructional tendencies and preferences fall on these dimensions.
I7: Preference for lecture to deliver content
D8: Min | E8: Max | F8: Mean | G8: Median | I8: 0%-19% | J8: ='data-ceps'!B315 -> 0.66666667 | K8: =J8 -> 0.66666667
C9: Preference for lecture to deliver content (select numbers closer to 0) | D9: ='data-ceps'!B413 -> 15 | E9: ='data-ceps'!B414 -> 36 | F9: ='data-ceps'!B415 -> 22.666667 | G9: ='data-ceps'!B416 -> 17 | I9: 20%-39% | J9: ='data-ceps'!B316 -> 0.33333333 | K9: =J9 -> 0.33333333
C10: Preference for facilitated exploration of content (select numbers closer to 100) | I10: 40%-59% | J10: ='data-ceps'!B317 -> 0 | K10: =J10 -> 0
I11: 60%-79% | J11: ='data-ceps'!B318 -> 0 | K11: =J11 -> 0
I12: 80%-100% | J12: ='data-ceps'!B319 -> 0 | K12: =J12 -> 0
I13: Preference for facilitated exploration of content
D16: Min | E16: Max | F16: Mean | G16: Median | I16: Prefer print materials
C17: Prefer print materials (select numbers closer to 0) | D17: ='data-ceps'!C413 -> 18 | E17: ='data-ceps'!C414 -> 50 | F17: ='data-ceps'!C415 -> 35 | G17: ='data-ceps'!C416 -> 36 | I17: 0%-19% | J17: ='data-ceps'!C315 -> 0.25 | K17: =J17 -> 0.25
C18: Prefer digital materials (select numbers closer to 100) | I18: 20%-39% | J18: ='data-ceps'!C316 -> 0.5 | K18: =J18 -> 0.5
I19: 40%-59% | J19: ='data-ceps'!C317 -> 0.25 | K19: =J19 -> 0.25
I20: 60%-79% | J20: ='data-ceps'!C318 -> 0 | K20: =J20 -> 0
I21: 80%-100% | J21: ='data-ceps'!C319 -> 0 | K21: =J21 -> 0
I22: Prefer digital materials
B26: Please let us know if you agree or disagree with the following.
D27: Strongly agree | E27: Agree | F27: Somewhat agree | G27: Neither | H27: Somewhat disagree | I27: Disagree | J27: Strongly disagree
C28: My students prefer print materials over digital | D28: ='data-ceps'!D$337 -> 0.16666667 | E28: ='data-ceps'!D$338 -> 0.33333333 | F28: ='data-ceps'!D$339 -> 0.33333333 | G28: ='data-ceps'!D$340 -> 0.16666667 | H28: ='data-ceps'!D$341 -> 0 | I28: ='data-ceps'!D$342 -> 0 | J28: ='data-ceps'!D$343 -> 0
C29: The cost of the course materials is a serious problem for my students | D29: ='data-ceps'!E$337 -> 0.33333333 | E29: ='data-ceps'!E$338 -> 0.33333333 | F29: ='data-ceps'!E$339 -> 0.16666667 | G29: ='data-ceps'!E$340 -> 0.16666667 | H29: ='data-ceps'!E$341 -> 0 | I29: ='data-ceps'!E$342 -> 0 | J29: ='data-ceps'!E$343 -> 0
C30: There is a lack of high-quality course materials for the courses I teach | D30: ='data-ceps'!F$337 -> 0 | E30: ='data-ceps'!F$338 -> 0 | F30: ='data-ceps'!F$339 -> 0.16666667 | G30: ='data-ceps'!F$340 -> 0.16666667 | H30: ='data-ceps'!F$341 -> 0.16666667 | I30: ='data-ceps'!F$342 -> 0.5 | J30: ='data-ceps'!F$343 -> 0
C31: The use of electronic devices in class by students is a distraction from learning | D31: ='data-ceps'!G$337 -> 0 | E31: ='data-ceps'!G$338 -> 0.16666667 | F31: ='data-ceps'!G$339 -> 0.33333333 | G31: ='data-ceps'!G$340 -> 0.16666667 | H31: ='data-ceps'!G$341 -> 0.16666667 | I31: ='data-ceps'!G$342 -> 0.16666667 | J31: ='data-ceps'!G$343 -> 0
B34: Tenure | C34: N/A | D34: ='data-ceps'!H337 -> 0.33333333 | E34: =D34 -> 0.33333333
C35: Tenured | D35: ='data-ceps'!H338 -> 0 | E35: =D35 -> 0
C36: Tenure track, not tenured | D36: ='data-ceps'!H339 -> 0 | E36: =D36 -> 0
C37: Not tenure track | D37: ='data-ceps'!H340 -> 0.66666667 | E37: =D37 -> 0.66666667
D38: =SUM(D34:D37) -> 1
B40: Number of years teaching
C41: 0 to 5 | D41: ='data-ceps'!I337 -> 0 | E41: =D41 -> 0
C42: 6 to 10 | D42: ='data-ceps'!I338 -> 0.16666667 | E42: =D42 -> 0.16666667
C43: 11 to 15 | D43: ='data-ceps'!I339 -> 0.66666667 | E43: =D43 -> 0.66666667
C44: 16 to 20 | D44: ='data-ceps'!I340 -> 0.16666667 | E44: =D44 -> 0.16666667
C45: 21 to 25 | D45: ='data-ceps'!I341 -> 0 | E45: =D45 -> 0
C46: 26+ | D46: ='data-ceps'!I342 -> 0 | E46: =D46 -> 0
B48: Teaching status
C49: Part time | D49: ='data-ceps'!J337 -> 1 | E49: =D49 -> 1
C50: Full time | D50: ='data-ceps'!J338 -> 0 | E50: =D50 -> 0
B53: Division | D53: Count | E53: Percent
C54: Arts, communications, hospitality | D54: ='data-ceps'!K323 -> 0 | E54: ='data-ceps'!K337 -> 0 | F54: =E54 -> 0
C55: Business and applied technology | D55: ='data-ceps'!K324 -> 0 | E55: ='data-ceps'!K338 -> 0 | F55: =E55 -> 0
C56: Continuing education and public services | D56: ='data-ceps'!K325 -> 6 | E56: ='data-ceps'!K339 -> 1 | F56: =E56 -> 1
C57: Liberal arts | D57: ='data-ceps'!K326 -> 0 | E57: ='data-ceps'!K340 -> 0 | F57: =E57 -> 0
C58: Health sciences | D58: ='data-ceps'!K327 -> 0 | E58: ='data-ceps'!K341 -> 0 | F58: =E58 -> 0
C59: Social and behavioral sciences | D59: ='data-ceps'!K328 -> 0 | E59: ='data-ceps'!K342 -> 0 | F59: =E59 -> 0
C60: Library | D60: ='data-ceps'!K329 -> 0 | E60: ='data-ceps'!K343 -> 0 | F60: =E60 -> 0
C61: STEM | D61: ='data-ceps'!K330 -> 0 | E61: ='data-ceps'!K344 -> 0 | F61: =E61 -> 0
C62: Counseling and advising | D62: ='data-ceps'!K331 -> 0 | E62: ='data-ceps'!K345 -> 0 | F62: =E62 -> 0
D63: =SUM(D54:D62) -> 6
B66: Are you familiar with online homework / courseware systems such as Cengage (Aplia, MindTap, WebAssign), Expert TA, Knewton Alta, Macmillan (Launchpad, Sapling Learning), McGraw-Hill (Aleks, Connect, SmartBook), MyOpenMath, Pearson (Mastering Series, MyLab), Top Hat, Wiley, WileyPLUS, or XYZ Homework?
C68: I use one or more of these in my teaching | D68: ='data-ceps'!S337 -> 0 | E68: =D68 -> 0
C69: These are used at my institution, but not in any of my courses | D69: ='data-ceps'!S338 -> 0.4 | E69: =D69 -> 0.4
C70: I am aware of them, but they are not used at my institution | D70: ='data-ceps'!S339 -> 0 | E70: =D70 -> 0
C71: I am not aware of them | D71: ='data-ceps'!S340 -> 0.6 | E71: =D71 -> 0.6
C72: Unsure | D72: ='data-ceps'!S341 -> 0 | E72: =D72 -> 0
B75: Which of the following systems have you used? (Please check all that apply.)
C76: Aleks McGraw | D76: ='data-ceps'!T$323 -> 0 | E76: =D76/D$93 -> 0 | F76: =E76 -> 0
C77: Alta Knewton | D77: ='data-ceps'!U$323 -> 0 | E77: =D77/D$93 -> 0 | F77: =E77 -> 0
C78: Aplia Cengage | D78: ='data-ceps'!V$323 -> 0 | E78: =D78/D$93 -> 0 | F78: =E78 -> 0
C79: Connect McGraw-Hill | D79: ='data-ceps'!W$323 -> 0 | E79: =D79/D$93 -> 0 | F79: =E79 -> 0
C80: Expert TA | D80: ='data-ceps'!X$323 -> 0 | E80: =D80/D$93 -> 0 | F80: =E80 -> 0
C81: Launchpad Macmillan | D81: ='data-ceps'!Y$323 -> 0 | E81: =D81/D$93 -> 0 | F81: =E81 -> 0
C82: Mastering Series Pearson | D82: ='data-ceps'!Z$323 -> 0 | E82: =D82/D$93 -> 0 | F82: =E82 -> 0
C83: MindTap Cengage | D83: ='data-ceps'!AA$323 -> 0 | E83: =D83/D$93 -> 0 | F83: =E83 -> 0
C84: MyLab Pearson | D84: ='data-ceps'!AB$323 -> 0 | E84: =D84/D$93 -> 0 | F84: =E84 -> 0
C85: MyOpenMath | D85: ='data-ceps'!AC$323 -> 0 | E85: =D85/D$93 -> 0 | F85: =E85 -> 0
C86: Sapling Learning Macmillan | D86: ='data-ceps'!AD$323 -> 0 | E86: =D86/D$93 -> 0 | F86: =E86 -> 0
C87: SmartBook McGraw | D87: ='data-ceps'!AE$323 -> 0 | E87: =D87/D$93 -> 0 | F87: =E87 -> 0
C88: Top Hat | D88: ='data-ceps'!AF$323 -> 0 | E88: =D88/D$93 -> 0 | F88: =E88 -> 0
C89: WebAssign Cengage | D89: ='data-ceps'!AG$323 -> 0 | E89: =D89/D$93 -> 0 | F89: =E89 -> 0
C90: WileyPLUS Wiley | D90: ='data-ceps'!AH$323 -> 0 | E90: =D90/D$93 -> 0 | F90: =E90 -> 0
C91: XYZ Homework | D91: ='data-ceps'!AI$323 -> 0 | E91: =D91/D$93 -> 0 | F91: =E91 -> 0
C92: Other | D92: ='data-ceps'!AJ$323 -> 0 | E92: =D92/D$93 -> 0 | F92: =E92 -> 0
D93: ='data-ceps'!AH334 -> 304
B95: Are you familiar with Inclusive Access (also known as digital direct or immediate access), where publishers such as Pearson, Cengage, McGraw Hill, or Wiley partner with companies such as Follett, Barnes & Noble, Vital Source, RedShelf, or Verba sell digital access to course materials to students on a subscription basis.
C96: I use Inclusive Access in my teaching | D96: ='data-ceps'!AL337 -> 0 | E96: =D96 -> 0
C97: Inclusive Access is used at my institution, but not in any of my courses | D97: ='data-ceps'!AL338 -> 0 | E97: =D97 -> 0
C98: I am aware of Inclusive Access, but it is not used at my institution | D98: ='data-ceps'!AL339 -> 0.33333333 | E98: =D98 -> 0.33333333
C99: I am not aware of Inclusive Access | D99: ='data-ceps'!AL340 -> 0.66666667 | E99: =D99 -> 0.66666667
C100: Unsure | D100: ='data-ceps'!AL341 -> 0 | E100: =D100 -> 0
B103: Over the past two years, how many different courses have you taught? (unique courses, not course sections)
C104: 1 | D104: ='data-ceps'!AM337 -> 0.16666667 | E104: =D104 -> 0.16666667
C105: 2 | D105: ='data-ceps'!AM338 -> 0.33333333 | E105: =D105 -> 0.33333333
C106: 3 | D106: ='data-ceps'!AM339 -> 0.16666667 | E106: =D106 -> 0.16666667
C107: 4 | D107: ='data-ceps'!AM340 -> 0 | E107: =D107 -> 0
C108: 5 or more | D108: ='data-ceps'!AM341 -> 0.33333333 | E108: =D108 -> 0.33333333
C109: 0 (I do not teach full courses) | D109: ='data-ceps'!AM342 -> 0 | E109: =D109 -> 0
B112: Think of the highest enrollment course your discipline offers that you have taught within the past two years. Select one section from the most recent semester that you taught this course.
B114: Is this section:
C115: Face to Face | D115: ='data-ceps'!AN337 -> 0.83333333 | E115: =D115 -> 0.83333333
C116: Fully Online | D116: ='data-ceps'!AN338 -> 0.16666667 | E116: =D116 -> 0.16666667
C117: Hybrid | D117: ='data-ceps'!AN339 -> 0 | E117: =D117 -> 0
B120: Please indicate the Course title & number for your highest enrollment course. (Optional. Your response will be confidential.)
B122: What types of course materials were required and/or recommended for this course section?
B123: Required items are those listed in the course syllabus as required for all students, either acquired on their own or provided to all students bundled in tuition or through a materials fee. Recommended items are those that are listed on the syllabus but are NOT required of students.
B124: For the purposes of this study, the term "textbook" applies to the primary content used in the course regardless of format - either print or digital.
C125: COUNTS | D125: Required | E125: Recommended | F125: Not required or recommended
C126: Textbook(s) (Print or digital) | D126: ='data-ceps'!AP323 -> 6 | E126: ='data-ceps'!AQ323 -> 0 | F126: ='data-ceps'!AR323 -> 0
C127: Inclusive Access subscription | D127: ='data-ceps'!AS323 -> 0 | E127: ='data-ceps'!AT323 -> 0 | F127: ='data-ceps'!AU323 -> 3
C128: Articles/Case studies | D128: ='data-ceps'!AV323 -> 0 | E128: ='data-ceps'!AW323 -> 0 | F128: ='data-ceps'!AX323 -> 3
C129: Online homework system | D129: ='data-ceps'!AY323 -> 1 | E129: ='data-ceps'!AZ323 -> 1 | F129: ='data-ceps'!BA323 -> 1
...

Sheet LA
C1: Liberal arts | D1: ='data-la'!K332 -> 74 | E1: respondents
B5: In order to help us understand your instructional style, please use the sliders below to indicate where your instructional tendencies and preferences fall on these dimensions.
I7: Preference for lecture to deliver content
D8: Min | E8: Max | F8: Mean | G8: Median | I8: 0%-19% | J8: ='data-la'!B315 -> 0.015625 | K8: =J8 -> 0.015625
C9: Preference for lecture to deliver content (select numbers closer to 0) | D9: ='data-la'!B413 -> 17 | E9: ='data-la'!B414 -> 100 | F9: ='data-la'!B415 -> 70.3125 | G9: ='data-la'!B416 -> 75.5 | I9: 20%-39% | J9: ='data-la'!B316 -> 0.09375 | K9: =J9 -> 0.09375
C10: Preference for facilitated exploration of content (select numbers closer to 100) | I10: 40%-59% | J10: ='data-la'!B317 -> 0.140625 | K10: =J10 -> 0.140625
I11: 60%-79% | J11: ='data-la'!B318 -> 0.3125 | K11: =J11 -> 0.3125
I12: 80%-100% | J12: ='data-la'!B319 -> 0.4375 | K12: =J12 -> 0.4375
I13: Preference for facilitated exploration of content
D16: Min | E16: Max | F16: Mean | G16: Median | I16: Prefer print materials
C17: Prefer print materials (select numbers closer to 0) | D17: ='data-la'!C413 -> 0 | E17: ='data-la'!C414 -> 100 | F17: ='data-la'!C415 -> 50.491525 | G17: ='data-la'!C416 -> 50 | I17: 0%-19% | J17: ='data-la'!C315 -> 0.15254237 | K17: =J17 -> 0.15254237
C18: Prefer digital materials (select numbers closer to 100) | I18: 20%-39% | J18: ='data-la'!C316 -> 0.27118644 | K18: =J18 -> 0.27118644
I19: 40%-59% | J19: ='data-la'!C317 -> 0.15254237 | K19: =J19 -> 0.15254237
I20: 60%-79% | J20: ='data-la'!C318 -> 0.22033898 | K20: =J20 -> 0.22033898
I21: 80%-100% | J21: ='data-la'!C319 -> 0.20338983 | K21: =J21 -> 0.20338983
I22: Prefer digital materials
B26: Please let us know if you agree or disagree with the following.
D27: Strongly agree | E27: Agree | F27: Somewhat agree | G27: Neither | H27: Somewhat disagree | I27: Disagree | J27: Strongly disagree
C28: My students prefer print materials over digital | D28: ='data-la'!D$337 -> 0.027027027 | E28: ='data-la'!D$338 -> 0.21621622 | F28: ='data-la'!D$339 -> 0.27027027 | G28: ='data-la'!D$340 -> 0.22972973 | H28: ='data-la'!D$341 -> 0.067567568 | I28: ='data-la'!D$342 -> 0.16216216 | J28: ='data-la'!D$343 -> 0.027027027
C29: The cost of the course materials is a serious problem for my students | D29: ='data-la'!E$337 -> 0.39189189 | E29: ='data-la'!E$338 -> 0.28378378 | F29: ='data-la'!E$339 -> 0.12162162 | G29: ='data-la'!E$340 -> 0.10810811 | H29: ='data-la'!E$341 -> 0.027027027 | I29: ='data-la'!E$342 -> 0.040540541 | J29: ='data-la'!E$343 -> 0.027027027
C30: There is a lack of high-quality course materials for the courses I teach | D30: ='data-la'!F$337 -> 0.067567568 | E30: ='data-la'!F$338 -> 0.13513514 | F30: ='data-la'!F$339 -> 0.13513514 | G30: ='data-la'!F$340 -> 0.18918919 | H30: ='data-la'!F$341 -> 0.12162162 | I30: ='data-la'!F$342 -> 0.17567568 | J30: ='data-la'!F$343 -> 0.17567568
C31: The use of electronic devices in class by students is a distraction from learning | D31: ='data-la'!G$337 -> 0.16216216 | E31: ='data-la'!G$338 -> 0.16216216 | F31: ='data-la'!G$339 -> 0.24324324 | G31: ='data-la'!G$340 -> 0.10810811 | H31: ='data-la'!G$341 -> 0.094594595 | I31: ='data-la'!G$342 -> 0.16216216 | J31: ='data-la'!G$343 -> 0.067567568
B34: Tenure | C34: N/A | D34: ='data-la'!H337 -> 0.15068493 | E34: =D34 -> 0.15068493
C35: Tenured | D35: ='data-la'!H338 -> 0.26027397 | E35: =D35 -> 0.26027397
C36: Tenure track, not tenured | D36: ='data-la'!H339 -> 0.054794521 | E36: =D36 -> 0.054794521
C37: Not tenure track | D37: ='data-la'!H340 -> 0.53424658 | E37: =D37 -> 0.53424658
D38: =SUM(D34:D37) -> 1
B40: Number of years teaching
C41: 0 to 5 | D41: ='data-la'!I337 -> 0.094594595 | E41: =D41 -> 0.094594595
C42: 6 to 10 | D42: ='data-la'!I338 -> 0.17567568 | E42: =D42 -> 0.17567568
C43: 11 to 15 | D43: ='data-la'!I339 -> 0.21621622 | E43: =D43 -> 0.21621622
C44: 16 to 20 | D44: ='data-la'!I340 -> 0.14864865 | E44: =D44 -> 0.14864865
C45: 21 to 25 | D45: ='data-la'!I341 -> 0.094594595 | E45: =D45 -> 0.094594595
C46: 26+ | D46: ='data-la'!I342 -> 0.27027027 | E46: =D46 -> 0.27027027
B48: Teaching status
C49: Part time | D49: ='data-la'!J337 -> 0.65753425 | E49: =D49 -> 0.65753425
C50: Full time | D50: ='data-la'!J338 -> 0.34246575 | E50: =D50 -> 0.34246575
B53: Division | D53: Count | E53: Percent
C54: Arts, communications, hospitality | D54: ='data-la'!K323 -> 0 | E54: ='data-la'!K337 -> 0 | F54: =E54 -> 0
C55: Business and applied technology | D55: ='data-la'!K324 -> 0 | E55: ='data-la'!K338 -> 0 | F55: =E55 -> 0
C56: Continuing education and public services | D56: ='data-la'!K325 -> 0 | E56: ='data-la'!K339 -> 0 | F56: =E56 -> 0
C57: Liberal arts | D57: ='data-la'!K326 -> 74 | E57: ='data-la'!K340 -> 1 | F57: =E57 -> 1
C58: Health sciences | D58: ='data-la'!K327 -> 0 | E58: ='data-la'!K341 -> 0 | F58: =E58 -> 0
C59: Social and behavioral sciences | D59: ='data-la'!K328 -> 0 | E59: ='data-la'!K342 -> 0 | F59: =E59 -> 0
C60: Library | D60: ='data-la'!K329 -> 0 | E60: ='data-la'!K343 -> 0 | F60: =E60 -> 0
C61: STEM | D61: ='data-la'!K330 -> 0 | E61: ='data-la'!K344 -> 0 | F61: =E61 -> 0
C62: Counseling and advising | D62: ='data-la'!K331 -> 0 | E62: ='data-la'!K345 -> 0 | F62: =E62 -> 0
D63: =SUM(D54:D62) -> 74
B66: Are you familiar with online homework / courseware systems such as Cengage (Aplia, MindTap, WebAssign), Expert TA, Knewton Alta, Macmillan (Launchpad, Sapling Learning), McGraw-Hill (Aleks, Connect, SmartBook), MyOpenMath, Pearson (Mastering Series, MyLab), Top Hat, Wiley, WileyPLUS, or XYZ Homework?
C68: I use one or more of these in my teaching | D68: ='data-la'!S337 -> 0.22972973 | E68: =D68 -> 0.22972973
C69: These are used at my institution, but not in any of my courses | D69: ='data-la'!S338 -> 0.43243243 | E69: =D69 -> 0.43243243
C70: I am aware of them, but they are not used at my institution | D70: ='data-la'!S339 -> 0.13513514 | E70: =D70 -> 0.13513514
C71: I am not aware of them | D71: ='data-la'!S340 -> 0.14864865 | E71: =D71 -> 0.14864865
C72: Unsure | D72: ='data-la'!S341 -> 0.054054054 | E72: =D72 -> 0.054054054
B75: Which of the following systems have you used? (Please check all that apply.)
C76: Aleks McGraw | D76: ='data-la'!T$323 -> 1 | E76: =D76/D$93 -> 0.0032894737 | F76: =E76 -> 0.0032894737
C77: Alta Knewton | D77: ='data-la'!U$323 -> 0 | E77: =D77/D$93 -> 0 | F77: =E77 -> 0
C78: Aplia Cengage | D78: ='data-la'!V$323 -> 2 | E78: =D78/D$93 -> 0.0065789474 | F78: =E78 -> 0.0065789474
C79: Connect McGraw-Hill | D79: ='data-la'!W$323 -> 11 | E79: =D79/D$93 -> 0.036184211 | F79: =E79 -> 0.036184211
C80: Expert TA | D80: ='data-la'!X$323 -> 0 | E80: =D80/D$93 -> 0 | F80: =E80 -> 0
C81: Launchpad Macmillan | D81: ='data-la'!Y$323 -> 1 | E81: =D81/D$93 -> 0.0032894737 | F81: =E81 -> 0.0032894737
C82: Mastering Series Pearson | D82: ='data-la'!Z$323 -> 0 | E82: =D82/D$93 -> 0 | F82: =E82 -> 0
C83: MindTap Cengage | D83: ='data-la'!AA$323 -> 6 | E83: =D83/D$93 -> 0.019736842 | F83: =E83 -> 0.019736842
C84: MyLab Pearson | D84: ='data-la'!AB$323 -> 12 | E84: =D84/D$93 -> 0.039473684 | F84: =E84 -> 0.039473684
C85: MyOpenMath | D85: ='data-la'!AC$323 -> 0 | E85: =D85/D$93 -> 0 | F85: =E85 -> 0
C86: Sapling Learning Macmillan | D86: ='data-la'!AD$323 -> 0 | E86: =D86/D$93 -> 0 | F86: =E86 -> 0
C87: SmartBook McGraw | D87: ='data-la'!AE$323 -> 2 | E87: =D87/D$93 -> 0.0065789474 | F87: =E87 -> 0.0065789474
C88: Top Hat | D88: ='data-la'!AF$323 -> 0 | E88: =D88/D$93 -> 0 | F88: =E88 -> 0
C89: WebAssign Cengage | D89: ='data-la'!AG$323 -> 4 | E89: =D89/D$93 -> 0.013157895 | F89: =E89 -> 0.013157895
C90: WileyPLUS Wiley | D90: ='data-la'!AH$323 -> 3 | E90: =D90/D$93 -> 0.0098684211 | F90: =E90 -> 0.0098684211
C91: XYZ Homework | D91: ='data-la'!AI$323 -> 0 | E91: =D91/D$93 -> 0 | F91: =E91 -> 0
C92: Other | D92: ='data-la'!AJ$323 -> 5 | E92: =D92/D$93 -> 0.016447368 | F92: =E92 -> 0.016447368
D93: ='data-la'!AH334 -> 304
B95: Are you familiar with Inclusive Access (also known as digital direct or immediate access), where publishers such as Pearson, Cengage, McGraw Hill, or Wiley partner with companies such as Follett, Barnes & Noble, Vital Source, RedShelf, or Verba sell digital access to course materials to students on a subscription basis.
C96: I use Inclusive Access in my teaching | D96: ='data-la'!AL337 -> 0.081081081 | E96: =D96 -> 0.081081081
C97: Inclusive Access is used at my institution, but not in any of my courses | D97: ='data-la'!AL338 -> 0.27027027 | E97: =D97 -> 0.27027027
C98: I am aware of Inclusive Access, but it is not used at my institution | D98: ='data-la'!AL339 -> 0.14864865 | E98: =D98 -> 0.14864865
C99: I am not aware of Inclusive Access | D99: ='data-la'!AL340 -> 0.40540541 | E99: =D99 -> 0.40540541
C100: Unsure | D100: ='data-la'!AL341 -> 0.094594595 | E100: =D100 -> 0.094594595
B103: Over the past two years, how many different courses have you taught? (unique courses, not course sections)
C104: 1 | D104: ='data-la'!AM337 -> 0.094594595 | E104: =D104 -> 0.094594595
C105: 2 | D105: ='data-la'!AM338 -> 0.18918919 | E105: =D105 -> 0.18918919
C106: 3 | D106: ='data-la'!AM339 -> 0.17567568 | E106: =D106 -> 0.17567568
C107: 4 | D107: ='data-la'!AM340 -> 0.13513514 | E107: =D107 -> 0.13513514
C108: 5 or more | D108: ='data-la'!AM341 -> 0.40540541 | E108: =D108 -> 0.40540541
C109: 0 (I do not teach full courses) | D109: ='data-la'!AM342 -> 0 | E109: =D109 -> 0
B112: Think of the highest enrollment course your discipline offers that you have taught within the past two years. Select one section from the most recent semester that you taught this course.
B114: Is this section:
C115: Face to Face | D115: ='data-la'!AN337 -> 0.83561644 | E115: =D115 -> 0.83561644
C116: Fully Online | D116: ='data-la'!AN338 -> 0.12328767 | E116: =D116 -> 0.12328767
C117: Hybrid | D117: ='data-la'!AN339 -> 0.04109589 | E117: =D117 -> 0.04109589
B120: Please indicate the Course title & number for your highest enrollment course. (Optional. Your response will be confidential.)
B122: What types of course materials were required and/or recommended for this course section?
B123: Required items are those listed in the course syllabus as required for all students, either acquired on their own or provided to all students bundled in tuition or through a materials fee. Recommended items are those that are listed on the syllabus but are NOT required of students.
B124: For the purposes of this study, the term "textbook" applies to the primary content used in the course regardless of format - either print or digital.
C125: COUNTS | D125: Required | E125: Recommended | F125: Not required or recommended
C126: Textbook(s) (Print or digital) | D126: ='data-la'!AP323 -> 58 | E126: ='data-la'!AQ323 -> 8 | F126: ='data-la'!AR323 -> 7
C127: Inclusive Access subscription | D127: ='data-la'!AS323 -> 6 | E127: ='data-la'!AT323 -> 1 | F127: ='data-la'!AU323 -> 58
C128: Articles/Case studies | D128: ='data-la'!AV323 -> 27 | E128: ='data-la'!AW323 -> 10 | F128: ='data-la'!AX323 -> 27
C129: Online homework system | D129: ='data-la'!AY323 -> 31 | E129: ='data-la'!AZ323 -> 5 | F129: ='data-la'!BA323 -> 29
...

Sheet NHS
C1: Health sciences | D1: ='data-nhs'!K332 -> 27 | E1: respondents
B5: In order to help us understand your instructional style, please use the sliders below to indicate where your instructional tendencies and preferences fall on these dimensions.
I7: Preference for lecture to deliver content
D8: Min | E8: Max | F8: Mean | G8: Median | I8: 0%-19% | J8: ='data-nhs'!B315 -> 0.047619048 | K8: =J8 -> 0.047619048
C9: Preference for lecture to deliver content (select numbers closer to 0) | D9: ='data-nhs'!B413 -> 0 | E9: ='data-nhs'!B414 -> 100 | F9: ='data-nhs'!B415 -> 54.571429 | G9: ='data-nhs'!B416 -> 50 | I9: 20%-39% | J9: ='data-nhs'!B316 -> 0.28571429 | K9: =J9 -> 0.28571429
C10: Preference for facilitated exploration of content (select numbers closer to 100) | I10: 40%-59% | J10: ='data-nhs'!B317 -> 0.19047619 | K10: =J10 -> 0.19047619
I11: 60%-79% | J11: ='data-nhs'!B318 -> 0.23809524 | K11: =J11 -> 0.23809524
I12: 80%-100% | J12: ='data-nhs'!B319 -> 0.23809524 | K12: =J12 -> 0.23809524
I13: Preference for facilitated exploration of content
D16: Min | E16: Max | F16: Mean | G16: Median | I16: Prefer print materials
C17: Prefer print materials (select numbers closer to 0) | D17: ='data-nhs'!C413 -> 0 | E17: ='data-nhs'!C414 -> 100 | F17: ='data-nhs'!C415 -> 58.038462 | G17: ='data-nhs'!C416 -> 69.5 | I17: 0%-19% | J17: ='data-nhs'!C315 -> 0.11538462 | K17: =J17 -> 0.11538462
C18: Prefer digital materials (select numbers closer to 100) | I18: 20%-39% | J18: ='data-nhs'!C316 -> 0.23076923 | K18: =J18 -> 0.23076923
I19: 40%-59% | J19: ='data-nhs'!C317 -> 0.11538462 | K19: =J19 -> 0.11538462
I20: 60%-79% | J20: ='data-nhs'!C318 -> 0.26923077 | K20: =J20 -> 0.26923077
I21: 80%-100% | J21: ='data-nhs'!C319 -> 0.26923077 | K21: =J21 -> 0.26923077
I22: Prefer digital materials
B26: Please let us know if you agree or disagree with the following.
D27: Strongly agree | E27: Agree | F27: Somewhat agree | G27: Neither | H27: Somewhat disagree | I27: Disagree | J27: Strongly disagree
C28: My students prefer print materials over digital | D28: ='data-nhs'!D$337 -> 0 | E28: ='data-nhs'!D$338 -> 0.14814815 | F28: ='data-nhs'!D$339 -> 0.22222222 | G28: ='data-nhs'!D$340 -> 0.37037037 | H28: ='data-nhs'!D$341 -> 0.14814815 | I28: ='data-nhs'!D$342 -> 0.11111111 | J28: ='data-nhs'!D$343 -> 0
C29: The cost of the course materials is a serious problem for my students | D29: ='data-nhs'!E$337 -> 0.14814815 | E29: ='data-nhs'!E$338 -> 0.22222222 | F29: ='data-nhs'!E$339 -> 0.22222222 | G29: ='data-nhs'!E$340 -> 0.22222222 | H29: ='data-nhs'!E$341 -> 0.074074074 | I29: ='data-nhs'!E$342 -> 0.11111111 | J29: ='data-nhs'!E$343 -> 0
C30: There is a lack of high-quality course materials for the courses I teach | D30: ='data-nhs'!F$337 -> 0.11111111 | E30: ='data-nhs'!F$338 -> 0.037037037 | F30: ='data-nhs'!F$339 -> 0.14814815 | G30: ='data-nhs'!F$340 -> 0.074074074 | H30: ='data-nhs'!F$341 -> 0.074074074 | I30: ='data-nhs'!F$342 -> 0.2962963 | J30: ='data-nhs'!F$343 -> 0.25925926
C31: The use of electronic devices in class by students is a distraction from learning | D31: ='data-nhs'!G$337 -> 0.074074074 | E31: ='data-nhs'!G$338 -> 0.074074074 | F31: ='data-nhs'!G$339 -> 0.18518519 | G31: ='data-nhs'!G$340 -> 0.2962963 | H31: ='data-nhs'!G$341 -> 0.037037037 | I31: ='data-nhs'!G$342 -> 0.25925926 | J31: ='data-nhs'!G$343 -> 0.074074074
B34: Tenure | C34: N/A | D34: ='data-nhs'!H337 -> 0.11538462 | E34: =D34 -> 0.11538462
C35: Tenured | D35: ='data-nhs'!H338 -> 0.5 | E35: =D35 -> 0.5
C36: Tenure track, not tenured | D36: ='data-nhs'!H339 -> 0.076923077 | E36: =D36 -> 0.076923077
C37: Not tenure track | D37: ='data-nhs'!H340 -> 0.30769231 | E37: =D37 -> 0.30769231
D38: =SUM(D34:D37) -> 1
B40: Number of years teaching
C41: 0 to 5 | D41: ='data-nhs'!I337 -> 0.34615385 | E41: =D41 -> 0.34615385
C42: 6 to 10 | D42: ='data-nhs'!I338 -> 0.34615385 | E42: =D42 -> 0.34615385
C43: 11 to 15 | D43: ='data-nhs'!I339 -> 0.076923077 | E43: =D43 -> 0.076923077
C44: 16 to 20 | D44: ='data-nhs'!I340 -> 0.19230769 | E44: =D44 -> 0.19230769
C45: 21 to 25 | D45: ='data-nhs'!I341 -> 0.038461538 | E45: =D45 -> 0.038461538
C46: 26+ | D46: ='data-nhs'!I342 -> 0 | E46: =D46 -> 0
B48: Teaching status
C49: Part time | D49: ='data-nhs'!J337 -> 0.46153846 | E49: =D49 -> 0.46153846
C50: Full time | D50: ='data-nhs'!J338 -> 0.53846154 | E50: =D50 -> 0.53846154
B53: Division | D53: Count | E53: Percent
C54: Arts, communications, hospitality | D54: ='data-nhs'!K323 -> 0 | E54: ='data-nhs'!K337 -> 0 | F54: =E54 -> 0
C55: Business and applied technology | D55: ='data-nhs'!K324 -> 0 | E55: ='data-nhs'!K338 -> 0 | F55: =E55 -> 0
C56: Continuing education and public services | D56: ='data-nhs'!K325 -> 0 | E56: ='data-nhs'!K339 -> 0 | F56: =E56 -> 0
C57: Liberal arts | D57: ='data-nhs'!K326 -> 0 | E57: ='data-nhs'!K340 -> 0 | F57: =E57 -> 0
C58: Health sciences | D58: ='data-nhs'!K327 -> 27 | E58: ='data-nhs'!K341 -> 1 | F58: =E58 -> 1
C59: Social and behavioral sciences | D59: ='data-nhs'!K328 -> 0 | E59: ='data-nhs'!K342 -> 0 | F59: =E59 -> 0
C60: Library | D60: ='data-nhs'!K329 -> 0 | E60: ='data-nhs'!K343 -> 0 | F60: =E60 -> 0
C61: STEM | D61: ='data-nhs'!K330 -> 0 | E61: ='data-nhs'!K344 -> 0 | F61: =E61 -> 0
C62: Counseling and advising | D62: ='data-nhs'!K331 -> 0 | E62: ='data-nhs'!K345 -> 0 | F62: =E62 -> 0
D63: =SUM(D54:D62) -> 27
B66: Are you familiar with online homework / courseware systems such as Cengage (Aplia, MindTap, WebAssign), Expert TA, Knewton Alta, Macmillan (Launchpad, Sapling Learning), McGraw-Hill (Aleks, Connect, SmartBook), MyOpenMath, Pearson (Mastering Series, MyLab), Top Hat, Wiley, WileyPLUS, or XYZ Homework?
C68: I use one or more of these in my teaching | D68: ='data-nhs'!S337 -> 0.22222222 | E68: =D68 -> 0.22222222
C69: These are used at my institution, but not in any of my courses | D69: ='data-nhs'!S338 -> 0.18518519 | E69: =D69 -> 0.18518519
C70: I am aware of them, but they are not used at my institution | D70: ='data-nhs'!S339 -> 0.11111111 | E70: =D70 -> 0.11111111
C71: I am not aware of them | D71: ='data-nhs'!S340 -> 0.44444444 | E71: =D71 -> 0.44444444
C72: Unsure | D72: ='data-nhs'!S341 -> 0.037037037 | E72: =D72 -> 0.037037037
B75: Which of the following systems have you used? (Please check all that apply.)
C76: Aleks McGraw | D76: ='data-nhs'!T$323 -> 0 | E76: =D76/D$93 -> 0 | F76: =E76 -> 0
C77: Alta Knewton | D77: ='data-nhs'!U$323 -> 0 | E77: =D77/D$93 -> 0 | F77: =E77 -> 0
C78: Aplia Cengage | D78: ='data-nhs'!V$323 -> 0 | E78: =D78/D$93 -> 0 | F78: =E78 -> 0
C79: Connect McGraw-Hill | D79: ='data-nhs'!W$323 -> 2 | E79: =D79/D$93 -> 0.0065789474 | F79: =E79 -> 0.0065789474
C80: Expert TA | D80: ='data-nhs'!X$323 -> 0 | E80: =D80/D$93 -> 0 | F80: =E80 -> 0
C81: Launchpad Macmillan | D81: ='data-nhs'!Y$323 -> 0 | E81: =D81/D$93 -> 0 | F81: =E81 -> 0
C82: Mastering Series Pearson | D82: ='data-nhs'!Z$323 -> 2 | E82: =D82/D$93 -> 0.0065789474 | F82: =E82 -> 0.0065789474
C83: MindTap Cengage | D83: ='data-nhs'!AA$323 -> 1 | E83: =D83/D$93 -> 0.0032894737 | F83: =E83 -> 0.0032894737
C84: MyLab Pearson | D84: ='data-nhs'!AB$323 -> 2 | E84: =D84/D$93 -> 0.0065789474 | F84: =E84 -> 0.0065789474
C85: MyOpenMath | D85: ='data-nhs'!AC$323 -> 0 | E85: =D85/D$93 -> 0 | F85: =E85 -> 0
C86: Sapling Learning Macmillan | D86: ='data-nhs'!AD$323 -> 0 | E86: =D86/D$93 -> 0 | F86: =E86 -> 0
C87: SmartBook McGraw | D87: ='data-nhs'!AE$323 -> 2 | E87: =D87/D$93 -> 0.0065789474 | F87: =E87 -> 0.0065789474
C88: Top Hat | D88: ='data-nhs'!AF$323 -> 0 | E88: =D88/D$93 -> 0 | F88: =E88 -> 0
C89: WebAssign Cengage | D89: ='data-nhs'!AG$323 -> 0 | E89: =D89/D$93 -> 0 | F89: =E89 -> 0
C90: WileyPLUS Wiley | D90: ='data-nhs'!AH$323 -> 3 | E90: =D90/D$93 -> 0.0098684211 | F90: =E90 -> 0.0098684211
C91: XYZ Homework | D91: ='data-nhs'!AI$323 -> 0 | E91: =D91/D$93 -> 0 | F91: =E91 -> 0
C92: Other | D92: ='data-nhs'!AJ$323 -> 3 | E92: =D92/D$93 -> 0.0098684211 | F92: =E92 -> 0.0098684211
D93: ='data-nhs'!AH334 -> 304
B95: Are you familiar with Inclusive Access (also known as digital direct or immediate access), where publishers such as Pearson, Cengage, McGraw Hill, or Wiley partner with companies such as Follett, Barnes & Noble, Vital Source, RedShelf, or Verba sell digital access to course materials to students on a subscription basis.
C96: I use Inclusive Access in my teaching | D96: ='data-nhs'!AL337 -> 0.14814815 | E96: =D96 -> 0.14814815
C97: Inclusive Access is used at my institution, but not in any of my courses | D97: ='data-nhs'!AL338 -> 0.074074074 | E97: =D97 -> 0.074074074
C98: I am aware of Inclusive Access, but it is not used at my institution | D98: ='data-nhs'!AL339 -> 0.11111111 | E98: =D98 -> 0.11111111
C99: I am not aware of Inclusive Access | D99: ='data-nhs'!AL340 -> 0.59259259 | E99: =D99 -> 0.59259259
C100: Unsure | D100: ='data-nhs'!AL341 -> 0.074074074 | E100: =D100 -> 0.074074074
B103: Over the past two years, how many different courses have you taught? (unique courses, not course sections)
C104: 1 | D104: ='data-nhs'!AM337 -> 0.11111111 | E104: =D104 -> 0.11111111
C105: 2 | D105: ='data-nhs'!AM338 -> 0.18518519 | E105: =D105 -> 0.18518519
C106: 3 | D106: ='data-nhs'!AM339 -> 0.11111111 | E106: =D106 -> 0.11111111
C107: 4 | D107: ='data-nhs'!AM340 -> 0.22222222 | E107: =D107 -> 0.22222222
C108: 5 or more | D108: ='data-nhs'!AM341 -> 0.33333333 | E108: =D108 -> 0.33333333
C109: 0 (I do not teach full courses) | D109: ='data-nhs'!AM342 -> 0.037037037 | E109: =D109 -> 0.037037037
B112: Think of the highest enrollment course your discipline offers that you have taught within the past two years. Select one section from the most recent semester that you taught this course.
B114: Is this section:
C115: Face to Face | D115: ='data-nhs'!AN337 -> 0.7037037 | E115: =D115 -> 0.7037037
C116: Fully Online | D116: ='data-nhs'!AN338 -> 0.14814815 | E116: =D116 -> 0.14814815
C117: Hybrid | D117: ='data-nhs'!AN339 -> 0.14814815 | E117: =D117 -> 0.14814815
B120: Please indicate the Course title & number for your highest enrollment course. (Optional. Your response will be confidential.)
B122: What types of course materials were required and/or recommended for this course section?
B123: Required items are those listed in the course syllabus as required for all students, either acquired on their own or provided to all students bundled in tuition or through a materials fee. Recommended items are those that are listed on the syllabus but are NOT required of students.
B124: For the purposes of this study, the term "textbook" applies to the primary content used in the course regardless of format - either print or digital.
C125: COUNTS | D125: Required | E125: Recommended | F125: Not required or recommended
C126: Textbook(s) (Print or digital) | D126: ='data-nhs'!AP323 -> 26 | E126: ='data-nhs'!AQ323 -> 2 | F126: ='data-nhs'!AR323 -> 0
C127: Inclusive Access subscription | D127: ='data-nhs'!AS323 -> 7 | E127: ='data-nhs'!AT323 -> 1 | F127: ='data-nhs'!AU323 -> 19
C128: Articles/Case studies | D128: ='data-nhs'!AV323 -> 10 | E128: ='data-nhs'!AW323 -> 8 | F128: ='data-nhs'!AX323 -> 9
C129: Online homework system | D129: ='data-nhs'!AY323 -> 9 | E129: ='data-nhs'!AZ323 -> 6 | F129: ='data-nhs'!BA323 -> 12
...

Sheet STEM
C1: STEM | D1: ='data-stem'!K332 -> 65 | E1: respondents
B5: In order to help us understand your instructional style, please use the sliders below to indicate where your instructional tendencies and preferences fall on these dimensions.
I7: Preference for lecture to deliver content
D8: Min | E8: Max | F8: Mean | G8: Median | I8: 0%-19% | J8: ='data-stem'!B315 -> 0.21052632 | K8: =J8 -> 0.21052632
C9: Preference for lecture to deliver content (select numbers closer to 0) | D9: ='data-stem'!B413 -> 0 | E9: ='data-stem'!B414 -> 83 | F9: ='data-stem'!B415 -> 38.491228 | G9: ='data-stem'!B416 -> 35 | I9: 20%-39% | J9: ='data-stem'!B316 -> 0.33333333 | K9: =J9 -> 0.33333333
C10: Preference for facilitated exploration of content (select numbers closer to 100) | I10: 40%-59% | J10: ='data-stem'!B317 -> 0.21052632 | K10: =J10 -> 0.21052632
I11: 60%-79% | J11: ='data-stem'!B318 -> 0.22807018 | K11: =J11 -> 0.22807018
I12: 80%-100% | J12: ='data-stem'!B319 -> 0.01754386 | K12: =J12 -> 0.01754386
I13: Preference for facilitated exploration of content
D16: Min | E16: Max | F16: Mean | G16: Median | I16: Prefer print materials
C17: Prefer print materials (select numbers closer to 0) | D17: ='data-stem'!C413 -> 0 | E17: ='data-stem'!C414 -> 98 | F17: ='data-stem'!C415 -> 44.137255 | G17: ='data-stem'!C416 -> 44 | I17: 0%-19% | J17: ='data-stem'!C315 -> 0.29411765 | K17: =J17 -> 0.29411765
C18: Prefer digital materials (select numbers closer to 100) | I18: 20%-39% | J18: ='data-stem'!C316 -> 0.15686275 | K18: =J18 -> 0.15686275
I19: 40%-59% | J19: ='data-stem'!C317 -> 0.11764706 | K19: =J19 -> 0.11764706
I20: 60%-79% | J20: ='data-stem'!C318 -> 0.21568627 | K20: =J20 -> 0.21568627
I21: 80%-100% | J21: ='data-stem'!C319 -> 0.21568627 | K21: =J21 -> 0.21568627
I22: Prefer digital materials
B26: Please let us know if you agree or disagree with the following.
D27: Strongly agree | E27: Agree | F27: Somewhat agree | G27: Neither | H27: Somewhat disagree | I27: Disagree | J27: Strongly disagree
C28: My students prefer print materials over digital | D28: ='data-stem'!D$337 -> 0.031746032 | E28: ='data-stem'!D$338 -> 0.14285714 | F28: ='data-stem'!D$339 -> 0.19047619 | G28: ='data-stem'!D$340 -> 0.36507937 | H28: ='data-stem'!D$341 -> 0.14285714 | I28: ='data-stem'!D$342 -> 0.095238095 | J28: ='data-stem'!D$343 -> 0.031746032
C29: The cost of the course materials is a serious problem for my students | D29: ='data-stem'!E$337 -> 0.26153846 | E29: ='data-stem'!E$338 -> 0.27692308 | F29: ='data-stem'!E$339 -> 0.24615385 | G29: ='data-stem'!E$340 -> 0.076923077 | H29: ='data-stem'!E$341 -> 0.092307692 | I29: ='data-stem'!E$342 -> 0.015384615 | J29: ='data-stem'!E$343 -> 0.030769231
C30: There is a lack of high-quality course materials for the courses I teach | D30: ='data-stem'!F$337 -> 0.03125 | E30: ='data-stem'!F$338 -> 0.0625 | F30: ='data-stem'!F$339 -> 0.0625 | G30: ='data-stem'!F$340 -> 0.140625 | H30: ='data-stem'!F$341 -> 0.203125 | I30: ='data-stem'!F$342 -> 0.296875 | J30: ='data-stem'!F$343 -> 0.203125
C31: The use of electronic devices in class by students is a distraction from learning | D31: ='data-stem'!G$337 -> 0.203125 | E31: ='data-stem'!G$338 -> 0.078125 | F31: ='data-stem'!G$339 -> 0.28125 | G31: ='data-stem'!G$340 -> 0.203125 | H31: ='data-stem'!G$341 -> 0.09375 | I31: ='data-stem'!G$342 -> 0.140625 | J31: ='data-stem'!G$343 -> 0
B34: Tenure | C34: N/A | D34: ='data-stem'!H337 -> 0.171875 | E34: =D34 -> 0.171875
C35: Tenured | D35: ='data-stem'!H338 -> 0.390625 | E35: =D35 -> 0.390625
C36: Tenure track, not tenured | D36: ='data-stem'!H339 -> 0 | E36: =D36 -> 0
C37: Not tenure track | D37: ='data-stem'!H340 -> 0.4375 | E37: =D37 -> 0.4375
D38: =SUM(D34:D37) -> 1
B40: Number of years teaching
C41: 0 to 5 | D41: ='data-stem'!I337 -> 0.13846154 | E41: =D41 -> 0.13846154
C42: 6 to 10 | D42: ='data-stem'!I338 -> 0.21538462 | E42: =D42 -> 0.21538462
C43: 11 to 15 | D43: ='data-stem'!I339 -> 0.13846154 | E43: =D43 -> 0.13846154
C44: 16 to 20 | D44: ='data-stem'!I340 -> 0.16923077 | E44: =D44 -> 0.16923077
C45: 21 to 25 | D45: ='data-stem'!I341 -> 0.076923077 | E45: =D45 -> 0.076923077
C46: 26+ | D46: ='data-stem'!I342 -> 0.26153846 | E46: =D46 -> 0.26153846
B48: Teaching status
C49: Part time | D49: ='data-stem'!J337 -> 0.61538462 | E49: =D49 -> 0.61538462
C50: Full time | D50: ='data-stem'!J338 -> 0.38461538 | E50: =D50 -> 0.38461538
B53: Division | D53: Count | E53: Percent
C54: Arts, communications, hospitality | D54: ='data-stem'!K323 -> 0 | E54: ='data-stem'!K337 -> 0 | F54: =E54 -> 0
C55: Business and applied technology | D55: ='data-stem'!K324 -> 0 | E55: ='data-stem'!K338 -> 0 | F55: =E55 -> 0
C56: Continuing education and public services | D56: ='data-stem'!K325 -> 0 | E56: ='data-stem'!K339 -> 0 | F56: =E56 -> 0
C57: Liberal arts | D57: ='data-stem'!K326 -> 0 | E57: ='data-stem'!K340 -> 0 | F57: =E57 -> 0
C58: Health sciences | D58: ='data-stem'!K327 -> 0 | E58: ='data-stem'!K341 -> 0 | F58: =E58 -> 0
C59: Social and behavioral sciences | D59: ='data-stem'!K328 -> 65 | E59: ='data-stem'!K342 -> 1 | F59: =E59 -> 1
C60: Library | D60: ='data-stem'!K329 -> 0 | E60: ='data-stem'!K343 -> 0 | F60: =E60 -> 0
C61: STEM | D61: ='data-stem'!K330 -> 0 | E61: ='data-stem'!K344 -> 0 | F61: =E61 -> 0
C62: Counseling and advising | D62: ='data-stem'!K331 -> 0 | E62: ='data-stem'!K345 -> 0 | F62: =E62 -> 0
D63: =SUM(D54:D62) -> 65
B66: Are you familiar with online homework / courseware systems such as Cengage (Aplia, MindTap, WebAssign), Expert TA, Knewton Alta, Macmillan (Launchpad, Sapling Learning), McGraw-Hill (Aleks, Connect, SmartBook), MyOpenMath, Pearson (Mastering Series, MyLab), Top Hat, Wiley, WileyPLUS, or XYZ Homework?
C68: I use one or more of these in my teaching | D68: ='data-stem'!S337 -> 0.64615385 | E68: =D68 -> 0.64615385
C69: These are used at my institution, but not in any of my courses | D69: ='data-stem'!S338 -> 0.23076923 | E69: =D69 -> 0.23076923
C70: I am aware of them, but they are not used at my institution | D70: ='data-stem'!S339 -> 0.092307692 | E70: =D70 -> 0.092307692
C71: I am not aware of them | D71: ='data-stem'!S340 -> 0.030769231 | E71: =D71 -> 0.030769231
C72: Unsure | D72: ='data-stem'!S341 -> 0 | E72: =D72 -> 0
B75: Which of the following systems have you used? (Please check all that apply.)
C76: Aleks McGraw | D76: ='data-stem'!T$323 -> 10 | E76: =D76/D$93 -> 0.032894737 | F76: =E76 -> 0.032894737
C77: Alta Knewton | D77: ='data-stem'!U$323 -> 0 | E77: =D77/D$93 -> 0 | F77: =E77 -> 0
C78: Aplia Cengage | D78: ='data-stem'!V$323 -> 0 | E78: =D78/D$93 -> 0 | F78: =E78 -> 0
C79: Connect McGraw-Hill | D79: ='data-stem'!W$323 -> 20 | E79: =D79/D$93 -> 0.065789474 | F79: =E79 -> 0.065789474
C80: Expert TA | D80: ='data-stem'!X$323 -> 1 | E80: =D80/D$93 -> 0.0032894737 | F80: =E80 -> 0.0032894737
C81: Launchpad Macmillan | D81: ='data-stem'!Y$323 -> 6 | E81: =D81/D$93 -> 0.019736842 | F81: =E81 -> 0.019736842
C82: Mastering Series Pearson | D82: ='data-stem'!Z$323 -> 16 | E82: =D82/D$93 -> 0.052631579 | F82: =E82 -> 0.052631579
C83: MindTap Cengage | D83: ='data-stem'!AA$323 -> 2 | E83: =D83/D$93 -> 0.0065789474 | F83: =E83 -> 0.0065789474
C84: MyLab Pearson | D84: ='data-stem'!AB$323 -> 17 | E84: =D84/D$93 -> 0.055921053 | F84: =E84 -> 0.055921053
C85: MyOpenMath | D85: ='data-stem'!AC$323 -> 0 | E85: =D85/D$93 -> 0 | F85: =E85 -> 0
C86: Sapling Learning Macmillan | D86: ='data-stem'!AD$323 -> 1 | E86: =D86/D$93 -> 0.0032894737 | F86: =E86 -> 0.0032894737
C87: SmartBook McGraw | D87: ='data-stem'!AE$323 -> 5 | E87: =D87/D$93 -> 0.016447368 | F87: =E87 -> 0.016447368
C88: Top Hat | D88: ='data-stem'!AF$323 -> 0 | E88: =D88/D$93 -> 0 | F88: =E88 -> 0
C89: WebAssign Cengage | D89: ='data-stem'!AG$323 -> 4 | E89: =D89/D$93 -> 0.013157895 | F89: =E89 -> 0.013157895
C90: WileyPLUS Wiley | D90: ='data-stem'!AH$323 -> 6 | E90: =D90/D$93 -> 0.019736842 | F90: =E90 -> 0.019736842
C91: XYZ Homework | D91: ='data-stem'!AI$323 -> 0 | E91: =D91/D$93 -> 0 | F91: =E91 -> 0
C92: Other | D92: ='data-stem'!AJ$323 -> 5 | E92: =D92/D$93 -> 0.016447368 | F92: =E92 -> 0.016447368
D93: ='data-stem'!AH334 -> 304
B95: Are you familiar with Inclusive Access (also known as digital direct or immediate access), where publishers such as Pearson, Cengage, McGraw Hill, or Wiley partner with companies such as Follett, Barnes & Noble, Vital Source, RedShelf, or Verba sell digital access to course materials to students on a subscription basis.
C96: I use Inclusive Access in my teaching | D96: ='data-stem'!AL337 -> 0.061538462 | E96: =D96 -> 0.061538462
C97: Inclusive Access is used at my institution, but not in any of my courses | D97: ='data-stem'!AL338 -> 0.092307692 | E97: =D97 -> 0.092307692
C98: I am aware of Inclusive Access, but it is not used at my institution | D98: ='data-stem'!AL339 -> 0.16923077 | E98: =D98 -> 0.16923077
C99: I am not aware of Inclusive Access | D99: ='data-stem'!AL340 -> 0.55384615 | E99: =D99 -> 0.55384615
C100: Unsure | D100: ='data-stem'!AL341 -> 0.12307692 | E100: =D100 -> 0.12307692
B103: Over the past two years, how many different courses have you taught? (unique courses, not course sections)
C104: 1 | D104: ='data-stem'!AM337 -> 0.16923077 | E104: =D104 -> 0.16923077
C105: 2 | D105: ='data-stem'!AM338 -> 0.21538462 | E105: =D105 -> 0.21538462
C106: 3 | D106: ='data-stem'!AM339 -> 0.27692308 | E106: =D106 -> 0.27692308
C107: 4 | D107: ='data-stem'!AM340 -> 0.15384615 | E107: =D107 -> 0.15384615
C108: 5 or more | D108: ='data-stem'!AM341 -> 0.18461538 | E108: =D108 -> 0.18461538
C109: 0 (I do not teach full courses) | D109: ='data-stem'!AM342 -> 0 | E109: =D109 -> 0
B112: Think of the highest enrollment course your discipline offers that you have taught within the past two years. Select one section from the most recent semester that you taught this course.
B114: Is this section:
C115: Face to Face | D115: ='data-stem'!AN337 -> 0.95384615 | E115: =D115 -> 0.95384615
C116: Fully Online | D116: ='data-stem'!AN338 -> 0.015384615 | E116: =D116 -> 0.015384615
C117: Hybrid | D117: ='data-stem'!AN339 -> 0.030769231 | E117: =D117 -> 0.030769231
B120: Please indicate the Course title & number for your highest enrollment course. (Optional. Your response will be confidential.)
B122: What types of course materials were required and/or recommended for this course section?
B123: Required items are those listed in the course syllabus as required for all students, either acquired on their own or provided to all students bundled in tuition or through a materials fee. Recommended items are those that are listed on the syllabus but are NOT required of students.
B124: For the purposes of this study, the term "textbook" applies to the primary content used in the course regardless of format - either print or digital.
C125: COUNTS | D125: Required | E125: Recommended | F125: Not required or recommended
C126: Textbook(s) (Print or digital) | D126: ='data-stem'!AP323 -> 57 | E126: ='data-stem'!AQ323 -> 10 | F126: ='data-stem'!AR323 -> 0
C127: Inclusive Access subscription | D127: ='data-stem'!AS323 -> 8 | E127: ='data-stem'!AT323 -> 7 | F127: ='data-stem'!AU323 -> 47
C128: Articles/Case studies | D128: ='data-stem'!AV323 -> 5 | E128: ='data-stem'!AW323 -> 4 | F128: ='data-stem'!AX323 -> 50
C129: Online homework system | D129: ='data-stem'!AY323 -> 24 | E129: ='data-stem'!AZ323 -> 9 | F129: ='data-stem'!BA323 -> 29
...

Sheet SBS
C1: Social and behavioral sciences | D1: ='data-sbs'!K332 -> 34 | E1: respondents
B5: In order to help us understand your instructional style, please use the sliders below to indicate where your instructional tendencies and preferences fall on these dimensions.
I7: Preference for lecture to deliver content
D8: Min | E8: Max | F8: Mean | G8: Median | I8: 0%-19% | J8: ='data-sbs'!B315 -> 0.0625 | K8: =J8 -> 0.0625
C9: Preference for lecture to deliver content (select numbers closer to 0) | D9: ='data-sbs'!B413 -> 5 | E9: ='data-sbs'!B414 -> 100 | F9: ='data-sbs'!B415 -> 58.09375 | G9: ='data-sbs'!B416 -> 49 | I9: 20%-39% | J9: ='data-sbs'!B316 -> 0.28125 | K9: =J9 -> 0.28125
C10: Preference for facilitated exploration of content (select numbers closer to 100) | I10: 40%-59% | J10: ='data-sbs'!B317 -> 0.1875 | K10: =J10 -> 0.1875
I11: 60%-79% | J11: ='data-sbs'!B318 -> 0.09375 | K11: =J11 -> 0.09375
I12: 80%-100% | J12: ='data-sbs'!B319 -> 0.375 | K12: =J12 -> 0.375
I13: Preference for facilitated exploration of content
D16: Min | E16: Max | F16: Mean | G16: Median | I16: Prefer print materials
C17: Prefer print materials (select numbers closer to 0) | D17: ='data-sbs'!C413 -> 0 | E17: ='data-sbs'!C414 -> 100 | F17: ='data-sbs'!C415 -> 53.714286 | G17: ='data-sbs'!C416 -> 49.5 | I17: 0%-19% | J17: ='data-sbs'!C315 -> 0.14285714 | K17: =J17 -> 0.14285714
C18: Prefer digital materials (select numbers closer to 100) | I18: 20%-39% | J18: ='data-sbs'!C316 -> 0.17857143 | K18: =J18 -> 0.17857143
I19: 40%-59% | J19: ='data-sbs'!C317 -> 0.28571429 | K19: =J19 -> 0.28571429
I20: 60%-79% | J20: ='data-sbs'!C318 -> 0.14285714 | K20: =J20 -> 0.14285714
I21: 80%-100% | J21: ='data-sbs'!C319 -> 0.25 | K21: =J21 -> 0.25
I22: Prefer digital materials
B26: Please let us know if you agree or disagree with the following.
D27: Strongly agree | E27: Agree | F27: Somewhat agree | G27: Neither | H27: Somewhat disagree | I27: Disagree | J27: Strongly disagree
C28: My students prefer print materials over digital | D28: ='data-sbs'!D$337 -> 0.058823529 | E28: ='data-sbs'!D$338 -> 0.14705882 | F28: ='data-sbs'!D$339 -> 0.35294118 | G28: ='data-sbs'!D$340 -> 0.29411765 | H28: ='data-sbs'!D$341 -> 0.11764706 | I28: ='data-sbs'!D$342 -> 0 | J28: ='data-sbs'!D$343 -> 0.029411765
C29: The cost of the course materials is a serious problem for my students | D29: ='data-sbs'!E$337 -> 0.5 | E29: ='data-sbs'!E$338 -> 0.26470588 | F29: ='data-sbs'!E$339 -> 0.17647059 | G29: ='data-sbs'!E$340 -> 0.058823529 | H29: ='data-sbs'!E$341 -> 0 | I29: ='data-sbs'!E$342 -> 0 | J29: ='data-sbs'!E$343 -> 0
C30: There is a lack of high-quality course materials for the courses I teach | D30: ='data-sbs'!F$337 -> 0 | E30: ='data-sbs'!F$338 -> 0.058823529 | F30: ='data-sbs'!F$339 -> 0.058823529 | G30: ='data-sbs'!F$340 -> 0.23529412 | H30: ='data-sbs'!F$341 -> 0.14705882 | I30: ='data-sbs'!F$342 -> 0.38235294 | J30: ='data-sbs'!F$343 -> 0.11764706
C31: The use of electronic devices in class by students is a distraction from learning | D31: ='data-sbs'!G$337 -> 0.14705882 | E31: ='data-sbs'!G$338 -> 0.14705882 | F31: ='data-sbs'!G$339 -> 0.23529412 | G31: ='data-sbs'!G$340 -> 0.14705882 | H31: ='data-sbs'!G$341 -> 0.17647059 | I31: ='data-sbs'!G$342 -> 0.058823529 | J31: ='data-sbs'!G$343 -> 0.088235294
B34: Tenure | C34: N/A | D34: ='data-sbs'!H337 -> 0.029411765 | E34: =D34 -> 0.029411765
C35: Tenured | D35: ='data-sbs'!H338 -> 0.61764706 | E35: =D35 -> 0.61764706
C36: Tenure track, not tenured | D36: ='data-sbs'!H339 -> 0.029411765 | E36: =D36 -> 0.029411765
C37: Not tenure track | D37: ='data-sbs'!H340 -> 0.32352941 | E37: =D37 -> 0.32352941
D38: =SUM(D34:D37) -> 1
B40: Number of years teaching
C41: 0 to 5 | D41: ='data-sbs'!I337 -> 0.20588235 | E41: =D41 -> 0.20588235
C42: 6 to 10 | D42: ='data-sbs'!I338 -> 0.17647059 | E42: =D42 -> 0.17647059
C43: 11 to 15 | D43: ='data-sbs'!I339 -> 0.29411765 | E43: =D43 -> 0.29411765
C44: 16 to 20 | D44: ='data-sbs'!I340 -> 0.14705882 | E44: =D44 -> 0.14705882
C45: 21 to 25 | D45: ='data-sbs'!I341 -> 0.088235294 | E45: =D45 -> 0.088235294
C46: 26+ | D46: ='data-sbs'!I342 -> 0.088235294 | E46: =D46 -> 0.088235294
B48: Teaching status
C49: Part time | D49: ='data-sbs'!J337 -> 0.38235294 | E49: =D49 -> 0.38235294
C50: Full time | D50: ='data-sbs'!J338 -> 0.61764706 | E50: =D50 -> 0.61764706
B53: Division | D53: Count | E53: Percent
C54: Arts, communications, hospitality | D54: ='data-sbs'!K323 -> 0 | E54: ='data-sbs'!K337 -> 0 | F54: =E54 -> 0
C55: Business and applied technology | D55: ='data-sbs'!K324 -> 0 | E55: ='data-sbs'!K338 -> 0 | F55: =E55 -> 0
C56: Continuing education and public services | D56: ='data-sbs'!K325 -> 0 | E56: ='data-sbs'!K339 -> 0 | F56: =E56 -> 0
C57: Liberal arts | D57: ='data-sbs'!K326 -> 0 | E57: ='data-sbs'!K340 -> 0 | F57: =E57 -> 0
C58: Health sciences | D58: ='data-sbs'!K327 -> 0 | E58: ='data-sbs'!K341 -> 0 | F58: =E58 -> 0
C59: Social and behavioral sciences | D59: ='data-sbs'!K328 -> 0 | E59: ='data-sbs'!K342 -> 0 | F59: =E59 -> 0
C60: Library | D60: ='data-sbs'!K329 -> 34 | E60: ='data-sbs'!K343 -> 1 | F60: =E60 -> 1
C61: STEM | D61: ='data-sbs'!K330 -> 0 | E61: ='data-sbs'!K344 -> 0 | F61: =E61 -> 0
C62: Counseling and advising | D62: ='data-sbs'!K331 -> 0 | E62: ='data-sbs'!K345 -> 0 | F62: =E62 -> 0
D63: =SUM(D54:D62) -> 34
B66: Are you familiar with online homework / courseware systems such as Cengage (Aplia, MindTap, WebAssign), Expert TA, Knewton Alta, Macmillan (Launchpad, Sapling Learning), McGraw-Hill (Aleks, Connect, SmartBook), MyOpenMath, Pearson (Mastering Series, MyLab), Top Hat, Wiley, WileyPLUS, or XYZ Homework?
C68: I use one or more of these in my teaching | D68: ='data-sbs'!S337 -> 0.38235294 | E68: =D68 -> 0.38235294
C69: These are used at my institution, but not in any of my courses | D69: ='data-sbs'!S338 -> 0.55882353 | E69: =D69 -> 0.55882353
C70: I am aware of them, but they are not used at my institution | D70: ='data-sbs'!S339 -> 0 | E70: =D70 -> 0
C71: I am not aware of them | D71: ='data-sbs'!S340 -> 0 | E71: =D71 -> 0
C72: Unsure | D72: ='data-sbs'!S341 -> 0.058823529 | E72: =D72 -> 0.058823529
B75: Which of the following systems have you used? (Please check all that apply.)
C76: Aleks McGraw | D76: ='data-sbs'!T$323 -> 0 | E76: =D76/D$93 -> 0 | F76: =E76 -> 0
C77: Alta Knewton | D77: ='data-sbs'!U$323 -> 0 | E77: =D77/D$93 -> 0 | F77: =E77 -> 0
C78: Aplia Cengage | D78: ='data-sbs'!V$323 -> 1 | E78: =D78/D$93 -> 0.0032894737 | F78: =E78 -> 0.0032894737
C79: Connect McGraw-Hill | D79: ='data-sbs'!W$323 -> 11 | E79: =D79/D$93 -> 0.036184211 | F79: =E79 -> 0.036184211
C80: Expert TA | D80: ='data-sbs'!X$323 -> 0 | E80: =D80/D$93 -> 0 | F80: =E80 -> 0
C81: Launchpad Macmillan | D81: ='data-sbs'!Y$323 -> 1 | E81: =D81/D$93 -> 0.0032894737 | F81: =E81 -> 0.0032894737
C82: Mastering Series Pearson | D82: ='data-sbs'!Z$323 -> 0 | E82: =D82/D$93 -> 0 | F82: =E82 -> 0
C83: MindTap Cengage | D83: ='data-sbs'!AA$323 -> 6 | E83: =D83/D$93 -> 0.019736842 | F83: =E83 -> 0.019736842
C84: MyLab Pearson | D84: ='data-sbs'!AB$323 -> 6 | E84: =D84/D$93 -> 0.019736842 | F84: =E84 -> 0.019736842
C85: MyOpenMath | D85: ='data-sbs'!AC$323 -> 0 | E85: =D85/D$93 -> 0 | F85: =E85 -> 0
C86: Sapling Learning Macmillan | D86: ='data-sbs'!AD$323 -> 1 | E86: =D86/D$93 -> 0.0032894737 | F86: =E86 -> 0.0032894737
C87: SmartBook McGraw | D87: ='data-sbs'!AE$323 -> 2 | E87: =D87/D$93 -> 0.0065789474 | F87: =E87 -> 0.0065789474
C88: Top Hat | D88: ='data-sbs'!AF$323 -> 0 | E88: =D88/D$93 -> 0 | F88: =E88 -> 0
C89: WebAssign Cengage | D89: ='data-sbs'!AG$323 -> 0 | E89: =D89/D$93 -> 0 | F89: =E89 -> 0
C90: WileyPLUS Wiley | D90: ='data-sbs'!AH$323 -> 2 | E90: =D90/D$93 -> 0.0065789474 | F90: =E90 -> 0.0065789474
C91: XYZ Homework | D91: ='data-sbs'!AI$323 -> 0 | E91: =D91/D$93 -> 0 | F91: =E91 -> 0
C92: Other | D92: ='data-sbs'!AJ$323 -> 1 | E92: =D92/D$93 -> 0.0032894737 | F92: =E92 -> 0.0032894737
D93: ='data-sbs'!AH334 -> 304
B95: Are you familiar with Inclusive Access (also known as digital direct or immediate access), where publishers such as Pearson, Cengage, McGraw Hill, or Wiley partner with companies such as Follett, Barnes & Noble, Vital Source, RedShelf, or Verba sell digital access to course materials to students on a subscription basis.
C96: I use Inclusive Access in my teaching | D96: ='data-sbs'!AL337 -> 0.088235294 | E96: =D96 -> 0.088235294
C97: Inclusive Access is used at my institution, but not in any of my courses | D97: ='data-sbs'!AL338 -> 0.26470588 | E97: =D97 -> 0.26470588
C98: I am aware of Inclusive Access, but it is not used at my institution | D98: ='data-sbs'!AL339 -> 0.058823529 | E98: =D98 -> 0.058823529
C99: I am not aware of Inclusive Access | D99: ='data-sbs'!AL340 -> 0.47058824 | E99: =D99 -> 0.47058824
C100: Unsure | D100: ='data-sbs'!AL341 -> 0.11764706 | E100: =D100 -> 0.11764706
B103: Over the past two years, how many different courses have you taught? (unique courses, not course sections)
C104: 1 | D104: ='data-sbs'!AM337 -> 0.029411765 | E104: =D104 -> 0.029411765
C105: 2 | D105: ='data-sbs'!AM338 -> 0.14705882 | E105: =D105 -> 0.14705882
C106: 3 | D106: ='data-sbs'!AM339 -> 0.20588235 | E106: =D106 -> 0.20588235
C107: 4 | D107: ='data-sbs'!AM340 -> 0.17647059 | E107: =D107 -> 0.17647059
C108: 5 or more | D108: ='data-sbs'!AM341 -> 0.44117647 | E108: =D108 -> 0.44117647
C109: 0 (I do not teach full courses) | D109: ='data-sbs'!AM342 -> 0 | E109: =D109 -> 0
B112: Think of the highest enrollment course your discipline offers that you have taught within the past two years. Select one section from the most recent semester that you taught this course.
B114: Is this section:
C115: Face to Face | D115: ='data-sbs'!AN337 -> 0.60606061 | E115: =D115 -> 0.60606061
C116: Fully Online | D116: ='data-sbs'!AN338 -> 0.3030303 | E116: =D116 -> 0.3030303
C117: Hybrid | D117: ='data-sbs'!AN339 -> 0.090909091 | E117: =D117 -> 0.090909091
B120: Please indicate the Course title & number for your highest enrollment course. (Optional. Your response will be confidential.)
B122: What types of course materials were required and/or recommended for this course section?
B123: Required items are those listed in the course syllabus as required for all students, either acquired on their own or provided to all students bundled in tuition or through a materials fee. Recommended items are those that are listed on the syllabus but are NOT required of students.
B124: For the purposes of this study, the term "textbook" applies to the primary content used in the course regardless of format - either print or digital.
C125: COUNTS | D125: Required | E125: Recommended | F125: Not required or recommended
C126: Textbook(s) (Print or digital) | D126: ='data-sbs'!AP323 -> 30 | E126: ='data-sbs'!AQ323 -> 2 | F126: ='data-sbs'!AR323 -> 2
C127: Inclusive Access subscription | D127: ='data-sbs'!AS323 -> 5 | E127: ='data-sbs'!AT323 -> 1 | F127: ='data-sbs'!AU323 -> 27
C128: Articles/Case studies | D128: ='data-sbs'!AV323 -> 17 | E128: ='data-sbs'!AW323 -> 8 | F128: ='data-sbs'!AX323 -> 8
C129: Online homework system | D129: ='data-sbs'!AY323 -> 18 | E129: ='data-sbs'!AZ323 -> 2 | F129: ='data-sbs'!BA323 -> 13
...

Sheet Library
C1: Library | D1: ='data-library'!K332 -> 5 | E1: respondents
B5: In order to help us understand your instructional style, please use the sliders below to indicate where your instructional tendencies and preferences fall on these dimensions.
I7: Preference for lecture to deliver content
D8: Min | E8: Max | F8: Mean | G8: Median | I8: 0%-19% | J8: ='data-library'!B315 -> 0 | K8: =J8 -> 0
C9: Preference for lecture to deliver content (select numbers closer to 0) | D9: ='data-library'!B413 -> 54 | E9: ='data-library'!B414 -> 88 | F9: ='data-library'!B415 -> 74.666667 | G9: ='data-library'!B416 -> 82 | I9: 20%-39% | J9: ='data-library'!B316 -> 0 | K9: =J9 -> 0
C10: Preference for facilitated exploration of content (select numbers closer to 100) | I10: 40%-59% | J10: ='data-library'!B317 -> 0.33333333 | K10: =J10 -> 0.33333333
I11: 60%-79% | J11: ='data-library'!B318 -> 0 | K11: =J11 -> 0
I12: 80%-100% | J12: ='data-library'!B319 -> 0.66666667 | K12: =J12 -> 0.66666667
I13: Preference for facilitated exploration of content
D16: Min | E16: Max | F16: Mean | G16: Median | I16: Prefer print materials
C17: Prefer print materials (select numbers closer to 0) | D17: ='data-library'!C413 -> 5 | E17: ='data-library'!C414 -> 83 | F17: ='data-library'!C415 -> 47.4 | G17: ='data-library'!C416 -> 44 | I17: 0%-19% | J17: ='data-library'!C315 -> 0.2 | K17: =J17 -> 0.2
C18: Prefer digital materials (select numbers closer to 100) | I18: 20%-39% | J18: ='data-library'!C316 -> 0.2 | K18: =J18 -> 0.2
I19: 40%-59% | J19: ='data-library'!C317 -> 0.2 | K19: =J19 -> 0.2
I20: 60%-79% | J20: ='data-library'!C318 -> 0.2 | K20: =J20 -> 0.2
I21: 80%-100% | J21: ='data-library'!C319 -> 0.2 | K21: =J21 -> 0.2
I22: Prefer digital materials
B26: Please let us know if you agree or disagree with the following.
D27: Strongly agree | E27: Agree | F27: Somewhat agree | G27: Neither | H27: Somewhat disagree | I27: Disagree | J27: Strongly disagree
C28: My students prefer print materials over digital | D28: ='data-library'!D$337 -> 0 | E28: ='data-library'!D$338 -> 0.2 | F28: ='data-library'!D$339 -> 0 | G28: ='data-library'!D$340 -> 0.4 | H28: ='data-library'!D$341 -> 0.2 | I28: ='data-library'!D$342 -> 0 | J28: ='data-library'!D$343 -> 0.2
C29: The cost of the course materials is a serious problem for my students | D29: ='data-library'!E$337 -> 0.6 | E29: ='data-library'!E$338 -> 0.2 | F29: ='data-library'!E$339 -> 0 | G29: ='data-library'!E$340 -> 0 | H29: ='data-library'!E$341 -> 0.2 | I29: ='data-library'!E$342 -> 0 | J29: ='data-library'!E$343 -> 0
C30: There is a lack of high-quality course materials for the courses I teach | D30: ='data-library'!F$337 -> 0 | E30: ='data-library'!F$338 -> 0 | F30: ='data-library'!F$339 -> 0.4 | G30: ='data-library'!F$340 -> 0.6 | H30: ='data-library'!F$341 -> 0 | I30: ='data-library'!F$342 -> 0 | J30: ='data-library'!F$343 -> 0
C31: The use of electronic devices in class by students is a distraction from learning | D31: ='data-library'!G$337 -> 0 | E31: ='data-library'!G$338 -> 0.2 | F31: ='data-library'!G$339 -> 0 | G31: ='data-library'!G$340 -> 0.2 | H31: ='data-library'!G$341 -> 0.4 | I31: ='data-library'!G$342 -> 0 | J31: ='data-library'!G$343 -> 0.2
B34: Tenure | C34: N/A | D34: ='data-library'!H337 -> 0 | E34: =D34 -> 0
C35: Tenured | D35: ='data-library'!H338 -> 0.4 | E35: =D35 -> 0.4
C36: Tenure track, not tenured | D36: ='data-library'!H339 -> 0 | E36: =D36 -> 0
C37: Not tenure track | D37: ='data-library'!H340 -> 0.6 | E37: =D37 -> 0.6
D38: =SUM(D34:D37) -> 1
B40: Number of years teaching
C41: 0 to 5 | D41: ='data-library'!I337 -> 0.6 | E41: =D41 -> 0.6
C42: 6 to 10 | D42: ='data-library'!I338 -> 0 | E42: =D42 -> 0
C43: 11 to 15 | D43: ='data-library'!I339 -> 0.2 | E43: =D43 -> 0.2
C44: 16 to 20 | D44: ='data-library'!I340 -> 0.2 | E44: =D44 -> 0.2
C45: 21 to 25 | D45: ='data-library'!I341 -> 0 | E45: =D45 -> 0
C46: 26+ | D46: ='data-library'!I342 -> 0 | E46: =D46 -> 0
B48: Teaching status
C49: Part time | D49: ='data-library'!J337 -> 0.6 | E49: =D49 -> 0.6
C50: Full time | D50: ='data-library'!J338 -> 0.4 | E50: =D50 -> 0.4
B53: Division | D53: Count | E53: Percent
C54: Arts, communications, hospitality | D54: ='data-library'!K323 -> 0 | E54: ='data-library'!K337 -> 0 | F54: =E54 -> 0
C55: Business and applied technology | D55: ='data-library'!K324 -> 0 | E55: ='data-library'!K338 -> 0 | F55: =E55 -> 0
C56: Continuing education and public services | D56: ='data-library'!K325 -> 0 | E56: ='data-library'!K339 -> 0 | F56: =E56 -> 0
C57: Liberal arts | D57: ='data-library'!K326 -> 0 | E57: ='data-library'!K340 -> 0 | F57: =E57 -> 0
C58: Health sciences | D58: ='data-library'!K327 -> 0 | E58: ='data-library'!K341 -> 0 | F58: =E58 -> 0
C59: Social and behavioral sciences | D59: ='data-library'!K328 -> 0 | E59: ='data-library'!K342 -> 0 | F59: =E59 -> 0
C60: Library | D60: ='data-library'!K329 -> 0 | E60: ='data-library'!K343 -> 0 | F60: =E60 -> 0
C61: STEM | D61: ='data-library'!K330 -> 5 | E61: ='data-library'!K344 -> 1 | F61: =E61 -> 1
C62: Counseling and advising | D62: ='data-library'!K331 -> 0 | E62: ='data-library'!K345 -> 0 | F62: =E62 -> 0
D63: =SUM(D54:D62) -> 5
B66: Are you familiar with online homework / courseware systems such as Cengage (Aplia, MindTap, WebAssign), Expert TA, Knewton Alta, Macmillan (Launchpad, Sapling Learning), McGraw-Hill (Aleks, Connect, SmartBook), MyOpenMath, Pearson (Mastering Series, MyLab), Top Hat, Wiley, WileyPLUS, or XYZ Homework?
C68: I use one or more of these in my teaching | D68: ='data-library'!S337 -> 0 | E68: =D68 -> 0
C69: These are used at my institution, but not in any of my courses | D69: ='data-library'!S338 -> 0.8 | E69: =D69 -> 0.8
C70: I am aware of them, but they are not used at my institution | D70: ='data-library'!S339 -> 0 | E70: =D70 -> 0
C71: I am not aware of them | D71: ='data-library'!S340 -> 0 | E71: =D71 -> 0
C72: Unsure | D72: ='data-library'!S341 -> 0.2 | E72: =D72 -> 0.2
B75: Which of the following systems have you used? (Please check all that apply.)
C76: Aleks McGraw | D76: ='data-library'!T$323 -> 0 | E76: =D76/D$93 -> 0 | F76: =E76 -> 0
C77: Alta Knewton | D77: ='data-library'!U$323 -> 0 | E77: =D77/D$93 -> 0 | F77: =E77 -> 0
C78: Aplia Cengage | D78: ='data-library'!V$323 -> 0 | E78: =D78/D$93 -> 0 | F78: =E78 -> 0
C79: Connect McGraw-Hill | D79: ='data-library'!W$323 -> 0 | E79: =D79/D$93 -> 0 | F79: =E79 -> 0
C80: Expert TA | D80: ='data-library'!X$323 -> 0 | E80: =D80/D$93 -> 0 | F80: =E80 -> 0
C81: Launchpad Macmillan | D81: ='data-library'!Y$323 -> 0 | E81: =D81/D$93 -> 0 | F81: =E81 -> 0
C82: Mastering Series Pearson | D82: ='data-library'!Z$323 -> 0 | E82: =D82/D$93 -> 0 | F82: =E82 -> 0
C83: MindTap Cengage | D83: ='data-library'!AA$323 -> 0 | E83: =D83/D$93 -> 0 | F83: =E83 -> 0
C84: MyLab Pearson | D84: ='data-library'!AB$323 -> 0 | E84: =D84/D$93 -> 0 | F84: =E84 -> 0
C85: MyOpenMath | D85: ='data-library'!AC$323 -> 0 | E85: =D85/D$93 -> 0 | F85: =E85 -> 0
C86: Sapling Learning Macmillan | D86: ='data-library'!AD$323 -> 0 | E86: =D86/D$93 -> 0 | F86: =E86 -> 0
C87: SmartBook McGraw | D87: ='data-library'!AE$323 -> 0 | E87: =D87/D$93 -> 0 | F87: =E87 -> 0
C88: Top Hat | D88: ='data-library'!AF$323 -> 0 | E88: =D88/D$93 -> 0 | F88: =E88 -> 0
C89: WebAssign Cengage | D89: ='data-library'!AG$323 -> 0 | E89: =D89/D$93 -> 0 | F89: =E89 -> 0
C90: WileyPLUS Wiley | D90: ='data-library'!AH$323 -> 0 | E90: =D90/D$93 -> 0 | F90: =E90 -> 0
C91: XYZ Homework | D91: ='data-library'!AI$323 -> 0 | E91: =D91/D$93 -> 0 | F91: =E91 -> 0
C92: Other | D92: ='data-library'!AJ$323 -> 0 | E92: =D92/D$93 -> 0 | F92: =E92 -> 0
D93: ='data-library'!AH334 -> 304
B95: Are you familiar with Inclusive Access (also known as digital direct or immediate access), where publishers such as Pearson, Cengage, McGraw Hill, or Wiley partner with companies such as Follett, Barnes & Noble, Vital Source, RedShelf, or Verba sell digital access to course materials to students on a subscription basis.
C96: I use Inclusive Access in my teaching | D96: ='data-library'!AL337 -> 0 | E96: =D96 -> 0
C97: Inclusive Access is used at my institution, but not in any of my courses | D97: ='data-library'!AL338 -> 0.8 | E97: =D97 -> 0.8
C98: I am aware of Inclusive Access, but it is not used at my institution | D98: ='data-library'!AL339 -> 0 | E98: =D98 -> 0
C99: I am not aware of Inclusive Access | D99: ='data-library'!AL340 -> 0.2 | E99: =D99 -> 0.2
C100: Unsure | D100: ='data-library'!AL341 -> 0 | E100: =D100 -> 0
B103: Over the past two years, how many different courses have you taught? (unique courses, not course sections)
C104: 1 | D104: ='data-library'!AM337 -> 0.2 | E104: =D104 -> 0.2
C105: 2 | D105: ='data-library'!AM338 -> 0 | E105: =D105 -> 0
C106: 3 | D106: ='data-library'!AM339 -> 0 | E106: =D106 -> 0
C107: 4 | D107: ='data-library'!AM340 -> 0.2 | E107: =D107 -> 0.2
C108: 5 or more | D108: ='data-library'!AM341 -> 0 | E108: =D108 -> 0
C109: 0 (I do not teach full courses) | D109: ='data-library'!AM342 -> 0.6 | E109: =D109 -> 0.6
B112: Think of the highest enrollment course your discipline offers that you have taught within the past two years. Select one section from the most recent semester that you taught this course.
B114: Is this section:
C115: Face to Face | D115: ='data-library'!AN337 -> 1 | E115: =D115 -> 1
C116: Fully Online | D116: ='data-library'!AN338 -> 0 | E116: =D116 -> 0
C117: Hybrid | D117: ='data-library'!AN339 -> 0 | E117: =D117 -> 0
B120: Please indicate the Course title & number for your highest enrollment course. (Optional. Your response will be confidential.)
B122: What types of course materials were required and/or recommended for this course section?
B123: Required items are those listed in the course syllabus as required for all students, either acquired on their own or provided to all students bundled in tuition or through a materials fee. Recommended items are those that are listed on the syllabus but are NOT required of students.
B124: For the purposes of this study, the term "textbook" applies to the primary content used in the course regardless of format - either print or digital.
C125: COUNTS | D125: Required | E125: Recommended | F125: Not required or recommended
C126: Textbook(s) (Print or digital) | D126: ='data-library'!AP323 -> 1 | E126: ='data-library'!AQ323 -> 0 | F126: ='data-library'!AR323 -> 3
C127: Inclusive Access subscription | D127: ='data-library'!AS323 -> 1 | E127: ='data-library'!AT323 -> 0 | F127: ='data-library'!AU323 -> 3
C128: Articles/Case studies | D128: ='data-library'!AV323 -> 1 | E128: ='data-library'!AW323 -> 1 | F128: ='data-library'!AX323 -> 2
C129: Online homework system | D129: ='data-library'!AY323 -> 0 | E129: ='data-library'!AZ323 -> 1 | F129: ='data-library'!BA323 -> 3
...

Sheet CA
C1: Counseling and advising | D1: ='data-ca'!K332 -> 4 | E1: respondents
B5: In order to help us understand your instructional style, please use the sliders below to indicate where your instructional tendencies and preferences fall on these dimensions.
I7: Preference for lecture to deliver content
D8: Min | E8: Max | F8: Mean | G8: Median | I8: 0%-19% | J8: ='data-ca'!B315 -> 0 | K8: =J8 -> 0
C9: Preference for lecture to deliver content (select numbers closer to 0) | D9: ='data-ca'!B413 -> 60 | E9: ='data-ca'!B414 -> 95 | F9: ='data-ca'!B415 -> 73.5 | G9: ='data-ca'!B416 -> 69.5 | I9: 20%-39% | J9: ='data-ca'!B316 -> 0 | K9: =J9 -> 0
C10: Preference for facilitated exploration of content (select numbers closer to 100) | I10: 40%-59% | J10: ='data-ca'!B317 -> 0 | K10: =J10 -> 0
I11: 60%-79% | J11: ='data-ca'!B318 -> 0.75 | K11: =J11 -> 0.75
I12: 80%-100% | J12: ='data-ca'!B319 -> 0.25 | K12: =J12 -> 0.25
I13: Preference for facilitated exploration of content
D16: Min | E16: Max | F16: Mean | G16: Median | I16: Prefer print materials
C17: Prefer print materials (select numbers closer to 0) | D17: ='data-ca'!C413 -> 55 | E17: ='data-ca'!C414 -> 90 | F17: ='data-ca'!C415 -> 76.5 | G17: ='data-ca'!C416 -> 80.5 | I17: 0%-19% | J17: ='data-ca'!C315 -> 0 | K17: =J17 -> 0
C18: Prefer digital materials (select numbers closer to 100) | I18: 20%-39% | J18: ='data-ca'!C316 -> 0 | K18: =J18 -> 0
I19: 40%-59% | J19: ='data-ca'!C317 -> 0.25 | K19: =J19 -> 0.25
I20: 60%-79% | J20: ='data-ca'!C318 -> 0.25 | K20: =J20 -> 0.25
I21: 80%-100% | J21: ='data-ca'!C319 -> 0.5 | K21: =J21 -> 0.5
I22: Prefer digital materials
B26: Please let us know if you agree or disagree with the following.
D27: Strongly agree | E27: Agree | F27: Somewhat agree | G27: Neither | H27: Somewhat disagree | I27: Disagree | J27: Strongly disagree
C28: My students prefer print materials over digital | D28: ='data-ca'!D$337 -> 0 | E28: ='data-ca'!D$338 -> 0 | F28: ='data-ca'!D$339 -> 0.5 | G28: ='data-ca'!D$340 -> 0.25 | H28: ='data-ca'!D$341 -> 0.25 | I28: ='data-ca'!D$342 -> 0 | J28: ='data-ca'!D$343 -> 0
C29: The cost of the course materials is a serious problem for my students | D29: ='data-ca'!E$337 -> 0.5 | E29: ='data-ca'!E$338 -> 0.25 | F29: ='data-ca'!E$339 -> 0.25 | G29: ='data-ca'!E$340 -> 0 | H29: ='data-ca'!E$341 -> 0 | I29: ='data-ca'!E$342 -> 0 | J29: ='data-ca'!E$343 -> 0
C30: There is a lack of high-quality course materials for the courses I teach | D30: ='data-ca'!F$337 -> 0 | E30: ='data-ca'!F$338 -> 0.5 | F30: ='data-ca'!F$339 -> 0.25 | G30: ='data-ca'!F$340 -> 0 | H30: ='data-ca'!F$341 -> 0 | I30: ='data-ca'!F$342 -> 0.25 | J30: ='data-ca'!F$343 -> 0
C31: The use of electronic devices in class by students is a distraction from learning | D31: ='data-ca'!G$337 -> 0 | E31: ='data-ca'!G$338 -> 0.5 | F31: ='data-ca'!G$339 -> 0.25 | G31: ='data-ca'!G$340 -> 0.25 | H31: ='data-ca'!G$341 -> 0 | I31: ='data-ca'!G$342 -> 0 | J31: ='data-ca'!G$343 -> 0
B34: Tenure | C34: N/A | D34: ='data-ca'!H337 -> 0 | E34: =D34 -> 0
C35: Tenured | D35: ='data-ca'!H338 -> 0.25 | E35: =D35 -> 0.25
C36: Tenure track, not tenured | D36: ='data-ca'!H339 -> 0.5 | E36: =D36 -> 0.5
C37: Not tenure track | D37: ='data-ca'!H340 -> 0.25 | E37: =D37 -> 0.25
D38: =SUM(D34:D37) -> 1
B40: Number of years teaching
C41: 0 to 5 | D41: ='data-ca'!I337 -> 0.5 | E41: =D41 -> 0.5
C42: 6 to 10 | D42: ='data-ca'!I338 -> 0 | E42: =D42 -> 0
C43: 11 to 15 | D43: ='data-ca'!I339 -> 0 | E43: =D43 -> 0
C44: 16 to 20 | D44: ='data-ca'!I340 -> 0.25 | E44: =D44 -> 0.25
C45: 21 to 25 | D45: ='data-ca'!I341 -> 0.25 | E45: =D45 -> 0.25
C46: 26+ | D46: ='data-ca'!I342 -> 0 | E46: =D46 -> 0
B48: Teaching status
C49: Part time | D49: ='data-ca'!J337 -> 0 | E49: =D49 -> 0
C50: Full time | D50: ='data-ca'!J338 -> 1 | E50: =D50 -> 1
B53: Division | D53: Count | E53: Percent
C54: Arts, communications, hospitality | D54: ='data-ca'!K323 -> 0 | E54: ='data-ca'!K337 -> 0 | F54: =E54 -> 0
C55: Business and applied technology | D55: ='data-ca'!K324 -> 0 | E55: ='data-ca'!K338 -> 0 | F55: =E55 -> 0
C56: Continuing education and public services | D56: ='data-ca'!K325 -> 0 | E56: ='data-ca'!K339 -> 0 | F56: =E56 -> 0
C57: Liberal arts | D57: ='data-ca'!K326 -> 0 | E57: ='data-ca'!K340 -> 0 | F57: =E57 -> 0
C58: Health sciences | D58: ='data-ca'!K327 -> 0 | E58: ='data-ca'!K341 -> 0 | F58: =E58 -> 0
C59: Social and behavioral sciences | D59: ='data-ca'!K328 -> 0 | E59: ='data-ca'!K342 -> 0 | F59: =E59 -> 0
C60: Library | D60: ='data-ca'!K329 -> 0 | E60: ='data-ca'!K343 -> 0 | F60: =E60 -> 0
C61: STEM | D61: ='data-ca'!K330 -> 0 | E61: ='data-ca'!K344 -> 0 | F61: =E61 -> 0
C62: Counseling and advising | D62: ='data-ca'!K331 -> 4 | E62: ='data-ca'!K345 -> 1 | F62: =E62 -> 1
D63: =SUM(D54:D62) -> 4
B66: Are you familiar with online homework / courseware systems such as Cengage (Aplia, MindTap, WebAssign), Expert TA, Knewton Alta, Macmillan (Launchpad, Sapling Learning), McGraw-Hill (Aleks, Connect, SmartBook), MyOpenMath, Pearson (Mastering Series, MyLab), Top Hat, Wiley, WileyPLUS, or XYZ Homework?
C68: I use one or more of these in my teaching | D68: ='data-ca'!S337 -> 0.25 | E68: =D68 -> 0.25
C69: These are used at my institution, but not in any of my courses | D69: ='data-ca'!S338 -> 0.5 | E69: =D69 -> 0.5
C70: I am aware of them, but they are not used at my institution | D70: ='data-ca'!S339 -> 0.25 | E70: =D70 -> 0.25
C71: I am not aware of them | D71: ='data-ca'!S340 -> 0 | E71: =D71 -> 0
C72: Unsure | D72: ='data-ca'!S341 -> 0 | E72: =D72 -> 0
B75: Which of the following systems have you used? (Please check all that apply.)
C76: Aleks McGraw | D76: ='data-ca'!T$323 -> 0 | E76: =D76/D$93 -> 0 | F76: =E76 -> 0
C77: Alta Knewton | D77: ='data-ca'!U$323 -> 0 | E77: =D77/D$93 -> 0 | F77: =E77 -> 0
C78: Aplia Cengage | D78: ='data-ca'!V$323 -> 0 | E78: =D78/D$93 -> 0 | F78: =E78 -> 0
C79: Connect McGraw-Hill | D79: ='data-ca'!W$323 -> 0 | E79: =D79/D$93 -> 0 | F79: =E79 -> 0
C80: Expert TA | D80: ='data-ca'!X$323 -> 0 | E80: =D80/D$93 -> 0 | F80: =E80 -> 0
C81: Launchpad Macmillan | D81: ='data-ca'!Y$323 -> 0 | E81: =D81/D$93 -> 0 | F81: =E81 -> 0
C82: Mastering Series Pearson | D82: ='data-ca'!Z$323 -> 0 | E82: =D82/D$93 -> 0 | F82: =E82 -> 0
C83: MindTap Cengage | D83: ='data-ca'!AA$323 -> 1 | E83: =D83/D$93 -> 0.0032894737 | F83: =E83 -> 0.0032894737
C84: MyLab Pearson | D84: ='data-ca'!AB$323 -> 0 | E84: =D84/D$93 -> 0 | F84: =E84 -> 0
C85: MyOpenMath | D85: ='data-ca'!AC$323 -> 0 | E85: =D85/D$93 -> 0 | F85: =E85 -> 0
C86: Sapling Learning Macmillan | D86: ='data-ca'!AD$323 -> 0 | E86: =D86/D$93 -> 0 | F86: =E86 -> 0
C87: SmartBook McGraw | D87: ='data-ca'!AE$323 -> 0 | E87: =D87/D$93 -> 0 | F87: =E87 -> 0
C88: Top Hat | D88: ='data-ca'!AF$323 -> 0 | E88: =D88/D$93 -> 0 | F88: =E88 -> 0
C89: WebAssign Cengage | D89: ='data-ca'!AG$323 -> 0 | E89: =D89/D$93 -> 0 | F89: =E89 -> 0
C90: WileyPLUS Wiley | D90: ='data-ca'!AH$323 -> 0 | E90: =D90/D$93 -> 0 | F90: =E90 -> 0
C91: XYZ Homework | D91: ='data-ca'!AI$323 -> 0 | E91: =D91/D$93 -> 0 | F91: =E91 -> 0
C92: Other | D92: ='data-ca'!AJ$323 -> 0 | E92: =D92/D$93 -> 0 | F92: =E92 -> 0
D93: ='data-ca'!AH334 -> 304
B95: Are you familiar with Inclusive Access (also known as digital direct or immediate access), where publishers such as Pearson, Cengage, McGraw Hill, or Wiley partner with companies such as Follett, Barnes & Noble, Vital Source, RedShelf, or Verba sell digital access to course materials to students on a subscription basis.
C96: I use Inclusive Access in my teaching | D96: ='data-ca'!AL337 -> 0 | E96: =D96 -> 0
C97: Inclusive Access is used at my institution, but not in any of my courses | D97: ='data-ca'!AL338 -> 0.75 | E97: =D97 -> 0.75
C98: I am aware of Inclusive Access, but it is not used at my institution | D98: ='data-ca'!AL339 -> 0 | E98: =D98 -> 0
C99: I am not aware of Inclusive Access | D99: ='data-ca'!AL340 -> 0 | E99: =D99 -> 0
C100: Unsure | D100: ='data-ca'!AL341 -> 0.25 | E100: =D100 -> 0.25
B103: Over the past two years, how many different courses have you taught? (unique courses, not course sections)
C104: 1 | D104: ='data-ca'!AM337 -> 0.75 | E104: =D104 -> 0.75
C105: 2 | D105: ='data-ca'!AM338 -> 0 | E105: =D105 -> 0
C106: 3 | D106: ='data-ca'!AM339 -> 0.25 | E106: =D106 -> 0.25
C107: 4 | D107: ='data-ca'!AM340 -> 0 | E107: =D107 -> 0
C108: 5 or more | D108: ='data-ca'!AM341 -> 0 | E108: =D108 -> 0
C109: 0 (I do not teach full courses) | D109: ='data-ca'!AM342 -> 0 | E109: =D109 -> 0
B112: Think of the highest enrollment course your discipline offers that you have taught within the past two years. Select one section from the most recent semester that you taught this course.
B114: Is this section:
C115: Face to Face | D115: ='data-ca'!AN337 -> 0.75 | E115: =D115 -> 0.75
C116: Fully Online | D116: ='data-ca'!AN338 -> 0.25 | E116: =D116 -> 0.25
C117: Hybrid | D117: ='data-ca'!AN339 -> 0 | E117: =D117 -> 0
B120: Please indicate the Course title & number for your highest enrollment course. (Optional. Your response will be confidential.)
B122: What types of course materials were required and/or recommended for this course section?
B123: Required items are those listed in the course syllabus as required for all students, either acquired on their own or provided to all students bundled in tuition or through a materials fee. Recommended items are those that are listed on the syllabus but are NOT required of students.
B124: For the purposes of this study, the term "textbook" applies to the primary content used in the course regardless of format - either print or digital.
C125: COUNTS | D125: Required | E125: Recommended | F125: Not required or recommended
C126: Textbook(s) (Print or digital) | D126: ='data-ca'!AP323 -> 4 | E126: ='data-ca'!AQ323 -> 0 | F126: ='data-ca'!AR323 -> 0
C127: Inclusive Access subscription | D127: ='data-ca'!AS323 -> 0 | E127: ='data-ca'!AT323 -> 1 | F127: ='data-ca'!AU323 -> 2
C128: Articles/Case studies | D128: ='data-ca'!AV323 -> 0 | E128: ='data-ca'!AW323 -> 2 | F128: ='data-ca'!AX323 -> 1
C129: Online homework system | D129: ='data-ca'!AY323 -> 1 | E129: ='data-ca'!AZ323 -> 0 | F129: ='data-ca'!BA323 -> 2
...

Sheet Follow-up
A1: May we contact you with follow-up questions?
A2: ajinthd@cod.edu
A3: alaksn@cod.edu
A4: alfordb777@cod.edu
A5: allard@cod.edu
A6: allenj@cod.edu
A7: alvinj193@cod.edu
A8: arankij@cod.edu
A9: arroyot@cod.edu
A10: baileyc105@cod.edu
A11: browns109@cod.edu
A12: brzuszkiewicza@cod.edu
... A157: zawlockia@cod.edu

Sheet Data
A1: RecordedDate | B1: slider_lecture_1 | C1: slider_print_1 | D1: Opinions_1 | E1: Opinions_2 | F1: Opinions_3 | G1: Opinions_4 | H1: tenure_1_1 | I1: tenure_2_1 | J1: tenure_3_1 | K1: Division | L1: ACH | M1: BTEC | N1: CE | O1: LA | P1: NHS | Q1: STEM | R1: HSB | S1: onlineHW | T1: WhichHW_1 | U1: WhichHW_19 | V1: WhichHW_20 | W1: WhichHW_21 | X1: WhichHW_22 | Y1: WhichHW_23 | Z1: WhichHW_24 | AA1: WhichHW_25 | AB1: WhichHW_26 | AC1: WhichHW_27 | AD1: WhichHW_28 | AE1: WhichHW_29 | AF1: WhichHW_30 | AG1: WhichHW_31 | AH1: WhichHW_32 | AI1: WhichHW_33 | AJ1: WhichHW_4 | AK1: WhichHW_4_TEXT | AL1: Inclusive | AM1: crstaught | AN1: Q102 | AO1: Q101 | AP1: whatreq_1_1 | AQ1: whatreq_1_2 | AR1: whatreq_1_3 | AS1: whatreq_2_1 | AT1: whatreq_2_2 | AU1: whatreq_2_3 | AV1: whatreq_3_1 | AW1: whatreq_3_2 | AX1: whatreq_3_3 | AY1: whatreq_4_1 | AZ1: whatreq_4_2 | BA1: whatreq_4_3 | BB1: whatreq_5_1 | BC1: whatreq_5_2 | BD1: whatreq_5_3 | BE1: whatreq_6_1 | BF1: whatreq_6_2 | BG1: whatreq_6_3 | BH1: whatreq_7_1 | BI1: whatreq_7_2 | BJ1: whatreq_7_3 | BK1: whatreq_7_TEXT | BL1: Format | BM1: Format_5_TEXT | BN1: textformat_1 | BO1: textformat_2 | BP1: textformat_3 | BQ1: textformat_5 | BR1: textformat_5_TEXT | BS1: ProPurchase_1 | BT1: Reason_1 | BU1: Reason_2 | BV1: Reason_3 | BW1: Cost_1_1_1 | BX1: Cost_2_1_1 | BY1: Cost_3_1_1 | BZ1: Cost_4_1_1 | CA1: Cost_5_1 | CB1: Used_1 | CC1: Used_2 | CD1: Used_3 | CE1: Used_5 | CF1: Used_9 | CG1: Used_10 | CH1: Used_11 | CI1: Used_6 | CJ1: Used_6_TEXT | CK1: Cost_text | CL1: License_1_1 | CM1: License_1_2 | CN1: License_1_3 | CO1: License_1_4 | CP1: License_2_1 | CQ1: License_2_2 | CR1: License_2_3 | CS1: License_2_4 | CT1: TextSat | CU1: SatFactor_1 | CV1: SatFactor_2 | CW1: SatFactor_3 | CX1: SatFactor_4 | CY1: SatFactor_5 | CZ1: SatFactor_6 | DA1: SatFactor_7 | DB1: SatFactor_8 | DC1: SatFactor_9 | DD1: TextChanges_36 | DE1: TextChanges_39 | DF1: TextChanges_42 | DG1: TextChanges_57 | DH1: TextChanges_49 | DI1: TextChanges_53 | DJ1: TextChanges_54 | DK1: TextChanges_55 | DL1: TextChanges_55_TEXT | DM1: Q98 | DN1: Q99 | DO1: CCaware_1 | DP1: CCaware_2 | DQ1: CCaware_3 | DR1: OERaware | DS1: OERuse_1_1 | DT1: OERuse_1_2 | DU1: OERuse_1_3 | DV1: OERInit_1 | DW1: OERInit_6 | DX1: OERInit_4 | DY1: OERInit_5 | DZ1: OERInit_7 | EA1: CostInit_1 | EB1: CostInit_6 | EC1: CostInit_4 | ED1: CostInit_5 | EE1: CostInit_7 | EF1: OER3yr | EG1: comment | EH1: Quote | EI1: Recont
A2: 43559.434 | B2: 73 | C2: 80 | D2: 3 | E2: 1 | F2: 3 | G2: 4 | H2: 2 | I2: 4 | J2: 2 | K2: 2 | M2: 4 | S2: 1 | X2: 1 | AB2: 1 | AF2: 1 | AL2: 3 | AM2: 7 | AP2: 1 | AS2: 1 | AW2: 1 | AY2: 1 | BD2: 1 | BF2: 1 | BI2: 1 | BL2: 2 | BP2: 1 | BS2: 64 | BW2: 350 | BX2: 250 | BY2: 50 | BZ2: 50 | CD2: 1 | CH2: 1 | CL2: 1 | CP2: 1 | CT2: 14 | CU2: 15 | CV2: 14 | CW2: 13 | CX2: 15 | CY2: 14 | CZ2: 14 | DA2: 14 | DB2: 13 | DC2: 14 | DE2: 1 | DG2: 1 | DM2: Excellent current examples. | DN2: Excess meaningless wording. | DO2: 7 | DP2: 8 | DQ2: 6 | DR2: 7 | DY2: 1 | ED2: 1 | EF2: 3 | EH2: 1 | EI2: 1
A3: 43559.518 | B3: 74 | C3: 11 | D3: 3 | E3: 2 | F3: 6 | G3: 5 | H3: 1 | I3: 1 | J3: 2 | K3: 1 | L3: 2 | S3: 1 | Z3: 1 | AB3: 1 | AC3: 1 | AL3: 3 | AM3: 8 | AP3: 1 | AU3: 1 | AW3: 1 | AZ3: 1 | BC3: 1 | BF3: 1 | BJ3: 1 | BL3: 5 | BM3: 5 | BN3: 1 | BS3: 65 | BT3: 1 | BU3: 2 | BV3: 3 | BW3: 300 | BX3: 200 | BY3: 50 | BZ3: 0 | CB3: 1 | CF3: 1 | CH3: 1 | CL3: 1 | CP3: 1 | CT3: 17 | CU3: 14 | CV3: 14 | CW3: 14 | CX3: 14 | CY3: 14 | CZ3: 14 | DA3: 14 | DB3: 14 | DC3: 14 | DE3: 1 | DM3: None | DN3: None | DO3: 7 | DP3: 8 | DQ3: 7 | DR3: 6 | DT3: 1 | DY3: 1 | ED3: 1 | EH3: 2 | EI3: 2
A4: 43559.534 | B4: 5 | C4: 11 | D4: 3 | E4: 1 | F4: 5 | G4: 3 | H4: 2 | I4: 5 | J4: 2 | K4: 7 | S4: 2 | AL4: 3 | AM4: 5 | AP4: 1 | BL4: 1 | BO4: 1 | BS4: 96 | BT4: 3 | BU4: 1 | BV4: 2 | BW4: 150 | BY4: 0 | CH4: 1 | CL4: 1 | CR4: 1 | CT4: 15 | CU4: 13 | CW4: 14 | CX4: 14 | DA4: 14 | DB4: 14 | DC4: 16 | DD4: 1 | DM4: free open source | DN4: will it be updated? | DO4: 8 | DP4: 8 | DQ4: 8 | DR4: 7 | DS4: 1 | DY4: 1 | ED4: 1 | EH4: 2 | EI4: 2
A5: 43559.593 | B5: 80 | C5: 20 | D5: 4 | E5: 1 | F5: 4 | G5: 2 | H5: 4 | I5: 3 | J5: 1 | K5: 1 | L5: 13 | S5: 4 | AL5: 5 | AM5: 1 | AP5: 1 | AU5: 1 | AX5: 1 | BA5: 1 | BD5: 1 | BG5: 1 | BJ5: 1 | BL5: 1 | BN5: 1 | BS5: 80 | BT5: 1 | BU5: 2 | BV5: 3 | BW5: 35 | CG5: 1 | CL5: 1 | CT5: 15 | CU5: 14 | CV5: 14 | CW5: 16 | CX5: 16 | CY5: 14 | CZ5: 14 | DA5: 14 | DB5: 14 | DC5: 14 | DD5: 1 | DE5: 1 | DF5: 1 | DG5: 1 | DH5: 1 | DO5: 7 | DP5: 7 | DQ5: 7 | DR5: 7 | DU5: 1 | DY5: 1 | ED5: 1 | EF5: 3 | EH5: 2 | EI5: 1
A6: 43559.597 | B6: 100 | C6: 61 | D6: 2 | E6: 1 | F6: 7 | G6: 3 | H6: 2 | I6: 6 | J6: 2 | K6: 4 | O6: 4 | S6: 2 | AL6: 2 | AM6: 6 | AP6: 1 | AU6: 1 | AX6: 1 | BA6: 1 | BD6: 1 | BG6: 1 | BJ6: 1 | BL6: 1 | BN6: 1 | BO6: 1 | BP6: 1 | BS6: 71 | BW6: 125 | BX6: 75 | BY6: 35 | BZ6: 25 | CC6: 1 | CD6: 1 | CF6: 1 | CG6: 1 | CL6: 1 | CP6: 1 | CT6: 13 | CU6: 16 | CV6: 13 | CW6: 16 | CX6: 16 | DA6: 13 | DB6: 13 | DC6: 13 | DD6: 1 | DE6: 1 | DG6: 1 | DM6: student friendly, excellent writing, well organized | DN6: cost | DO6: 8 | DP6: 8 | DQ6: 8 | DR6: 6 | DS6: 1 | DV6: 1 | EA6: 1 | EH6: 1 | EI6: 1
A7: 43573.402 | B7: 75 | C7: 0 | D7: 1 | E7: 1 | F7: 1 | G7: 1 | H7: 2 | I7: 4 | J7: 2 | K7: 1 | L7: 2 | S7: 4 | AL7: 4 | AM7: 8 | AP7: 1 | AU7: 1 | AX7: 1 | AY7: 1 | BD7: 1 | BE7: 1 | BH7: 1 | BL7: 1 | BN7: 1 | BO7: 1 | BS7: 41 | BT7: 1 | BU7: 3 | BV7: 2 | BW7: 100 | BX7: 50 | BY7: 20 | BZ7: 1 | CB7: 1 | CC7: 1 | CD7: 1 | CH7: 1 | CL7: 1 | CP7: 1 | CT7: 15 | CU7: 15 | CV7: 15 | CW7: 16 | CX7: 13 | CZ7: 13 | DA7: 16 | DB7: 16 | DC7: 13 | DH7: 1 | DO7: 7 | DP7: 7 | DQ7: 5 | DR7: 10 | DU7: 1 | DV7: 1 | EA7: 1 | EF7: 4 | EH7: 1 | EI7: 1
A8: 43585.597 | D8: 7 | E8: 3 | F8: 3 | G8: 5 | H8: 1 | I8: 1 | J8: 2 | K8: 2 | M8: 2 | S8: 3 | AL8: 1 | AM8: 6 | AN8: 1 | AP8: 1 | AU8: 1 | AX8: 1 | BA8: 1 | BD8: 1 | BG8: 1 | BJ8: 1 | BL8: 2 | BO8: 1 | BQ8: 1 | BS8: 57 | BT8: 2 | BU8: 1 | BV8: 3 | CA8: 1 | CB8: 1 | CE8: 1 | CL8: 1 | CP8: 1 | CT8: 15 | CU8: 15 | CW8: 13 | CX8: 14 | CY8: 13 | CZ8: 16 | DA8: 16 | DB8: 15 | DC8: 14 | DE8: 1 | DG8: 1 | DH8: 1 | DO8: 7 | DP8: 7 | DQ8: 7 | DR8: 9 | DS8: 1 | DX8: 1 | EC8: 1 | EH8: 1 | EI8: 1
A9: 43585.605 | B9: 93 | D9: 5 | E9: 1 | F9: 2 | G9: 4 | H9: 1 | I9: 4 | J9: 1 | K9: 4 | O9: 3 | S9: 3 | AL9: 3 | AM9: 6 | AN9: 1 | AP9: 1 | AU9: 1 | AV9: 1 | AY9: 1 | BD9: 1 | BG9: 1 | BJ9: 1 | BL9: 1 | BN9: 1 | BO9: 1 | BP9: 1 | BS9: 87 | CA9: 1 | CC9: 1 | CD9: 1 | CF9: 1 | CL9: 1 | CP9: 1 | CT9: 18 | CU9: 15 | CV9: 15 | CW9: 15 | CX9: 15 | CY9: 16 | CZ9: 16 | DA9: 15 | DB9: 16 | DC9: 16 | DD9: 1 | DE9: 1 | DF9: 1 | DG9: 1 | DJ9: 1 | DO9: 8 | DP9: 8 | DQ9: 5 | DR9: 10 | DV9: 1 | EA9: 1 | EF9: 7 | EH9: 2 | EI9: 2
A10: 43585.606 | B10: 85 | C10: 96 | D10: 6 | E10: 6 | F10: 2 | G10: 3 | H10: 4 | I10: 3 | J10: 1 | K10: 2 | M10: 12 | S10: 2 | AL10: 2 | AM10: 5 | AN10: 1 | AO10: MANUF 2201 | AR10: 1 | AU10: 1 | AX10: 1 | AY10: 1 | BC10: 1 | BE10: 1 | BI10: 1 | CK10: On average 1 out of 20 students try to avoid buying a book because of cost. | DM10: Lots of good examples. | DN10: No online learning option. | DO10: 8 | DP10: 8 | DQ10: 7 | DR10: 10 | DV10: 1 | EE10: 1 | EF10: 4 | EH10: 1 | EI10: 2
A11: 43585.608 | B11: 20 | C11: 100 | D11: 2 | E11: 2 | F11: 3 | G11: 7 | H11: 1 | I11: 1 | J11: 1 | K11: 1 | L11: 6 | S11: 3 | AL11: 3 | AM11: 6 | AN11: 1 | AO11: GD2200, GD2202 | AP11: 1 | AU11: 1 | AX11: 1 | BA11: 1 | BD11: 1 | BG11: 1 | BJ11: 1 | BL11: 1 | BN11: 1 | BO11: 1 | BS11: 80 | BT11: 1 | BU11: 3 | BV11: 2 | BW11: 30 | BX11: 20 | BY11: 20 | CF11: 1 | CL11: 1 | CP11: 1 | CT11: 13 | CU11: 14 | CV11: 14 | CW11: 14 | CX11: 14 | CY11: 14 | CZ11: 16 | DA11: 14 | DB11: 14 | DC11: 16 | DE11: 1 | DF11: 1 | DM11: Well written and organized | DN11: Not up-to-date | DO11: 7 | DP11: 7 | DQ11: 7 | DR11: 8 | DU11: 1 | DV11: 1 | EA11: 1 | EF11: 4 | EH11: 1 | EI11: 1
A12: 43585.611 | B12: 19 | C12: 4 | D12: 3 | E12: 2 | F12: 6 | G12: 3 | H12: 4 | I12: 6 | J12: 1 | K12: 2 | M12: 1 | S12: 1 | V12: 1 | W12: 1 | AB12: 1 | AH12: 1 | AL12: 3 | AM12: 8 | AN12: 1 | AO12: ACCOU-2140 | AP12: 1 | AS12: 1 | AX12: 1 | AY12: 1 | BB12: 1 | BE12: 1 | BI12: 1 | BL12: 1 | BN12: 1 | BP12: 1 | BS12: 100 | CA12: 1 | CK12: The costs are too high | CL12: 1 | CT12: 15 | CU12: 16 | CV12: 14 | CW12: 13 | CX12: 14 | CY12: 15 | CZ12: 14 | DA12: 14 | DB12: 14 | DC12: 14 | DI12: 1 | DM12: The end of chapter exercises and problems are good | DN12: Visuals in the textbook are not at all realistic | DO12: 5 | DP12: 7 | DQ12: 5 | DR12: 7 | DU12: 1 | DV12: 1 | EA12: 1 | EF12: 5 | EH12: 1 | EI12: 2
A13: 43585.611 | B13: 82 | C13: 95 | D13: 6 | E13: 2 | F13: 6 | G13: 7 | H13: 4 | I13: 3 | J13: 1 | K13: 4 | O13: 4 | S13: 4 | AL13: 4 | AM13: 5 | AN13: 1 | AQ13: 1 | AU13: 1 | AX13: 1 | AZ13: 1 | BD13: 1 | BG13: 1 | BJ13: 1 | DM13: Diversity of content | DN13: No models of proper writing | DO13: 8 | DP13: 8 | DQ13: 8 | DR13: 7 | DU13: 1 | DV13: 1 | EC13: 1 | EF13: 4 | EH13: 1 | EI13: 2
A14: 43585.611 | B14: 17 | C14: 25 | D14: 2 | E14: 3 | F14: 5 | G14: 1 | H14: 4 | I14: 1 | J14: 1 | K14: 6 | Q14: 1 | S14: 1 | Z14: 1 | AL14: 4 | AM14: 5 | AN14: 1 | AP14: 1 | AS14: 1 | AX14: 1 | AZ14: 1 | BD14: 1 | BG14: 1 | BJ14: 1 | BL14: 1 | BN14: 1 | BS14: 90 | BT14: 1 | BU14: 2 | BV14: 3 | BW14: 125 | BX14: 80 | BY14: 40 | CD14: 1 | CT14: 14 | CU14: 14 | CV14: 15 | CW14: 14 | CX14: 14 | CY14: 14 | CZ14: 14 | DA14: 14 | DB14: 14 | DC14: 14 | DD14: 1 | DE14: 1 | DJ14: 1 | DO14: 5 | DP14: 6 | DQ14: 5 | DR14: 8 | DV14: 1 | DZ14: 1 | EE14: 1 | EF14: 7 | EH14: 2 | EI14: 2
A15: 43585.613 | C15: 6 | D15: 4 | E15: 4 | F15: 4 | G15: 2 | H15: 1 | I15: 1 | J15: 1 | K15: 4 | O15: 3 | S15: 3 | AL15: 3 | AM15: 5 | AN15: 1 | AO15: MPTV | AQ15: 1 | AU15: 1 | AX15: 1 | AZ15: 1 | BB15: 1 | BF15: 1 | BH15: 1 | CK15: I recommend only books that students should keep for life and refer to in their careers | DM15: Removes all guessing. I recommend ap style book | DN15: Since it’s only recommended not everybody uses it | DO15: 8 | DP15: 8 | DQ15: 6 | DR15: 6 | DU15: 1 | DV15: 1 | EA15: 1 | EF15: 3 | EH15: 2 | EI15: 2
A16: 43585.614 | C16: 0 | D16: 3 | E16: 5 | F16: 7 | G16: 4 | J16: 1 | K16: 5 | P16: 5 | S16: 4 | AL16: 4 | AM16: 1 | AN16: 1 | AO16: 1105 BNA | AP16: 1 | AT16: 1 | AW16: 1 | BA16: 1 | BC16: 1 | BF16: 1 | BJ16: 1 | BL16: 1 | BN16: 1 | BS16: 100 | BW16: 160 | CI16: 1 | CJ16: No | CK16: Textbooks/ Workbook combined is a fair price | CL16: 1 | CM16: 1 | CT16: 13 | CU16: 13 | CV16: 13 | CW16: 13 | CX16: 13 | CY16: 13 | CZ16: 13 | DA16: 13 | DB16: 13 | DC16: 13 | DK16: 1 | DL16: None | DM16: Compatible with IDPH standards. | DN16: None | DO16: 7 | DP16: 7 | DQ16: 5 | DR16: 10 | DU16: 1 | DZ16: 1 | EE16: 1 | EF16: 6 | EG16: Textbooks and all teaching materials need to be approved by IDPH | EH16: 1 | EI16: 1
A17: 43585.614 | B17: 90 | C17: 90 | D17: 2 | E17: 2 | F17: 6 | G17: 6 | H17: 3 | I17: 1 | J17: 2 | K17: 7 | R17: 11 | S17: 2 | AL17: 4 | AM17: 8 | AN17: 2 | AO17: LIBRA 2200 Public Services | AP17: 1 | AU17: 1 | AV17: 1 | BA17: 1 | BB17: 1 | BE17: 1 | BJ17: 1 | BL17: 1 | BN17: 1 | BS17: 100 | BW17: 80 | BX17: 40 | CD17: 1 | CF17: 1 | CG17: 1 | CI17: 1 | CJ17: For some courses I have assigned weekly applicable artide readings from journals found in the COD Library databases. | CK17: For many of my students it is a barrier to registering for a course if the course textbook is over $100. | CL17: 1 | CT17: 15 | CU17: 16 | CV17: 14 | CW17: 16 | CX17: 16 | CY17: 16 | CZ17: 16 | DA17: 14 | DB17: 14 | DC17: 16 | DD17: 1 | DE17: 1 | DF17: 1 | DI17: 1 | DJ17: 1 | DM17: The textbook uses case studies from around the country. | DN17: It hasn't been updated in four years and technology has changed since the time of the original publication. | DO17: 8 | DP17: 8 | DQ17: 8 | DR17: 7 | DT17: 1 | DY17: 1 | ED17: 1 | EG17: I recently dropped three textbooks total in two different courses with full support from the program advisory committee. | EH17: 1 | EI17: 1
A18: 43585.615 | B18: 70 | C18: 32 | D18: 4 | E18: 2 | F18: 2 | G18: 2 | H18: 4 | I18: 3 | J18: 1 | K18: 5 | P18: 21 | S18: 4 | AL18: 4 | AM18: 8 | AN18: 1 | AP18: 1 | AU18: 1 | AV18: 1 | AZ18: 1 | BC18: 1 | BG18: 1 | BJ18: 1 | BL18: 2 | BN18: 1 | BO18: 1 | BP18: 1 | BS18: 88 | BT18: 1 | BU18: 2 | BV18: 3 | BW18: 120 | BX18: 80 | BY18: 80 | CF18: 1 | CL18: 1 | CP18: 1 | CT18: 14 | CU18: 15 | CV18: 14 | CW18: 14 | CX18: 16 | CY18: 15 | CZ18: 15 | DA18: 14 | DB18: 14 | DC18: 15 | DD18: 1 | DE18: 1 | DF18: 1 | DG18: 1 | DI18: 1 | DM18: readability | DN18: cost; lack of video content | DO18: 5 | DP18: 6 | DQ18: 5 | DR18: 10 | DU18: 1 | DV18: 1 | EA18: 1 | EF18: 7 | EH18: 1 | EI18: 2
A19: 43585.615 | B19: 61 | C19: 11 | D19: 1 | E19: 1 | F19: 4 | G19: 3 | H19: 1 | I19: 6 | J19: 1 | K19: 4 | O19: 3 | S19: 3 | AL19: 4 | AM19: 7 | AN19: 1 | AP19: 1 | AU19: 1 | AX19: 1 | BA19: 1 | BD19: 1 | BG19: 1 | BJ19: 1 | BL19: 3 | BN19: 1 | BP19: 1 | BS19: 25 | BW19: 220 | BX19: 100 | BY19: 75 | CB19: 1 | CC19: 1 | CD19: 1 | CF19: 1 | CG19: 1 | CI19: 1 | CJ19: cCreating and printing my own resources--really expensive for me time wise and to print, etc. Paper costs, ink costs. But I am very good at it, so I do it. Students need materials and are not buying texts. | CK19: Students are not buying texts, so I am not going to require next term. I have been creating my own materials and going to open access sites to use their materials. However, it is VERY expensive for me in terms of time and money, to create resources and print them then, especially on a part timer's pay. I will be honest, I've spent THOUSANDS of dollars. | CL19: 1 | CP19: 1 | CT19: 18 | CU19: 16 | CV19: 13 | CW19: 16 | CX19: 16 | CY19: 13 | CZ19: 13 | DA19: 13 | DB19: 13 | DC19: 13 | DD19: 1 | DE19: 1 | DF19: 1 | DG19: 1 | DM19: Students can practice reading of college level materials, which is needed in my developmental reading classes. Content is good. BUT TOO EXPENSIVE. | DN19: COST! | DO19: 8 | DP19: 8 | DQ19: 8 | DR19: 7 | DT19: 1 | DY19: 1 | ED19: 1 | EG19: I would love to have my students have access to and use a reading textbook regularly, with me continuing to supplement as I have been doing. But they don't buy it since it's so expensive. So I am no longer going to require its use. This is a shame since they need help accessing college level reading materials. I do not like the "open" reading texts I've found so far, as they are not thorough enough. I am really good at creating content, so that's what I am doing. | EH19: 1 | EI19: 1
A20: 43585.617 | B20: 85 | D20: 3 | E20: 3 | F20: 4 | G20: 4 | H20: 4 | I20: 3 | J20: 1 | K20: 7 | R20: 3 | S20: 2 | AL20: 2 | AM20: 6 | AN20: 1 | AP20: 1 | AU20: 1 | AX20: 1 | AY20: 1 | BD20: 1 | BG20: 1 | BJ20: 1 | BL20: 2 | BN20: 1 | BO20: 1 | BP20: 1 | BS20: 100 | BW20: 175 | BX20: 135 | BY20: 37 | CD20: 1 | CI20: 1 | CJ20: Use same book for 3 courses. | CL20: 1 | CP20: 1 | CT20: 13 | CU20: 16 | CV20: 15 | CW20: 16 | CX20: 16 | CY20: 14 | CZ20: 14 | DA20: 14 | DB20: 13 | DC20: 13 | DD20: 1 | DE20: 1 | DJ20: 1 | DM20: Provides good overviews of course topics. | DN20: Outdated references. Students sometimes don't buy the correct edition, then there are content/page numbering challenges. | DO20: 7 | DP20: 8 | DQ20: 7 | DR20: 8 | DV20: 1 | DY20: 1 | EE20: 1 | EF20: 4 | EH20: 2 | EI20: 2
A21: 43585.618 | B21: 98 | C21: 100 | D21: 6 | E21: 1 | F21: 3 | G21: 7 | H21: 2 | I21: 3 | J21: 2 | K21: 4 | O21: 4 | S21: 2 | AL21: 2 | AM21: 8 | AN21: 1 | AO21: ENGLI 1150: Short Fiction OR ENGLI 1130: Intro to Lit | AR21: 1 | AU21: 1 | AV21: 1 | AY21: 1 | BD21: 1 | BE21: 1 | BJ21: 1 | CK21: ZERO, preferably. | DM21: I don't use a textbook. I prefer that students seek out the materials themselves and pay (or not) whatever aligns with their budget. | DN21: n/a | DO21: 7 | DP21: 7 | DQ21: 7 | DR21: 6 | DS21: 1 | DT21: 1 | DV21: 1 | EA21: 1 | EG21: Keep fighting the good fight. :) | EH21: 1 | EI21: 1
A22: 43585.62 | B22: 38 | D22: 2 | E22: 1 | F22: 5 | G22: 3 | H22: 2 | I22: 3 | J22: 2 | K22: 1 | L22: 13 | S22: 1 | W22: 1 | AL22: 4 | AM22: 5 | AN22: 1 | AO22: Fundamentals of Speech Communication 22 | AP22: 1 | AU22: 1 | AX22: 1 | AY22: 1 | BD22: 1 | BG22: 1 | BJ22: 1 | BL22: 1 | BP22: 1 | BS22: 80 | BT22: 1 | BU22: 2 | BV22: 3 | BZ22: 90 | CK22: I use McGraw Hill’s Connect which is a subscription book/platform. I specifically use this one because it has options to upload speeches which for net classes is important plus it has learning modules that helps make sure students are reading and understanding the most important components of the chapters. Next semester I am choosing a different text that is considerably cheaper but has no learning platform and I’m nervous how it will impact their reading. Speech has a high drop rate related to anxiety and chapter quiz points help bolster their grades without crippling me with quiz grading. | CL22: 1 | CT22: 14 | CU22: 16 | CV22: 13 | CW22: 14 | CX22: 16 | CZ22: 16 | DA22: 13 | DB22: 13 | DC22: 14 | DD22: 1 | DE22: 1 | DG22: 1 | DJ22: 1 | DM22: Easy to understand, covers IAI requirements, provides examples | DN22: Cost. | DO22: 6 | DP22: 6 | DQ22: 5 | DR22: 9 | DU22: 1 | DV22: 1 | EA22: 1 | EF22: 4 | EH22: 1 | EI22: 1
A23: 43585.622 | B23: 50 | C23: 80 | D23: 3 | E23: 5 | F23: 4 | G23: 7 | H23: 4 | I23: 1 | J23: 1 | S23: 4 | AL23: 4 | AM23: 1 | AN23: 1 | AO23: ARCH 2413 18 students | AP23: 1 | AU23: 1 | AW23: 1 | BA23: 1 | BD23: 1 | BF23: 1 | BJ23: 1 | BL23: 1 | BN23: 1 | BS23: 100 | BW23: 60 | BY23: 50 | CF23: 1 | CK23: I believe that the cost of materials is high. I highly recommend used or digital copies of class materials and only require one book. That being said, the book is a crucial part of class and it is highly recommended that students have the textbook to complete their work. | CL23: 1 | CP23: 1 | CT23: 14 | CU23: 14 | CV23: 14 | CW23: 16 | CX23: 14 | CY23: 16 | CZ23: 16 | DA23: 14 | DB23: 14 | DC23: 14 | DE23: 1 | DF23: 1 | DG23: 1 | DI23: 1 | DJ23: 1 | DK23: 1 | DL23: No additional materials were provided to me when I received the text book. I was 3/4 of the way through the semester before I was aware of additional content. | DM23: The textbook is thorough and provides great information. The supplemental material is very helpful, but because I did not have access to it until so late it was not the most helpful for this semester. | DN23: Some of the information is outdated already. | DO23: 6 | DP23: 6 | DQ23: 7 | DR23: 9 | DU23: 1 | DV23: 1 | EA23: 1 | EF23: 5 | EG23: Make sure to communicate to adjuncts that textbooks typically provide supplemental material. | EH23: 2 | EI23: 2
A24: 43585.623 | C24: 60 | D24: 6 | E24: 4 | F24: 4 | G24: 3 | H24: 2 | I24: 3 | J24: 2 | K24: 6 | Q24: 3 | S24: 2 | AL24: 5 | AM24: 6 | AN24: 1 | AP24: 1 | BL24: 2 | BN24: 1 | BO24: 1 | BP24: 1 | BS24: 72 | BT24: 2 | BU24: 1 | BV24: 3 | CF24: 1 | CG24: 1 | CT24: 13 | CU24: 15 | CV24: 13 | CW24: 14 | CX24: 14 | CY24: 14 | CZ24: 13 | DA24: 13 | DB24: 13 | DC24: 13 | DD24: 1 | DE24: 1 | DF24: 1 | DJ24: 1 | DO24: 6 | DP24: 6 | DQ24: 7 | DR24: 9 | DU24: 1 | DV24: 1 | EA24: 1 | EF24: 4 | EH24: 1 | EI24: 2
A25: 43585.624 | B25: 65 | C25: 25 | D25: 3 | E25: 4 | F25: 6 | G25: 6 | H25: 4 | I25: 1 | J25: 1 | K25: 5 | P25: 11 | S25: 4 | AL25: 4 | AM25: 5 | AN25: 1 | AP25: 1 | AQ25: 1 | AU25: 1 | AW25: 1 | AZ25: 1 | BD25: 1 | BG25: 1 | BJ25: 1 | BL25: 1 | BN25: 1 | BO25: 1 | BS25: 50 | BT25: 2 | BU25: 1 | BV25: 3 | BW25: 76.5 | BX25: 20 | BY25: 76.5 | CD25: 1 | CF25: 1 | CG25: 1 | CT25: 14 | CU25: 14 | CV25: 13 | CW25: 14 | CX25: 14 | CY25: 13 | CZ25: 13 | DA25: 13 | DB25: 13 | DC25: 13 | DD25: 1 | DE25: 1 | DF25: 1 | DG25: 1 | DJ25: 1 | DM25: Great explanations that go in-depth, but not too far. Just enough for this cohort to understand the functions. | DN25: Not enough good photos and diagrams. I had to find a lot of those myself through other sources. | DO25: 6 | DP25: 6 | DQ25: 6 | DR25: 10 | DV25: 1 | EA25: 1 | EF25: 4 | EG25: Please tell us more about these resources! This is the first I've heard of them, and I think it's great. Wish they had been available when I was in school, because brand new textbooks are so expensive, and you get so little back on resale. | EH25: 2 | EI25: 1
A26: 43585.625 | C26: 38 | D26: 2 | E26: 3 | F26: 6 | G26: 6 | H26: 2 | I26: 3 | J26: 2 | K26: 6 | Q26: 3 | S26: 2 | AL26: 4 | AM26: 6 | AN26: 1 | AO26: Micro 1420 | AP26: 1 | AU26: 1 | AX26: 1 | BA26: 1 | BD26: 1 | BG26: 1 | BJ26: 1 | BL26: 2 | BN26: 1 | BS26: 100 | BW26: 250 | BX26: 100 | BY26: 100 | CC26: 1 | CI26: 1 | CJ26: Faculty authored lab manuals | CL26: 1 | CP26: 1 | CT26: 13 | CU26: 14 | CV26: 13 | CW26: 13 | CX26: 13 | CY26: 13 | CZ26: 13 | DA26: 13 | DB26: 13 | DC26: 13 | DD26: 1 | DE26: 1 | DF26: 1 | DG26: 1 | DH26: 1 | DM26: Clear and concise. | DN26: Cost | DO26: 8 | DP26: 8 | DQ26: 7 | DR26: 7 | DU26: 1 | DV26: 1 | EA26: 1 | EF26: 6 | EG26: OER are largely useless in the sciences. | EH26: 1 | EI26: 2
A27: 43585.63 | B27: 60 | C27: 52 | D27: 3 | E27: 2 | F27: 6 | G27: 5 | H27: 4 | I27: 6 | J27: 1 | K27: 4 | O27: 4 | S27: 5 | AL27: 4 | AM27: 1 | AN27: 1 | AO27: English 1101 | AP27: 1 | AU27: 1 | AW27: 1 | BA27: 1 | BC27: 1 | BG27: 1 | BJ27: 1 | BL27: 1 | BN27: 1 | BO27: 1 | BP27: 1 | BS27: 84 | BT27: 1 | BU27: 2 | BV27: 3 | CA27: 1 | CC27: 1 | CD27: 1 | CF27: 1 | CL27: 1 | CT27: 14 | CU27: 14 | CV27: 14 | CW27: 15 | CX27: 14 | CY27: 15 | CZ27: 14 | DA27: 13 | DB27: 14 | DC27: 14 | DD27: 1 | DE27: 1 | DF27: 1 | DJ27: 1 | DM27: Reading homework questions encourage critical thinking. The textbook offers a wider variety of kinds of essays than some other sources I've examined. | DN27: The reading selections must be updated. The current 4th edition is much weaker than the 3rd edition. | DO27: 7 | DP27: 8 | DQ27: 5 | DR27: 7 | DZ27: 1 | EB27: 1 | EF27: 4 | EH27: 2 | EI27: 2
A28: 43585.634 | B28: 80 | C28: 22 | D28: 2 | E28: 4 | F28: 1 | G28: 1 | H28: 4 | I28: 2 | J28: 1 | K28: 4 | O28: 4 | S28: 2 | AL28: 2 | AM28: 6 | AN28: 1 | AP28: 1 | AU28: 1 | AV28: 1 | BA28: 1 | BC28: 1 | BG28: 1 | BJ28: 1 | BL28: 1 | BN28: 1 | BP28: 1 | BQ28: 1 | BR28: print rental | BS28: 85 | BT28: 2 | BU28: 1 | BV28: 3 | BW28: 50 | BX28: 30 | BY28: 35 | CA28: 1 | CB28: 1 | CC28: 1 | CD28: 1 | CG28: 1 | CK28: The Digital Learning options and learning management systems, like with Cengage, can be very expensive (for example over $100). Also, if students want a printed copy, they have to pay for both the printed copy and the access code. | CL28: 1 | CP28: 1 | CT28: 17 | CU28: 15 | CV28: 15 | CW28: 15 | CX28: 15 | CY28: 14 | CZ28: 15 | DA28: 14 | DB28: 14 | DC28: 14 | DE28: 1 | DF28: 1 | DG28: 1 | DJ28: 1 | DM28: They provide enough engaging readings for class discussion. I will supplement the readings with sources I locate myself, but the textbooks do provide a lot of options. | DN28: It is often a struggle to find enough engaging readings to fill the semester, which is why I rely on supplemental readings. | DO28: 7 | DP28: 7 | DQ28: 6 | DR28: 7 | DU28: 1 | DV28: 1 | EA28: 1 | EF28: 5 | EG28: I am concerned about recent aggressive pushes towards online learning systems (like Cengage), online books, and multimodal assignments because it privileges students who have access to their own personal laptop that they can bring to class and fast internet connections at home. A lot of students do not own their own computer or need to share it with their entire family. | EH28: 1 | EI28: 1
A29: 43585.636 | B29: 40 | C29: 40 | D29: 3 | E29: 2 | F29: 6 | G29: 5 | H29: 2 | I29: 2 | J29: 2 | K29: 7 | R29: 6 | S29: 2 | AL29: 4 | AM29: 8 | AN29: 2 | AO29: Introduction to Addictions, Human 1125 | AP29: 1 | AU29: 1 | AV29: 1 | AY29: 1 | BB29: 1 | BG29: 1 | BJ29: 1 | BL29: 1 | BN29: 1 | BO29: 1 | BP29: 1 | BS29: 75 | BT29: 1 | BU29: 2 | BV29: 3 | BW29: 125 | BX29: 75 | BY29: 75 | BZ29: 50 | CB29: 1 | CC29: 1 | CD29: 1 | CF29: 1 | CG29: 1 | CI29: 1 | CJ29: Eliminating required texts and supplementing with provided materials. | CK29: I am a huge proponent of lowering costs to students for course materials. There is an incredible wealth of material already available (e.g., videos, free and inexpensive articles, older text editions) that it seems almost insulting to continue requiring students to pay hundreds of dollars every semester for new books. I have struggled to find the right way to reduce costs, but overall, I believe our program has made significant strides. Some of the major barriers revolve around the constant insistence of the bookstore to get book orders in and use newer editions of texts. This is supported by publishers who often won't make older editions available for purchase through the bookstore and remove support for older editions. I would like to see the College develop a more flexible contractual agreement with the bookstore that allows faculty to promote outside sources for text purchasing. | CL29: 1 | CP29: 1 | CT29: 15 | CU29: 16 | CV29: 14 | CW29: 14 | CX29: 16 | CY29: 15 | CZ29: 14 | DA29: 14 | DB29: 14 | DC29: 14 | DD29: 1 | DE29: 1 | DF29: 1 | DG29: 1 | DM29: Broad coverage of topics Included with the Cengage Unlimited package cost | DN29: Expensive Lengthy for an intro course at over 600 pages | DO29: 8 | DP29: 8 | DQ29: 8 | DR29: 7 | DT29: 1 | DV29: 1 | EB29: 1 | EH29: 1 | EI29: 1
A30: 43585.636 | B30: 70 | C30: 14 | D30: 4 | E30: 5 | F30: 6 | G30: 2 | H30: 1 | I30: 6 | J30: 1 | K30: 6 | Q30: 3 | S30: 1 | Y30: 1 | AL30: 3 | AM30: 1 | AN30: 1 | AO30: Bio 1100 | AQ30: 1 | AU30: 1 | AX30: 1 | AZ30: 1 | BC30: 1 | BG30: 1 | BJ30: 1 | CK30: Lab and textbook can be expensive for science courses | DM30: traditional with launch pad access | DN30: not illustrated the best | DO30: 7 | DP30: 8 | DQ30: 5 | DR30: 10 | DT30: 1 | DV30: 1 | EA30: 1 | EG30: I have used videos and simulations online. Maybe they are OER. I am unfamiliar with the acronym | EH30: 1 | EI30: 1
A31: 43585.64 | C31: 83 | D31: 7 | E31: 5 | F31: 3 | G31: 4 | H31: 4 | I31: 1 | J31: 1 | K31: 8 | S31: 2 | AL31: 2 | AM31: 9 | AN31: 1 | AR31: 1 | AU31: 1 | AX31: 1 | BA31: 1 | BD31: 1 | BG31: 1 | BJ31: 1 | DO31: 7 | DP31: 7 | DQ31: 7 | DR31: 6 | DV31: 1 | EA31: 1 | EE31: 1 | EF31: 3 | EH31: 2 | EI31: 2
A32: 43585.641 | B32: 80 | C32: 100 | D32: 7 | E32: 2 | F32: 7 | G32: 7 | H32: 2 | I32: 6 | J32: 2 | K32: 1 | L32: 13 | S32: 1 | W32: 1 | AL32: 2 | AM32: 7 | AN32: 1 | AO32: Speech 1100 | AP32: 1 | AU32: 1 | AX32: 1 | AY32: 1 | BD32: 1 | BG32: 1 | BH32: 1 | BL32: 1 | BN32: 1 | BO32: 1 | BP32: 1 | BS32: 90 | BT32: 2 | BU32: 1 | BV32: 3 | BY32: 55 | CG32: 1 | CL32: 1 | CP32: 1 | CT32: 13 | CU32: 13 | CV32: 14 | CW32: 14 | CX32: 14 | CY32: 14 | CZ32: 14 | DA32: 14 | DB32: 14 | DC32: 14 | DD32: 1 | DE32: 1 | DM32: Real world applications/illustrations Connect | DN32: Occasional technical glitches | DO32: 5 | DP32: 5 | DQ32: 5 | DR32: 9 | DU32: 1 | DV32: 1 | EA32: 1 | EF32: 7 | EH32: 2 | EI32: 1
A33: 43585.642 | B33: 26 | C33: 86 | D33: 4 | E33: 1 | F33: 2 | G33: 5 | H33: 4 | I33: 6 | J33: 1 | K33: 6 | Q33: 16 | S33: 1 | AA33: 1 | AL33: 4 | AM33: 7 | AN33: 3 | AO33: CIT1111 | AP33: 1 | AS33: 1 | AX33: 1 | AY33: 1 | BD33: 1 | BG33: 1 | BJ33: 1 | BL33: 1 | BN33: 1 | BP33: 1 | BS33: 70 | BW33: 180 | BX33: 150 | BY33: 150 | BZ33: 95 | CC33: 1 | CK33: Its getting way out of line. For a one semester program for books to cost close to $200+ is getting way out of line. | CL33: 1 | CP33: 1 | CT33: 15 | CU33: 16 | CV33: 14 | CW33: 14 | CX33: 16 | CY33: 15 | CZ33: 15 | DA33: 14 | DB33: 14 | DC33: 15 | DD33: 1 | DF33: 1 | DH33: 1 | DI33: 1 | DM33: Illustrations are good at showing main concepts | DN33: They go on long examples of changing out components when its always based on the main board of the computer and will vary from model to model | DO33: 5 | DP33: 8 | DQ33: 5 | DR33: 10 | DV33: 1 | EA33: 1 | EF33: 4 | EH33: 1 | EI33: 1
A34: 43585.649 | B34: 40 | C34: 72 | D34: 5 | E34: 2 | F34: 6 | G34: 4 | H34: 2 | I34: 3 | J34: 2 | K34: 5 | P34: 14 | S34: 1 | W34: 1 | AE34: 1 | AJ34: 1 | AK34: SimCharts/Elsevier Study Island/Northstar Learning | AL34: 4 | AM34: 8 | AN34: 3 | AO34: MASST 1130 | AP34: 1 | AU34: 1 | AX34: 1 | BA34: 1 | BD34: 1 | BG34: 1 | BH34: 1 | BK34: Procedure workbook and Access code to SimCharts | BL34: 1 | BN34: 1 | BS34: 85 | BT34: 2 | BU34: 1 | BV34: 3 | BW34: 231.00 | CD34: 1 | CI34: 1 | CJ34: Access code, Procedure manual and book are used throughout the program. Suited to meet accreditation standards. | CL34: 1 | CP34: 1 | CT34: 13 | CU34: 15 | CV34: 13 | CW34: 15 | CX34: 14 | CY34: 14 | CZ34: 13 | DA34: 13 | DB34: 13 | DC34: 13 | DD34: 1 | DE34: 1 | DK34: 1 | DL34: Publisher aligns the material with accreditation standards. That's the big draw for me. It would be hard to achieve without their help. | DM34: Well aligned with accreditation standards. | DN34: The students don't like the study guides. I don't assign them anymore. | DO34: 7 | DP34: 7 | DQ34: 6 | DR34: 7 | DT34: 1 | DY34: 1 | EE34: 1 | EH34: 2 | EI34: 1
A35: 43585.653 | B35: 83 | C35: 21 | D35: 3 | E35: 2 | F35: 4 | G35: 3 | H35: 2 | I35: 1 | J35: 2 | K35: 7 | R35: 2 | S35: 2 | AL35: 2 | AM35: 8 | AN35: 2 | AO35: CRIMJ1100 Introduction to Criminal Justice | AP35: 1 | AU35: 1 | AX35: 1 | AY35: 1 | BD35: 1 | BG35: 1 | BJ35: 1 | BL35: 1 | BN35: 1 | BO35: 1 | BP35: 1 | BS35: 75 | BT35: 1 | BU35: 2 | BV35: 3 | BW35: 100 | BX35: 75 | BY35: 52 | BZ35: 150 | CB35: 1 | CD35: 1 | CE35: 1 | CF35: 1 | CL35: 1 | CP35: 1 | CT35: 15 | CU35: 15 | CV35: 15 | CW35: 13 | CX35: 15 | CY35: 15 | CZ35: 15 | DA35: 14 | DB35: 14 | DC35: 14 | DF35: 1 | DG35: 1 | DH35: 1 | DM35: Diversity | DN35: Lack of current information | DO35: 5 | DP35: 7 | DQ35: 6 | DR35: 7 | DU35: 1 | DV35: 1 | EA35: 1 | EF35: 3 | EH35: 1 | EI35: 1
A36: 43585.653 | B36: 72 | C36: 93 | D36: 5 | E36: 2 | G36: 6 | H36: 4 | I36: 1 | J36: 1 | K36: 6 | Q36: 11 | S36: 1 | AJ36: 1 | AK36: MyStatLab by Pearson | AL36: 4 | AM36: 1 | AN36: 1 | AO36: MATH 1635 | AQ36: 1 | AU36: 1 | AX36: 1 | AY36: 1 | BD36: 1 | BE36: 1 | BJ36: 1 | CK36: Text books are extraordinarily expensive. I would be glad to work a little harder to lessen the cost of texts or online and offline homework. However the quality of the materials is also very important. | DM36: Lots of real example stats problems. Teachers' edition with pointers and worked examples. | DN36: I fear that millennial students don't read. Many will leave a textbook unused. The online course materials that the are required to use is a better avenue to their learning. | DO36: 8 | DP36: 8 | DQ36: 6 | DR36: 10 | DU36: 1 | DV36: 1 | EB36: 1 | EF36: 7 | EG36: I am an adjunct lecturer. I must use the text that the department selects. As far as I know, I have no say in the selection of learning materials. | EH36: 1 | EI36: 1
A37: 43585.656 | B37: 32 | C37: 69 | D37: 5 | E37: 1 | F37: 6 | G37: 6 | H37: 4 | I37: 3 | J37: 1 | K37: 6 | Q37: 4 | S37: 1 | Z37: 1 | AL37: 4 | AM37: 8 | AN37: 1 | AO37: CHEM 1552 | AP37: 1 | AY37: 1 | BH37: 1 | BK37: calculatory, goggles | BL37: 1 | BN37: 1 | BS37: 70 | BT37: 1 | BU37: 2 | BV37: 3 | BW37: 200 | CB37: 1 | CL37: 1 | CP37: 1 | CT37: 15 | CU37: 16 | CV37: 13 | CW37: 14 | CX37: 13 | CY37: 15 | CZ37: 15 | DA37: 13 | DB37: 13 | DC37: 13 | DD37: 1 | DE37: 1 | DF37: 1 | DH37: 1 | DJ37: 1 | DM37: clear explanation. well written sample problems and explanations. | DN37: cost. | DO37: 5 | DP37: 6 | DQ37: 5 | DR37: 10 | DZ37: 1 | EE37: 1 | EF37: 7 | EH37: 1 | EI37: 2
A38: 43585.658 | B38: 50 | D38: 3 | E38: 1 | F38: 6 | G38: 2 | H38: 2 | I38: 5 | J38: 2 | K38: 4 | O38: 7 | S38: 1 | W38: 1 | AA38: 1 | AB38: 1 | AJ38: 1 | AK38: VHL | AL38: 4 | AM38: 8 | AN38: 1 | AO38: Elementary Spanish I | AP38: 1 | AS38: 1 | AX38: 1 | AY38: 1 | BC38: 1 | BG38: 1 | BJ38: 1 | BL38: 1 | BN38: 1 | BP38: 1 | BS38: 85 | BT38: 1 | BU38: 2 | BV38: 3 | BW38: 160 | BX38: 120 | BY38: 100 | CI38: 1 | CJ38: We were told that we couldn't advertise more affordable options in our syllabi because it would take away business from our COD bookstore. | CK38: I think we should have free and accessible course material online for students. They could minimal cost for materials required or needed for class. I also feel that using electronic devices in the classroom could be problematic and distracting, if not monitored. | CL38: 1 | CP38: 1 | CT38: 19 | CU38: 16 | CV38: 16 | CW38: 15 | CX38: 16 | CY38: 16 | CZ38: 16 | DA38: 16 | DB38: 16 | DC38: 16 | DE38: 1 | DF38: 1 | DG38: 1 | DJ38: 1 | DK38: 1 | DL38: I created Lesson Tips for my online courses to help students understand the lessons. | DM38: There are authentic brief videos with interviews with native Spanish speakers. | DN38: Too much material presented at once. Doesn't follow communicative/task-based instruction. The flow is confusing and overwhelming. | DO38: 7 | DP38: 7 | DQ38: 6 | DR38: 7 | DU38: 1 | DV38: 1 | EA38: 1 | EF38: 5 | EG38: I think the stigma with OER or offering resources free to students is that faculty will have to work harder to produce or organize these into their curriculum. For some faculty, they see it as easier to just use a textbook, where everything is already organized and available to students. I personally don't find this fair because our students have to pay the price for that trepidation. | EH38: 2 | EI38: 2
A39: 43585.659 | B39: 50 | C39: 0 | D39: 1 | E39: 1 | F39: 7 | G39: 4 | H39: 2 | I39: 2 | J39: 2 | K39: 6 | Q39: 1 | S39: 1 | Z39: 1 | AH39: 1 | AL39: 3 | AM39: 6 | AN39: 1 | AP39: 1 | AU39: 1 | AX39: 1 | AY39: 1 | BD39: 1 | BG39: 1 | BJ39: 1 | BL39: 2 | BN39: 1 | BS39: 75 | BT39: 1 | BU39: 2 | BV39: 3 | BW39: 276 | CD39: 1 | CG39: 1 | CK39: We negotiate a good price with vendors, the bookstore markup is what is a barrier to our students. DOCA students not having financial support to purchase books is another challenge. | CL39: 1 | CT39: 13 | CU39: 16 | CV39: 13 | CW39: 14 | CX39: 14 | CY39: 14 | CZ39: 14 | DA39: 14 | DB39: 14 | DC39: 14 | DK39: 1 | DM39: Accuracy, artwork, writing style | DN39: Cost | DO39: 7 | DP39: 7 | DQ39: 7 | DR39: 6 | DU39: 1 | DZ39: 1 | EA39: 1 | EF39: 6 | EH39: 2 | EI39: 2
A40: 43585.664 | B40: 36 | C40: 18 | D40: 1 | E40: 1 | F40: 6 | G40: 3 | H40: 4 | I40: 4 | J40: 1 | K40: 3 | N40: 6 | S40: 2 | AL40: 3 | AM40: 6 | AN40: 1 | AP40: 1 | BL40: 2 | BN40: 1 | BS40: 100 | BW40: 39 | CD40: 1 | CL40: 1 | CP40: 1 | CT40: 14 | CU40: 15 | CV40: 13 | CW40: 13 | CX40: 13 | CY40: 13 | CZ40: 13 | DA40: 13 | DB40: 13 | DC40: 14 | DE40: 1 | DM40: a consumable workbook | DN40: outdated photos/graphics | DO40: 8 | DP40: 8 | DQ40: 8 | DR40: 7 | DU40: 1 | DV40: 1 | EA40: 1 | EF40: 5 | EH40: 2 | EI40: 1
A41: 43585.671 | B41: 70 | D41: 4 | E41: 3 | F41: 2 | G41: 6 | H41: 4 | I41: 1 | J41: 1 | K41: 1 | L41: 8 | S41: 3 | AL41: 5 | AM41: 1 | AN41: 1 | AO41: INTER 1110 | AP41: 1 | AU41: 1 | AX41: 1 | BA41: 1 | BC41: 1 | BG41: 1 | BH41: 1 | BL41: 3 | BN41: 1 | BO41: 1 | BP41: 1 | BS41: 80 | BT41: 2 | BU41: 1 | BV41: 3 | BW41: 90 | BX41: 60 | BY41: 0 | CF41: 1 | CK41: Plans to lower (non-textbook) supply costs are in the works. | CO41: 1 | CT41: 17 | CU41: 13 | CV41: 14 | CW41: 16 | CX41: 15 | CZ41: 15 | DA41: 14 | DB41: 15 | DC41: 14 | DD41: 1 | DF41: 1 | DG41: 1 | DJ41: 1 | DM41: Inexpensive to students Used in future classes | DN41: Missing page numbers. Poor scale and image quality. Exercises are double sided - meaning students must give up a page in their workbook to submit homework. | DO41: 5 | DP41: 6 | DQ41: 5 | DR41: 10 | DV41: 1 | DZ41: 1 | EE41: 1 | EF41: 5 | EG41: The most used existing text is a COD Publication - photocopied student workbook. It is in the process of being revised. Having NKBA volumes available to access through the library is great! | EH41: 1 | EI41: 1
A42: 43585.674 | B42: 70 | C42: 70 | D42: 3 | E42: 2 | F42: 3 | G42: 3 | H42: 4 | I42: 3 | J42: 1 | K42: 1 | L42: 1 | S42: 5 | AL42: 4 | AM42: 5 | AN42: 1 | AO42: ARCH-2240 | AP42: 1 | AU42: 1 | AW42: 1 | AZ42: 1 | BD42: 1 | BG42: 1 | BJ42: 1 | BL42: 2 | BN42: 1 | BS42: 90 | BT42: 1 | BU42: 2 | BV42: 3 | BW42: 150 | BX42: 80 | CD42: 1 | CL42: 1 | CT42: 14 | CU42: 15 | CV42: 13 | CW42: 16 | CX42: 16 | CY42: 16 | CZ42: 16 | DA42: 14 | DB42: 14 | DC42: 15 | DD42: 1 | DE42: 1 | DF42: 1 | DG42: 1 | DI42: 1 | DJ42: 1 | DM42: Graphics in the Building Codes Book are exceptional | DN42: Latest version of the Construction Specifications book is getting very dated | DO42: 7 | DP42: 6 | DQ42: 5 | DR42: 10 | DU42: 1 | DV42: 1 | EB42: 1 | EF42: 5 | EG42: I am unfamiliar with OER, but teh survey description described it as "open and editable" which starts to sound like Wikipedia, which has flaws. | EH42: 1 | EI42: 1
A43: 43585.674 | B43: 50 | C43: 0 | D43: 2 | E43: 6 | F43: 7 | G43: 2 | H43: 2 | I43: 3 | J43: 2 | K43: 4 | O43: 7 | S43: 1 | W43: 1 | AB43: 1 | AL43: 2 | AM43: 8 | AN43: 1 | AO43: Spani 2202 | AP43: 1 | AU43: 1 | AX43: 1 | AY43: 1 | BC43: 1 | BF43: 1 | BJ43: 1 | BL43: 1 | BN43: 1 | BO43: 1 | BS43: 90 | BT43: 1 | BU43: 2 | BV43: 3 | BW43: 110 | BY43: 70 | CG43: 1 | CL43: 1 | CP43: 1 | CT43: 13 | CU43: 14 | CV43: 14 | CW43: 13 | CX43: 13 | CY43: 13 | CZ43: 13 | DA43: 13 | DB43: 13 | DC43: 13 | DD43: 1 | DF43: 1 | DM43: The explanations provided throughout the textbook lend a consistency to the course. I also like that the textbook has gone through a thorough editing process and has passed accessibility requirements. | DN43: N/A | DO43: 7 | DP43: 8 | DQ43: 7 | DR43: 6 | DU43: 1 | DY43: 1 | EB43: 1 | EF43: 6 | EH43: 2 | EI43: 2
A44: 43585.675 | B44: 85 | C44: 75 | D44: 6 | E44: 7 | F44: 6 | G44: 3 | H44: 2 | I44: 6 | J44: 2 | K44: 1 | L44: 13 | S44: 2 | AL44: 2 | AM44: 8 | AN44: 3 | AO44: Speech 1100-NET | AP44: 1 | AU44: 1 | AV44: 1 | AY44: 1 | BB44: 1 | BF44: 1 | BI44: 1 | BL44: 1 | BN44: 1 | BO44: 1 | BS44: 100 | BW44: 0 | BX44: 10 | BY44: 10 | CB44: 1 | CD44: 1 | CH44: 1 | CL44: 1 | CT44: 13 | CU44: 13 | CV44: 14 | CW44: 14 | CX44: 14 | CY44: 14 | CZ44: 14 | DA44: 14 | DB44: 14 | DC44: 14 | DD44: 1 | DE44: 1 | DF44: 1 | DG44: 1 | DJ44: 1 | DM44: Cheap. Content is written at an appropriate level, | DN44: n/a | DO44: 7 | DP44: 7 | DQ44: 7 | DR44: 7 | DT44: 1 | DY44: 1 | EE44: 1 | EH44: 2 | EI44: 2
A45: 43585.676 | C45: 63 | D45: 5 | E45: 4 | F45: 7 | G45: 4 | H45: 4 | I45: 6 | J45: 1 | K45: 6 | Q45: 11 | S45: 1 | T45: 1 | W45: 1 | AE45: 1 | AL45: 2 | AM45: 5 | AN45: 1 | AO45: Math 0482 - enrollment 35 | AP45: 1 | AU45: 1 | AX45: 1 | AY45: 1 | BD45: 1 | BG45: 1 | BJ45: 1 | BL45: 1 | BN45: 1 | BO45: 1 | BP45: 1 | BS45: 100 | BW45: 90 | CI45: 1 | CJ45: We are not allowed to make suggestions per our Dean and the contract with the bookstore | CK45: Our course materials are very affordable. I never have a student complain. For $90, they get a book and an online homework system, which also includes an e-book. This is fabulous. | CL45: 1 | CP45: 1 | CT45: 13 | CU45: 13 | CV45: 13 | CW45: 13 | CX45: 13 | CY45: 13 | CZ45: 13 | DA45: 13 | DB45: 13 | DC45: 13 | DD45: 1 | DK45: 1 | DL45: We are required to use our textbook per our division office | DM45: There are so many supplements that really help us teach our courses. It is like Disneyland for Math. And the online homework system - the students really really like it. | DN45: None | DO45: 7 | DP45: 7 | DQ45: 7 | DR45: 9 | DU45: 1 | DV45: 1 | EA45: 1 | EF45: 4 | EG45: OER books may not have the supplements we like to use. Supplements are very important to instructors in math. | EH45: 1 | EI45: 1
A46: 43585.677 | B46: 63 | C46: 60 | D46: 4 | E46: 1 | F46: 2 | G46: 7 | H46: 1 | I46: 6 | J46: 1 | K46: 4 | O46: 6 | S46: 1 | W46: 1 | AB46: 1 | AL46: 3 | AM46: 8 | AN46: 1 | AO46: HUMNT 1102 Ideas and Values | AQ46: 1 | AU46: 1 | AV46: 1 | AY46: 1 | BB46: 1 | BG46: 1 | BJ46: 1 | CK46: Almost all of my students work. Textbooks are outrageously expensive! I'm relying more and more upon open sources. | DM46: A ready and handy resource for students. | DN46: The cost | DO46: 8 | DP46: 8 | DQ46: 6 | DR46: 6 | DS46: 1 | DV46: 1 | EA46: 1 | EH46: 1 | EI46: 1
A47: 43585.68 | C47: 84 | D47: 3 | E47: 1 | F47: 2 | G47: 4 | H47: 1 | I47: 4 | J47: 1 | K47: 4 | O47: 4 | S47: 1 | AB47: 1 | AL47: 5 | AM47: 6 | AN47: 2 | AO47: English 1102 | AP47: 1 | BH47: 1 | BK47: Pearson Revel | BL47: 1 | BP47: 1 | BS47: 95 | CB47: 1 | CK47: I am required to use the McGraw Hill Guide in my online English 1101 classes. This textbook is terrible. I can't stand to read it, so I know my students don't read it. I don't find it useful, helpful, or worth the over $100 it costs. It is my only option for English 1101 online. It's my understanding that the reason we're forced to use this text is because that's the only course shell available, but this course shell hasn't had any meaningful revisions since it was created in 2009. It was also created by someone who didn't have experience in Blackboard or much knowledge in online teaching at the time. She did the best she could with the materials she was given, but it's ridiculous that this shell is still being used after a decade. | CL47: 1 | CP47: 1 | CT47: 15 | CU47: 16 | CV47: 14 | CW47: 14 | CX47: 14 | CY47: 14 | CZ47: 14 | DA47: 14 | DB47: 14 | DC47: 14 | DF47: 1 | DG47: 1 | DJ47: 1 | DM47: The new edition of the Curious Researcher is pretty good, although there are things I would change about some of the content and how it integrates with blackboard. | DN47: There are journal assignments within the online text (although I use an old edition at COD because of some disagreement being had with the publisher) do not have an option to score. At COD I used the old 8th edition. I like the 9th edition and Revel course ware and use it at other colleges. | DO47: 6 | DP47: 6 | DQ47: 6 | DR47: 7 | DT47: 1 | DZ47: 1 | EE47: 1 | EH47: 1 | EI47: 2
A48: 43585.682 | B48: 20 | C48: 0 | D48: 4 | E48: 1 | F48: 5 | G48: 1 | H48: 4 | I48: 2 | J48: 1 | K48: 4 | O48: 4 | S48: 2 | AL48: 2 | AM48: 5 | AN48: 1 | AO48: English 1101 | AP48: 1 | AU48: 1 | AX48: 1 | BA48: 1 | BD48: 1 | BG48: 1 | BJ48: 1 | BL48: 1 | BN48: 1 | BO48: 1 | BP48: 1 | BS48: 85 | BW48: 90 | BX48: 30 | BY48: 25 | CB48: 1 | CC48: 1 | CD48: 1 | CI48: 1 | CJ48: Developing my own handouts | CK48: If only we were allowed to require older editions of textbooks; I have tried, but was told it was not permissible at COD. One of my textbooks in an old edition sells for $1. Why not let us use it? I realize the bottom line is the bookstore profit sharing situation...but it doesn't serve our students well. Therefore, I developed all of my own materials for one of my classes and have permission to use these, instead of a traditional text. It has only been a two-semester experiment, but so far students have responded very well. | CL48: 1 | CP48: 1 | CT48: 14 | CU48: 16 | CV48: 14 | CW48: 15 | CX48: 14 | CY48: 15 | CZ48: 15 | DA48: 15 | DB48: 15 | DC48: 15 | DE48: 1 | DF48: 1 | DG48: 1 | DH48: 1 | DI48: 1 | DM48: Students actually like it; each chapter illustrates how the content applies to students' personal, civic, professional, and academic interests. | DN48: The high cost of the book, if bought brand new in the bookstore, is a real drawback. Some students are not savvy regarding how to find it cheaper. | DO48: 7 | DP48: 8 | DQ48: 5 | DR48: 6 | DU48: 1 | DV48: 1 | EE48: 1 | EF48: 5 | EG48: Thanks for investigating this important issue! | EH48: 2 | EI48: 1
A49: 43585.686 | D49: 2 | E49: 2 | F49: 1 | G49: 6 | H49: 2 | I49: 5 | J49: 2 | K49: 6 | Q49: 5 | S49: 3 | AL49: 4 | AM49: 8 | AN49: 1 | AO49: EARTH 1141 | AP49: 1 | AT49: 1 | AX49: 1 | AY49: 1 | BD49: 1 | BG49: 1 | BJ49: 1 | BL49: 1 | BQ49: 1 | BR49: Students select print or digital | BS49: 90 | BT49: 1 | BU49: 2 | BV49: 3 | BW49: 170 | BX49: 100 | BY49: 80 | CD49: 1 | CL49: 1 | CP49: 1 | CT49: 13 | CU49: 16 | CV49: 13 | CW49: 15 | CY49: 16 | CZ49: 14 | DA49: 14 | DB49: 14 | DC49: 14 | DD49: 1 | DE49: 1 | DI49: 1 | DJ49: 1 | DM49: Diagrams, SmartFigures, on-line coaching and tutorials available via Masteringgeology/Masteringoceanography | DN49: cost | DO49: 6 | DP49: 7 | DQ49: 5 | DR49: 7 | DU49: 1 | DV49: 1 | EA49: 1 | EF49: 6 | EG49: The survey doesn't allow for OER materials that are not at the appropriate level for college or do not match active course file goals. Further, it doesn't assess if the free materials are of a quality that matches copyright available materials such as Masteringgeology. | EH49: 1 | EI49: 1
A50: 43585.693 | B50: 60 | C50: 100 | D50: 6 | E50: 3 | F50: 3 | G50: 4 | H50: 1 | I50: 4 | J50: 1 | K50: 2 | M50: 3 | S50: 1 | W50: 1 | AA50: 1 | AB50: 1 | AL50: 4 | AM50: 6 | AN50: 2 | AP50: 1 | AV50: 1 | AY50: 1 | BB50: 1 | BL50: 1 | BN50: 1 | BO50: 1 | BS50: 85 | BW50: 180 | CD50: 1 | CL50: 1 | CP50: 1 | CT50: 14 | CU50: 14 | CV50: 14 | CW50: 14 | CX50: 15 | CY50: 14 | CZ50: 14 | DA50: 14 | DB50: 14 | DC50: 15 | DD50: 1 | DE50: 1 | DG50: 1 | DJ50: 1 | DM50: Student friendly for reading and use of real life examples in Business/Management. | DN50: Some of the information could be streamlined. | DO50: 7 | DP50: 7 | DQ50: 6 | DR50: 6 | DT50: 1 | DZ50: 1 | ED50: 1 | EH50: 2 | EI50: 2
A51: 43585.695 | B51: 75 | C51: 0 | D51: 4 | E51: 2 | F51: 7 | G51: 1 | H51: 2 | I51: 3 | J51: 2 | K51: 4 | O51: 5 | S51: 2 | AL51: 2 | AM51: 8 | AN51: 1 | AO51: Histo 1120, Western Civilization since 1600 | AR51: 1 | AU51: 1 | AV51: 1 | BA51: 1 | BD51: 1 | BG51: 1 | BH51: 1 | BK51: Normal books, ie novels, books by historians, plays, etc. TEXTBOOKS SHOULD BE BANNED! | CK51: Textbooks put out by the big publishing houses are onerously expensive. They are also (in my view) highly problematic pedagogically. However, there are many non-OER alternatives that are much more affordable. For instance, in History 1120 I assign some open-source primary readings (excerpts from Hobbes, Locke, Kant, the Sadler Commission, etc.), plus 7 books. Some of these are just $1 (A Doll's House, the Communist Manifesto). Other's are ten dollars or less, especially used. So that even with 7 books, my course is cheaper than a course with a textbook. However, because my classes are organized around discussions of the readings (We sit in a circle and talk about the books most days), it would not be possible to switch to an OER textbook, or to any electronic format. Students need the paper books in hand. They also often have to stand and read aloud, or act out scenes, so even when they have the text on a laptop (which some students prefer), it is quite inconvenient. | DM51: These seven books are important texts in history. They are readable and help students get a sense of what it might have been like to experience the time period we are studying. Unlike traditional texts, which are all written with an authoritative voice, these texts allow me to help students learn to read critically. They also help students learn to identify an author's thesis, and the evidence she uses to support it. | DN51: Some students struggle to read, period. There is no ideal text on the Russian Revolution, since there are a lot of angles to cover and the events are so political that everyone who writes about it has an ax to grind. | DO51: 7 | DP51: 7 | DQ51: 7 | DR51: 7 | DU51: 1 | DY51: 1 | ED51: 1 | EF51: 6 | EG51: I think that the framing of this question around OER is too narrow. The serious question of textbook cost can be addressed by a variety of methods, all deployed at once to complement each other. The central question is not whether we use OER, open source materials, or cheap printed materials. The central question is how to keep textbook cost down for our students while ALSO rethinking our course materials pedagogically. | EH51: 1 | EI51: 1
A52: 43585.699 | B52: 76 | C52: 21 | D52: 1 | E52: 4 | F52: 7 | G52: 2 | H52: 4 | I52: 6 | J52: 1 | K52: 1 | L52: 11 | S52: 4 | AL52: 4 | AM52: 7 | AN52: 1 | AO52: Music 1171 | AP52: 1 | AU52: 1 | AX52: 1 | BA52: 1 | BD52: 1 | BG52: 1 | BH52: 1 | BK52: piano | BL52: 1 | BN52: 1 | BS52: 100 | BW52: 75 | CI52: 1 | CJ52: THere are no alternatives for this course | CL52: 1 | CT52: 13 | CU52: 13 | CV52: 13 | CZ52: 13 | DA52: 13 | DB52: 13 | DC52: 13 | DH52: 1 | DM52: complete source of all needed skills and topics | DN52: NA | DO52: 8 | DP52: 8 | DQ52: 5 | DR52: 10 | DU52: 1 | DV52: 1 | EA52: 1 | EF52: 5 | EH52: 2 | EI52: 1
A53: 43585.701 | B53: 40 | C53: 25 | D53: 5 | E53: 2 | F53: 1 | G53: 1 | H53: 2 | I53: 3 | J53: 2 | K53: 4 | O53: 8 | S53: 2 | AL53: 4 | AM53: 8 | AN53: 1 | AO53: PHILO 1100: Introduction to Philosophy | AP53: 1 | AU53: 1 | AV53: 1 | BA53: 1 | BB53: 1 | BG53: 1 | BJ53: 1 | BL53: 2 | BN53: 1 | BS53: 100 | BW53: 50 | CD53: 1 | CF53: 1 | CG53: 1 | CK53: I have examined many open-source materials in philosophy and religious studies, and they have all been terrible. I have also examined a number of the online texts offered by academic publishers whose representatives visit COD, and they have also been terrible. | CL53: 1 | CT53: 14 | CU53: 14 | CV53: 14 | CX53: 14 | DE53: 1 | DF53: 1 | DG53: 1 | DH53: 1 | DI53: 1 | DJ53: 1 | DM53: The content achieves the best balance of accuracy and accessibility given what's available on the market. Also, the texts promote various aspects of critical thinking. | DN53: I wish one of the books were slightly cheaper, though it is not prohibitively expensive. I wish that the texts were somewhat more accessible and that some different choices were made as to the material covered. | DO53: 8 | DP53: 8 | DQ53: 6 | DR53: 6 | DU53: 1 | DV53: 1 | EA53: 1 | EF53: 6 | EH53: 1 | EI53: 1
A54: 43585.702 | B54: 70 | C54: 61 | D54: 4 | E54: 3 | F54: 6 | G54: 4 | H54: 2 | I54: 6 | J54: 2 | K54: 6 | Q54: 3 | S54: 1 | W54: 1 | Y54: 1 | AL54: 4 | AM54: 1 | AN54: 1 | AO54: Survey of Biology 1100 | AP54: 1 | AS54: 1 | AY54: 1 | BH54: 1 | BL54: 2 | BN54: 1 | BS54: 85 | BT54: 2 | BU54: 1 | BV54: 3 | BW54: 175 | BX54: 120 | BY54: 85 | CC54: 1 | CD54: 1 | CL54: 1 | CT54: 13 | CU54: 14 | CV54: 14 | CW54: 15 | CX54: 14 | CY54: 14 | CZ54: 14 | DA54: 14 | DB54: 14 | DC54: 14 | DD54: 1 | DE54: 1 | DO54: 7 | DP54: 7 | DQ54: 5 | DR54: 9 | DU54: 1 | DY54: 1 | EA54: 1 | EF54: 5 | EH54: 2 | EI54: 2
A55: 43585.707 | B55: 63 | C55: 100 | D55: 5 | E55: 2 | F55: 4 | G55: 6 | H55: 4 | I55: 1 | J55: 1 | K55: 1 | L55: 13 | S55: 1 | Y55: 1 | AL55: 5 | AM55: 6 | AN55: 1 | AO55: Fundamentals of Speech | AP55: 1 | AS55: 1 | AX55: 1 | AY55: 1 | BD55: 1 | BG55: 1 | BL55: 1 | BN55: 1 | BO55: 1 | BS55: 70 | BW55: 50 | BX55: 40 | BY55: 40 | BZ55: 25 | CB55: 1 | CC55: 1 | CD55: 1 | CL55: 1 | CP55: 1 | CT55: 14 | CU55: 15 | CV55: 14 | CW55: 14 | CX55: 14 | CY55: 16 | CZ55: 16 | DA55: 14 | DB55: 14 | DC55: 14 | DF55: 1 | DM55: There is a good variety of content that meets course requirements. | DN55: I am not able to access supplemental activities or the test bank. | DO55: 6 | DP55: 7 | DQ55: 5 | DR55: 7 | DU55: 1 | DZ55: 1 | EE55: 1 | EF55: 4 | EH55: 1 | EI55: 1
A56: 43585.708 | B56: 62 | C56: 40 | D56: 4 | E56: 3 | F56: 6 | G56: 5 | H56: 2 | I56: 6 | J56: 2 | K56: 1 | L56: 11 | S56: 2 | AL56: 4 | AM56: 8 | AN56: 1 | AO56: MUS 1104: Introduction to American Music | AP56: 1 | AU56: 1 | AX56: 1 | BA56: 1 | BC56: 1 | BG56: 1 | BL56: 1 | BN56: 1 | BS56: 90 | BT56: 1 | BU56: 2 | BV56: 3 | BW56: 120 | BX56: 80 | CB56: 1 | CE56: 1 | CL56: 1 | CP56: 1 | CT56: 14 | CU56: 15 | CV56: 14 | CW56: 14 | CX56: 14 | CY56: 14 | CZ56: 14 | DA56: 14 | DB56: 14 | DC56: 14 | DE56: 1 | DG56: 1 | DH56: 1 | DJ56: 1 | DM56: Relevance. | DN56: Cost, expense of listening examples as made available by publishers | DO56: 6 | DP56: 6 | DQ56: 6 | DR56: 9 | DU56: 1 | DV56: 1 | DZ56: 1 | EA56: 1 | EE56: 1 | EF56: 7 | EH56: 1 | EI56: 2
A57: 43585.713 | B57: 36 | D57: 6 | E57: 2 | F57: 6 | G57: 1 | H57: 2 | I57: 4 | J57: 2 | K57: 6 | Q57: 14 | S57: 1 | X57: 1 | Z57: 1 | AJ57: 1 | AK57: FlipItPhysics (macmillan) | AL57: 4 | AM57: 5 | AN57: 1 | AO57: Physics 2111-55students | AP57: 1 | AU57: 1 | AX57: 1 | BA57: 1 | BD57: 1 | BG57: 1 | BJ57: 1 | BL57: 1 | BN57: 1 | BO57: 1 | BS57: 87 | BT57: 2 | BU57: 1 | BV57: 3 | BW57: 49 | BY57: 0 | CB57: 1 | CD57: 1 | CG57: 1 | CH57: 1 | CK57: Cost is our #1 concern when it comes to textbooks. The exact textbook seems to have little or no effect on student outcomes. | CL57: 1 | CM57: 1 | CQ57: 1 | CT57: 16 | CU57: 13 | CV57: 16 | CW57: 16 | CX57: 16 | CY57: 14 | CZ57: 14 | DA57: 15 | DB57: 15 | DC57: 15 | DE57: 1 | DI57: 1 | DM57: it's free. It's OpenStax and it's a BAD textbook. | DN57: Really bad explanations and example problem. | DO57: 6 | DP57: 6 | DQ57: 6 | DR57: 9 | DV57: 1 | EB57: 1 | EF57: 3 | EH57: 1 | EI57: 1
A58: 43585.716 | B58: 69 | C58: 64 | D58: 3 | E58: 3 | F58: 4 | G58: 5 | H58: 4 | I58: 2 | J58: 1 | K58: 6 | Q58: 11 | S58: 1 | T58: 1 | W58: 1 | AB58: 1 | AE58: 1 | AL58: 1 | AM58: 1 | AN58: 1 | AO58: Math 0460, 25 | AP58: 1 | AU58: 1 | AX58: 1 | BA58: 1 | BD58: 1 | BG58: 1 | BJ58: 1 | BL58: 1 | BN58: 1 | BO58: 1 | BS58: 60 | BT58: 2 | BU58: 1 | BV58: 3 | BW58: 160 | BX58: 100 | BY58: 160 | CD58: 1 | CF58: 1 | CK58: I'd like a book with a more user friendly online program. I would love to use online resource, but ours was just not very easy to navigate. | CL58: 1 | CP58: 1 | CT58: 16 | CU58: 15 | CV58: 14 | CW58: 16 | CX58: 16 | CY58: 16 | CZ58: 16 | DA58: 14 | DB58: 14 | DC58: 16 | DD58: 1 | DE58: 1 | DF58: 1 | DG58: 1 | DH58: 1 | DJ58: 1 | DO58: 6 | DP58: 7 | DQ58: 6 | DR58: 9 | DU58: 1 | DV58: 1 | EA58: 1 | EF58: 4 | EH58: 1 | EI58: 1
A59: 43585.717 | B59: 42 | C59: 0 | D59: 1 | E59: 3 | F59: 7 | G59: 5 | H59: 1 | I59: 3 | J59: 1 | K59: 2 | M59: 5 | S59: 5 | AL59: 4 | AM59: 6 | AN59: 1 | AP59: 1 | AU59: 1 | AW59: 1 | AY59: 1 | BD59: 1 | BG59: 1 | BH59: 1 | BK59: Westlaw, etc. | BL59: 5 | BM59: 44 | BN59: 1 | BS59: 100 | CA59: 1 | CC59: 1 | CL59: 1 | CT59: 13 | CU59: 16 | CV59: 13 | CW59: 14 | CX59: 13 | CY59: 15 | CZ59: 16 | DA59: 13 | DB59: 13 | DC59: 13 | DD59: 1 | DF59: 1 | DI59: 1 | DJ59: 1 | DM59: Mostly accurate. Very helpful book. I have few complaints, other than cost, and the constant (generally unnecessary, in my opinion) updating of editions. Usually few to no substantive changes. | DN59: Constant new editions (generally unnecessary, as stated previously). I hate to see students paying for new editions that are fundamentally the same as (cheaper) previous editions. | DO59: 7 | DP59: 7 | DQ59: 5 | DR59: 9 | DU59: 1 | DZ59: 1 | EE59: 1 | EF59: 5 | EH59: 2 | EI59: 2
A60: 43585.717 | B60: 0 | C60: 0 | D60: 4 | E60: 2 | F60: 4 | G60: 2 | H60: 2 | I60: 3 | J60: 2 | K60: 6 | Q60: 4 | S60: 2 | AL60: 4 | AM60: 5 | AN60: 1 | AO60: Organic Chemistry II (CHEM 2552) | AP60: 1 | AQ60: 1 | AU60: 1 | AX60: 1 | AZ60: 1 | BD60: 1 | BG60: 1 | BI60: 1 | BK60: 4-color pen (made by Bic) | BL60: 1 | BN60: 1 | BP60: 1 | BS60: 80 | BT60: 1 | BU60: 2 | BV60: 3 | BW60: 200 | BX60: 100 | BZ60: 125 | CC60: 1 | CD60: 1 | CF60: 1 | CK60: I've has new ISBN's generated for custom prints (College of DuPage versions) through the publisher, which reduces the cost as follows: 1. soft cover instead of hard cover 2. omit chapters/lab experiments that are not in the Active Course File (reduces printing cost) | CL60: 1 | CP60: 1 | CT60: 14 | CU60: 16 | CV60: 14 | CW60: 15 | CX60: 15 | CY60: 15 | CZ60: 15 | DA60: 14 | DB60: 14 | DC60: 14 | DD60: 1 | DG60: 1 | DM60: Overall, the selected lab experiments have a good success rate. | DN60: The cost, not only in dollars, but also in that this lab textbook will not be useful to an estimated 95% of the students after they have completed the course. Most COD students who take chemistry don't intend to become professional chemists, and although the lecture component's textbook might help them in higher-level chemistry courses or with preparation for medical school/pharmacy school entrance exams, the lab component's textbook is hardly ever used by a student after the course ends. Renting this lab textbook is their best option, in my opinion. | DO60: 6 | DP60: 7 | DQ60: 5 | DR60: 9 | DU60: 1 | DZ60: 1 | EE60: 1 | EF60: 7 | EH60: 2 | EI60: 2
A61: 43585.722 | B61: 55 | C61: 50 | D61: 5 | E61: 4 | F61: 7 | G61: 5 | H61: 4 | I61: 2 | J61: 1 | K61: 1 | L61: 8 | S61: 5 | AL61: 5 | AM61: 6 | AN61: 1 | AO61: History of Architecture and Design | AP61: 1 | AU61: 1 | AW61: 1 | BA61: 1 | BC61: 1 | BE61: 1 | BJ61: 1 | BL61: 1 | BN61: 1 | BS61: 100 | BW61: 98 | CC61: 1 | CD61: 1 | CG61: 1 | CI61: 1 | CJ61: Textbook is used for two different courses | CK61: The textbook is used for two courses, which distributes the cost over two semesters. Additionally, I provide readings via BlackBoard and video content from YouTube and Kanopy. | CL61: 1 | CT61: 14 | CU61: 16 | CV61: 13 | CW61: 15 | CX61: 16 | CY61: 15 | CZ61: 16 | DA61: 14 | DB61: 15 | DC61: 14 | DE61: 1 | DJ61: 1 | DM61: It is a comprehensive History of Architecture book. Overall, it covers the main topics I need it to. | DN61: It is difficult to learn about architecture and interiors without a large number of images. I supplement images for my lectures as the book doe not have nearly enough. | DO61: 6 | DP61: 7 | DQ61: 6 | DR61: 8 | DU61: 1 | DZ61: 1 | EE61: 1 | EF61: 3 | EG61: Would attend a seminar on the topic. | EH61: 2 | EI61: 1
A62: 43585.726 | B62: 95 | C62: 85 | D62: 5 | E62: 3 | F62: 2 | G62: 4 | H62: 2 | I62: 4 | J62: 2 | K62: 9 | S62: 3 | AL62: 5 | AM62: 6 | AN62: 1 | AO62: Education 1105 | AP62: 1 | AU62: 1 | AX62: 1 | BA62: 1 | BD62: 1 | BG62: 1 | BJ62: 1 | BL62: 1 | BN62: 1 | BO62: 1 | BS62: 95 | BW62: 60 | BX62: 30 | BY62: 30 | CI62: 1 | CJ62: Save intstructor copies for students who need them | CL62: 1 | CP62: 1 | CT62: 13 | CU62: 15 | CW62: 14 | CX62: 14 | CY62: 14 | CZ62: 14 | DA62: 15 | DB62: 14 | DC62: 14 | DD62: 1 | DM62: The layout of the book I like a lot | DN62: The cost | DO62: 5 | DP62: 5 | DQ62: 5 | DR62: 9 | DU62: 1 | DZ62: 1 | EE62: 1 | EF62: 3 | EG62: I want to create and OER but don't know how to get started | EH62: 1 | EI62: 1
A63: 43585.731 | B63: 90 | C63: 100 | D63: 5 | E63: 1 | F63: 7 | G63: 4 | H63: 3 | I63: 4 | J63: 2 | K63: 1 | L63: 2 | S63: 2 | AL63: 2 | AM63: 7 | AN63: 2 | AO63: ART1100 | AR63: 1 | AU63: 1 | AV63: 1 | AY63: 1 | BB63: 1 | BG63: 1 | BJ63: 1 | CK63: I do not use text books in any courses due to financial strain on my students. I find that content available on the web in addition to library resources has been sufficient for the most part. | DM63: I do not require any | DO63: 7 | DP63: 7 | DQ63: 7 | DR63: 6 | DS63: 1 | DY63: 1 | ED63: 1 | EH63: 1 | EI63: 2
A64: 43585.754 | D64: 5 | E64: 2 | F64: 5 | G64: 4 | H64: 1 | I64: 2 | J64: 1 | K64: 4 | O64: 11 | S64: 1 | AG64: 1 | AJ64: 1 | AL64: 1 | AM64: 8 | AN64: 2 | AP64: 1 | AS64: 1 | AX64: 1 | AY64: 1 | BB64: 1 | BE64: 1 | BH64: 1 | BL64: 1 | BP64: 1 | BS64: 70 | BZ64: 200 | CD64: 1 | CE64: 1 | CG64: 1 | CK64: Online subscriptions are too high, bu the material is very good, updated and pertinent to the topics. | CL64: 1 | CP64: 1 | CT64: 14 | CU64: 16 | CV64: 15 | CW64: 15 | CX64: 15 | CY64: 14 | CZ64: 13 | DA64: 13 | DB64: 14 | DC64: 13 | DE64: 1 | DH64: 1 | DJ64: 1 | DM64: It has videos, and computer-graded hw, quizzes, tests, all online. It offers students the chance to hear and speak, record themselves speaking and submit the assignment online. | DN64: It is too expensive. The assignments and tests are only somewhat editable. | DO64: 6 | DP64: 6 | DQ64: 5 | DR64: 8 | DU64: 1 | DX64: 1 | EA64: 1 | EF64: 7 | EG64: It will take time to develop OER in my field. Who will pay for the time/work it takes to create such materials? | EH64: 1 | EI64: 2
A65: 43585.802 | B65: 90 | D65: 2 | E65: 4 | F65: 6 | G65: 6 | H65: 4 | I65: 1 | J65: 1 | K65: 4 | O65: 7 | S65: 4 | AL65: 4 | AM65: 6 | AN65: 1 | AP65: 1 | AU65: 1 | AX65: 1 | AY65: 1 | BD65: 1 | BG65: 1 | BJ65: 1 | BL65: 1 | BN65: 1 | BP65: 1 | BS65: 100 | CA65: 1 | CL65: 1 | CP65: 1 | CT65: 14 | CU65: 16 | CV65: 14 | CW65: 16 | CX65: 15 | CY65: 14 | CZ65: 14 | DA65: 13 | DB65: 13 | DC65: 13 | DE65: 1 | DJ65: 1 | DO65: 6 | DP65: 7 | DQ65: 6 | DR65: 7 | DT65: 1 | DZ65: 1 | EA65: 1 | EH65: 2 | EI65: 1
A66: 43585.809 | B66: 40 | C66: 80 | D66: 4 | E66: 2 | F66: 6 | G66: 5 | H66: 4 | I66: 2 | J66: 1 | K66: 6 | Q66: 1 | S66: 1 | Z66: 1 | AB66: 1 | AH66: 1 | AL66: 4 | AM66: 5 | AN66: 1 | AO66: ANAT-1571-003 | AP66: 1 | AQ66: 1 | AU66: 1 | AW66: 1 | BA66: 1 | BC66: 1 | BF66: 1 | BJ66: 1 | BL66: 2 | BN66: 1 | BQ66: 1 | BR66: Students also can download | BS66: 90 | BT66: 1 | BU66: 3 | BV66: 2 | CA66: 1 | CB66: 1 | CD66: 1 | CL66: 1 | CT66: 13 | CU66: 15 | CV66: 14 | CW66: 14 | CX66: 14 | CY66: 15 | CZ66: 14 | DA66: 14 | DB66: 14 | DC66: 14 | DJ66: 1 | DM66: Informative, comes with a power point slide presentation | DN66: Some portions are rather complicated for the students to understand | DO66: 5 | DP66: 7 | DQ66: 5 | DR66: 10 | DU66: 1 | DV66: 1 | DZ66: 1 | EA66: 1 | EF66: 4 | EG66: Useful for future reference | EH66: 2 | EI66: 2
A67: 43585.825 | B67: 76 | C67: 50 | D67: 4 | E67: 2 | F67: 4 | G67: 3 | H67: 3 | I67: 3 | J67: 2 | K67: 4 | O67: 3 | S67: 2 | AL67: 2 | AM67: 7 | AN67: 1 | AO67: Composition I English 1101 | AP67: 1 | AU67: 1 | AV67: 1 | AY67: 1 | BD67: 1 | BG67: 1 | BJ67: 1 | BL67: 1 | BN67: 1 | BS67: 90 | BW67: 20 | BX67: 16 | CC67: 1 | CD67: 1 | CF67: 1 | CG67: 1 | CH67: 1 | CK67: Not too concerned about textbooks in my discipline. More costly texts are usually in the sciences or health fields. Not sure what to do to keep those costs down unless the professors collaborate and create their own texts. I also think OER should refer to more than just books, but also technology like calculators and laptops. Loan programs can really have an impact on first-gen, low SES, and students of color. Calculator rental is available at Harper and Oakton Community College. Laptop loan should be front and center as well. Students are often left with a choice to buy a smart phone or a laptop and the majority choose cell phone. They may also assume a laptop is available to them in college just as it was in high school. | CL67: 1 | CT67: 14 | CU67: 13 | CV67: 14 | CW67: 15 | CX67: 15 | CY67: 15 | CZ67: 15 | DA67: 14 | DB67: 14 | DC67: 15 | DD67: 1 | DK67: 1 | DL67: Added materials to scaffold concepts or complement material presented in text. | DM67: I don’t understand this question. If “best aspects” means components or chapters of the text that facilitate achievement of course learning objectives, then I guess that means I assign/require readings from the book that help students complete writing projects assigned in the course. The text offers different genres of writing -narration; profile; analysis; and argument - which are the genres covered in class. | DN67: I don’t understand this question. If there is a section in the text that is not good, I wouldn’t require students to read it. | DO67: 8 | DP67: 8 | DQ67: 6 | DR67: 7 | DT67: 1 | DZ67: 1 | EE67: 1 | EG67: A couple of the survey questions needed modification or additional choices. The question about level of awareness of OER has two choices that were nearly identical. The questions about “best/worst aspects” could have had an example to clarify what was being asked. And as mentioned earlier, the digital divide is still very real. If we are serious about addressing equity issues and racial achievement gaps at our institution, we need to do a student needs assessment. 80% of the students who do not have a laptop in my classes are developmental students and 70% of that group are African American males. | EH67: 1 | EI67: 1
A68: 43585.833 | B68: 0 | C68: 100 | D68: 5 | E68: 3 | F68: 7 | G68: 4 | H68: 4 | I68: 1 | J68: 1 | K68: 5 | P68: 29 | S68: 1 | Z68: 1 | AB68: 1 | AH68: 1 | AL68: 1 | AM68: 1 | AN68: 1 | AO68: ANAT 1552 | AP68: 1 | AS68: 1 | AW68: 1 | AY68: 1 | BD68: 1 | BG68: 1 | BH68: 1 | BK68: Anatomy Models, Microscopes | BL68: 1 | BN68: 1 | BP68: 1 | BS68: 100 | CA68: 1 | CI68: 1 | CJ68: This is a department decision | CK68: The students that do not have the material somewhat complain of the costs. The required materials in my class are bundled by the COD bookstore from Pearson and Wiley. Some students like to get used/older versions, but miss out on the online subscription and that ends up costing them more to get the materials separate. | CL68: 1 | CP68: 1 | CT68: 14 | CV68: 14 | CX68: 16 | CY68: 13 | CZ68: 13 | DA68: 14 | DB68: 13 | DC68: 14 | DH68: 1 | DI68: 1 | DM68: The book is designed to not be a straight read through, but pictures, images and paragraphs easy to scan over for information. | DN68: Occasional errors and typos | DO68: 8 | DP68: 8 | DQ68: 6 | DR68: 9 | DU68: 1 | DV68: 1 | DZ68: 1 | EC68: 1 | EF68: 6 | EG68: Most of the decisions/questions here are determined by the department. Outside the required texts may provide a more dynamic experience, it may also negatively impact the students evaluation experience if information is inconsistent. | EH68: 1 | EI68: 1
A69: 43585.834 | B69: 88 | C69: 21 | D69: 4 | E69: 3 | F69: 5 | G69: 3 | H69: 3 | I69: 2 | J69: 2 | K69: 4 | O69: 4 | S69: 3 | AL69: 3 | AM69: 8 | AN69: 1 | AP69: 1 | AU69: 1 | AX69: 1 | AY69: 1 | BD69: 1 | BG69: 1 | BJ69: 1 | BL69: 1 | BN69: 1 | BS69: 62 | BT69: 2 | BU69: 1 | BV69: 3 | BW69: 60 | BX69: 20 | CF69: 1 | CG69: 1 | CL69: 1 | CP69: 1 | CT69: 14 | CU69: 15 | CV69: 15 | CW69: 15 | CX69: 15 | CY69: 14 | CZ69: 14 | DA69: 15 | DB69: 15 | DC69: 15 | DD69: 1 | DE69: 1 | DO69: 7 | DP69: 7 | DQ69: 7 | DR69: 9 | DT69: 1 | DV69: 1 | EE69: 1 | EH69: 1 | EI69: 2
A70: 43585.836 | C70: 15 | D70: 2 | E70: 1 | F70: 3 | G70: 1 | H70: 2 | I70: 3 | J70: 2 | K70: 7 | R70: 2 | S70: 2 | AL70: 2 | AM70: 8 | AN70: 1 | AO70: Corrections | AP70: 1 | AU70: 1 | AV70: 1 | BA70: 1 | BB70: 1 | BG70: 1 | BJ70: 1 | BL70: 1 | BN70: 1 | BO70: 1 | BP70: 1 | BS70: 75 | BT70: 1 | BU70: 2 | BV70: 3 | BW70: 90 | BX70: 60 | BY70: 75 | CB70: 1 | CC70: 1 | CD70: 1 | CG70: 1 | CK70: We must do something to assist those students who cannot afford textbooks. | CL70: 1 | CP70: 1 | CT70: 17 | CU70: 15 | CV70: 15 | CW70: 15 | CX70: 15 | CY70: 15 | CZ70: 15 | DA70: 13 | DB70: 14 | DC70: 14 | DD70: 1 | DE70: 1 | DF70: 1 | DG70: 1 | DJ70: 1 | DM70: The detailed layout of the book. The current information for the subject matter. | DN70: The lack of depth of the information. Needs more substance. | DO70: 6 | DP70: 7 | DQ70: 6 | DR70: 8 | DU70: 1 | DY70: 1 | ED70: 1 | EF70: 3 | EG70: I look forward to using OR. | EH70: 1 | EI70: 1
A71: 43585.84 | B71: 47 | C71: 49 | D71: 4 | E71: 1 | F71: 4 | G71: 1 | H71: 2 | I71: 4 | J71: 2 | K71: 7 | R71: 11 | S71: 2 | AL71: 2 | AM71: 5 | AN71: 1 | AO71: SOCIO-1100 Introduction to Sociology | AQ71: 1 | AU71: 1 | AV71: 1 | AY71: 1 | BD71: 1 | BG71: 1 | BJ71: 1 | CK71: I'm currently staying with a previous edition of an edited volume because switching to the new edition would push students to buy new, not used, copies of the book. I also use an OpenStax textbook, and articles from a sociological magazine the library subscribes to so that students don't have to buy an edited collection of those articles. I estimate in 1 class, I save each student $300 a semester. | DM71: It's available for free online, and for only $29 in the bookstore. | DN71: It's a textbook, and I'd prefer to not use a textbook at all. I try to use it as little as possible in the class. | DO71: 7 | DP71: 7 | DQ71: 7 | DR71: 7 | DS71: 1 | DV71: 1 | EA71: 1 | EH71: 1 | EI71: 1
A72: 43585.845 | B72: 48 | C72: 8 | D72: 5 | E72: 3 | F72: 7 | G72: 5 | H72: 2 | I72: 2 | J72: 1 | K72: 7 | R72: 2 | S72: 2 | AL72: 5 | AM72: 7 | AN72: 1 | AO72: CRIMJ2310 | AP72: 1 | AU72: 1 | AX72: 1 | BA72: 1 | BD72: 1 | BG72: 1 | BJ72: 1 | BL72: 1 | BN72: 1 | BO72: 1 | BP72: 1 | BS72: 85 | BT72: 1 | BU72: 2 | BV72: 3 | BW72: 130 | BX72: 50 | BY72: 30 | BZ72: 30 | CB72: 1 | CK72: Texts are expensive for sure. I encourage students to rent or buy used. But once they have the text I make sure I have students utilize the text both in class and for completing assignments. | CL72: 1 | CP72: 1 | CT72: 13 | CU72: 15 | CV72: 13 | CW72: 15 | CX72: 13 | CY72: 13 | CZ72: 13 | DA72: 13 | DB72: 13 | DC72: 13 | DD72: 1 | DE72: 1 | DH72: 1 | DJ72: 1 | DM72: Taught from the prospective of a working clinician with applicable knowledge of field studies. | DN72: Time constraints of the class time for hands on activities. | DO72: 7 | DP72: 7 | DQ72: 6 | DR72: 10 | DU72: 1 | DV72: 1 | EA72: 1 | EF72: 7 | EG72: Any ideas that might enhance my class and bring costs down for students would be a plus. | EH72: 1 | EI72: 1
A73: 43585.853 | B73: 20 | C73: 50 | D73: 5 | E73: 3 | F73: 7 | G73: 5 | H73: 4 | I73: 1 | J73: 1 | K73: 1 | L73: 1 | S73: 3 | AL73: 4 | AM73: 5 | AN73: 1 | AO73: 1100 | AP73: 1 | AU73: 1 | AV73: 1 | BA73: 1 | BC73: 1 | BG73: 1 | BJ73: 1 | BL73: 2 | BN73: 1 | BS73: 80 | BT73: 2 | BU73: 1 | BV73: 3 | BW73: 136 | BY73: 94 | CI73: 1 | CJ73: I tell them to purchase any edition of the required books. One is no longer copyrighted so I let them know how to find it free. | CL73: 1 | CP73: 1 | CT73: 14 | CU73: 15 | CV73: 14 | DA73: 14 | DB73: 14 | DC73: 13 | DD73: 1 | DE73: 1 | DF73: 1 | DG73: 1 | DK73: 1 | DL73: Replaced not accurate word. I add to the information in the book with additions info in all my lectures. I don't rely on a textbook to control/ design my class or content. That is not a criticism of the textbook. | DM73: Good summary of broad topic atea. Good for a survey course. | DO73: 7 | DP73: 7 | DQ73: 7 | DR73: 10 | DU73: 1 | DV73: 1 | EA73: 1 | EF73: 7 | EG73: 1 There should be a NA not applicable response available for some of the questions. 2 We have 3 required texts for the class as I noted in the questionnaire, but only space for info on 1 text was provided. | EH73: 2 | EI73: 2
A74: 43585.887 | B74: 10 | C74: 50 | D74: 2 | E74: 1 | F74: 6 | G74: 2 | H74: 4 | I74: 1 | J74: 1 | K74: 7 | R74: 10 | S74: 2 | AL74: 2 | AM74: 7 | AN74: 1 | AO74: Psych 1100 | AP74: 1 | AU74: 1 | AX74: 1 | BA74: 1 | BD74: 1 | BG74: 1 | BJ74: 1 | BL74: 1 | BN74: 1 | BO74: 1 | BS74: 100 | BW74: 90 | BX74: 60 | BY74: 80 | CB74: 1 | CC74: 1 | CF74: 1 | CG74: 1 | CK74: Required online access will make costs more prohibitive for students | CL74: 1 | CT74: 15 | CU74: 14 | CV74: 14 | CW74: 14 | CX74: 14 | CY74: 14 | CZ74: 14 | DA74: 14 | DB74: 14 | DC74: 14 | DD74: 1 | DE74: 1 | DF74: 1 | DG74: 1 | DM74: Breadth of material | DN74: N/a | DO74: 8 | DP74: 8 | DQ74: 8 | DR74: 8 | DU74: 1 | DV74: 1 | EA74: 1 | EF74: 5 | EH74: 2 | EI74: 1
A75: 43585.894 | B75: 39 | C75: 33 | D75: 3 | E75: 2 | F75: 4 | G75: 2 | H75: 2 | I75: 6 | J75: 2 | K75: 4 | O75: 4 | S75: 2 | AL75: 2 | AM75: 8 | AN75: 1 | AO75: ENGLI 1101 | AP75: 1 | AU75: 1 | AV75: 1 | BA75: 1 | BD75: 1 | BG75: 1 | BJ75: 1 | BL75: 1 | BN75: 1 | BS75: 90 | BT75: 1 | BU75: 2 | BV75: 3 | CA75: 1 | CB75: 1 | CF75: 1 | CG75: 1 | CL75: 1 | CP75: 1 | CT75: 14 | CU75: 14 | CV75: 13 | CW75: 15 | CX75: 14 | CY75: 14 | CZ75: 14 | DA75: 13 | DB75: 14 | DC75: 14 | DD75: 1 | DE75: 1 | DM75: Covers the fundamental material of the course. | DN75: Not updated | DO75: 7 | DP75: 8 | DQ75: 6 | DR75: 8 | DU75: 1 | DY75: 1 | EE75: 1 | EF75: 4 | EH75: 1 | EI75: 1
A76: 43585.895 | B76: 90 | C76: 66 | D76: 4 | E76: 4 | F76: 7 | G76: 5 | H76: 2 | I76: 2 | J76: 2 | K76: 4 | O76: 7 | S76: 2 | AL76: 2 | AM76: 8 | AN76: 2 | AO76: Italian 1102net | AP76: 1 | AS76: 1 | AX76: 1 | AY76: 1 | BD76: 1 | BG76: 1 | BJ76: 1 | BL76: 1 | BQ76: 1 | BS76: 100 | CG76: 1 | CL76: 1 | CP76: 1 | CT76: 13 | CU76: 14 | CV76: 13 | CW76: 13 | CX76: 13 | CY76: 13 | CZ76: 13 | DA76: 13 | DB76: 13 | DC76: 13 | DE76: 1 | DJ76: 1 | DM76: Online platform | DO76: 8 | DP76: 8 | DQ76: 6 | DR76: 6 | DT76: 1 | DW76: 1 | DX76: 1 | DY76: 1 | EB76: 1 | EC76: 1 | ED76: 1 | EH76: 2 | EI76: 2
A77: 43585.899 | B77: 35 | D77: 4 | E77: 3 | F77: 5 | G77: 4 | H77: 4 | I77: 3 | J77: 1 | K77: 7 | R77: 7 | S77: 5 | AL77: 5 | AM77: 1 | AN77: 3 | AO77: Libra 1105 | AP77: 1 | AU77: 1 | AV77: 1 | AY77: 1 | BD77: 1 | BG77: 1 | BJ77: 1 | BL77: 2 | BN77: 1 | BS77: 100 | BW77: 150 | BX77: 60 | CD77: 1 | CL77: 1 | CT77: 13 | CU77: 15 | CV77: 13 | CW77: 14 | CX77: 13 | CY77: 14 | CZ77: 14 | DA77: 13 | DB77: 13 | DC77: 15 | DD77: 1 | DE77: 1 | DM77: Reinforces content taught f2f | DN77: Wish there were a newer edition | DO77: 8 | DP77: 8 | DQ77: 8 | DR77: 8 | DU77: 1 | DV77: 1 | EA77: 1 | EF77: 6 | EH77: 2 | EI77: 1
A78: 43585.904 | B78: 90 | C78: 100 | D78: 5 | E78: 2 | F78: 6 | G78: 5 | H78: 4 | I78: 3 | J78: 1 | K78: 7 | R78: 6 | S78: 1 | AA78: 1 | AB78: 1 | AL78: 1 | AM78: 7 | AN78: 1 | AO78: HUMAN1113 - Interpersonal Dynamics | AP78: 1 | AT78: 1 | AW78: 1 | AY78: 1 | BC78: 1 | BG78: 1 | BJ78: 1 | BL78: 1 | BN78: 1 | BO78: 1 | BP78: 1 | BS78: 95 | BT78: 2 | BU78: 1 | BV78: 3 | BW78: 150 | BX78: 75 | BY78: 50 | BZ78: 120 | CC78: 1 | CD78: 1 | CE78: 1 | CL78: 1 | CP78: 1 | CT78: 13 | CU78: 14 | CV78: 13 | CW78: 13 | CX78: 13 | CY78: 13 | CZ78: 13 | DA78: 13 | DB78: 14 | DC78: 13 | DD78: 1 | DE78: 1 | DF78: 1 | DG78: 1 | DH78: 1 | DJ78: 1 | DM78: Current, applicable to a variety of career paths, easily adaptable for ease of access for students with special needs and various learning styles | DN78: cost, | DO78: 7 | DP78: 7 | DQ78: 6 | DR78: 8 | DT78: 1 | DV78: 1 | EA78: 1 | EH78: 2 | EI78: 1
A79: 43585.95 | B79: 86 | C79: 28 | D79: 4 | E79: 7 | F79: 7 | G79: 1 | H79: 2 | I79: 6 | J79: 2 | K79: 4 | O79: 4 | S79: 5 | AL79: 5 | AM79: 8 | AN79: 1 | AO79: English 1159 | AP79: 1 | AU79: 1 | AX79: 1 | BA79: 1 | BB79: 1 | BF79: 1 | BJ79: 1 | BL79: 3 | BN79: 1 | BS79: 100 | BW79: 20 | BX79: 4 | CI79: 1 | CJ79: I use free online database articles or the free Purdue OWL for composition, and literature texts are trade-book prices. My classes don't have the expensive textbooks. | CK79: My classes are often free as far as texts go because we use online sources and databases (like the NYT). If I use a textbook reader, it is 45.00, but that is rare. My lit classes cost probably 50-100 if they buy new books. The lit books are offered used and easily available on Amazon or at a Barnes and Noble. Textbook costs are not a big deal for my classes, per se. I recognize that they are in general. I do not have them buy a grammar handbook anymore because they cost 65.00 or more, which is crazy. Purdue OWL is a fine free alternative. | CL79: 1 | CM79: 1 | CT79: 13 | CU79: 13 | CV79: 13 | CW79: 13 | CX79: 13 | CZ79: 13 | DA79: 13 | DB79: 13 | DK79: 1 | DL79: I don't think these questions pertain to me. I don't use textbooks. I use real books, apparently. Liberal Arts. | DM79: Primary source material/literature, sometimes in translation. | DN79: The used books in the bookstore are often dirty looking, as are the rental books. | DO79: 8 | DP79: 8 | DQ79: 8 | DR79: 6 | DU79: 1 | DY79: 1 | EA79: 1 | EF79: 5 | EG79: I don't think this survey is really intended for me. The texts I use are free or trade-book priced. Define "textbook." I am finishing this survey, but I don't think I'm who you have in mind. | EH79: 1 | EI79: 2
A80: 43585.953 | B80: 1 | C80: 12 | D80: 2 | E80: 3 | F80: 6 | G80: 6 | H80: 4 | I80: 2 | J80: 1 | K80: 2 | M80: 2 | S80: 2 | AL80: 4 | AM80: 5 | AN80: 1 | AO80: BUS 1100 | AP80: 1 | AU80: 1 | AX80: 1 | AZ80: 1 | BB80: 1 | BG80: 1 | BJ80: 1 | BL80: 1 | BN80: 1 | BO80: 1 | BP80: 1 | BS80: 85 | BT80: 2 | BU80: 1 | BV80: 3 | BW80: 150 | BX80: 100 | BY80: 150 | CA80: 1 | CF80: 1 | CL80: 1 | CP80: 1 | CT80: 14 | CU80: 15 | CV80: 13 | CW80: 14 | CX80: 14 | CY80: 13 | CZ80: 13 | DA80: 15 | DB80: 14 | DC80: 14 | DD80: 1 | DE80: 1 | DF80: 1 | DH80: 1 | DI80: 1 | DJ80: 1 | DM80: The overall layout of the textbook is appropriate and relatively accurate. Many examples/explanations of concepts is fairly decent as well. | DN80: The book omits various sections from previous versions. Also, there are some areas of content that are out of place or not explained in any detail. | DO80: 5 | DP80: 5 | DQ80: 5 | DR80: 10 | DV80: 1 | EA80: 1 | EF80: 5 | EH80: 2 | EI80: 2
A81: 43586.025 | B81: 34 | C81: 40 | D81: 7 | E81: 1 | F81: 2 | G81: 4 | H81: 4 | I81: 2 | J81: 1 | K81: 6 | Q81: 3 | S81: 1 | W81: 1 | Y81: 1 | Z81: 1 | AL81: 4 | AM81: 5 | AN81: 2 | AO81: Biolo 1110 | AP81: 1 | AU81: 1 | AX81: 1 | AY81: 1 | BC81: 1 | BG81: 1 | BJ81: 1 | BO81: 1 | BS81: 100 | BW81: 200 | BX81: 150 | BY81: 60 | BZ81: 40 | CA81: 1 | CI81: 1 | CJ81: Must reccomend Bookstore purchase | CK81: Students like digital and paper copies. | CL81: 1 | CP81: 1 | CT81: 14 | CU81: 15 | CV81: 15 | CW81: 15 | CX81: 15 | CY81: 14 | CZ81: 14 | DA81: 13 | DB81: 13 | DC81: 13 | DE81: 1 | DI81: 1 | DM81: Good description of principles | DN81: Too technical | DO81: 7 | DP81: 8 | DQ81: 5 | DR81: 9 | DS81: 1 | DV81: 1 | EA81: 1 | EH81: 2 | EI81: 1
A82: 43586.29 | B82: 75 | C82: 66 | D82: 2 | E82: 1 | F82: 1 | G82: 1 | H82: 1 | I82: 6 | J82: 1 | K82: 6 | Q82: 6 | S82: 4 | AL82: 4 | AM82: 1 | AN82: 1 | AO82: Electronics TEchnology ET1100 | AP82: 1 | AU82: 1 | AX82: 1 | BA82: 1 | BD82: 1 | BG82: 1 | BH82: 1 | BL82: 2 | BN82: 1 | BS82: 47 | BT82: 1 | BU82: 2 | BV82: 3 | BW82: 200 | BX82: 150 | CC82: 1 | CD82: 1 | CG82: 1 | CI82: 1 | CJ82: Older eBooks | CK82: 1. Rent to lower cost, 2. ebooks if available 3. ebooks of older books found online. 4. makeup course chapters /material students can download let say on Blackboard as a source to go to | CL82: 1 | CT82: 14 | CU82: 16 | CV82: 13 | CW82: 14 | CX82: 13 | CY82: 14 | CZ82: 14 | DA82: 13 | DB82: 13 | DC82: 13 | DE82: 1 | DF82: 1 | DG82: 1 | DJ82: 1 | DM82: I feel the material is current. When there are Math problems involved examples are included | DN82: COST | DO82: 5 | DP82: 7 | DQ82: 5 | DR82: 10 | DV82: 1 | EA82: 1 | EF82: 4 | EG82: In a survey course when a student is undecided if the career path is for he/she, the textbook cost is a big factor in learning outcomes because they do not buy the textbook. | EH82: 1 | EI82: 1
A83: 43586.292 | C83: 88 | D83: 6 | E83: 2 | F83: 2 | G83: 5 | H83: 1 | I83: 1 | J83: 1 | K83: 2 | M83: 12 | S83: 4 | AL83: 4 | AM83: 5 | AN83: 1 | AP83: 1 | AU83: 1 | AX83: 1 | AY83: 1 | BD83: 1 | BG83: 1 | BJ83: 1 | BL83: 1 | BN83: 1 | BO83: 1 | BS83: 75 | BX83: 100 | CI83: 1 | CJ83: Provide content in discussions | CK83: Most seem very expensive | CL83: 1 | CT83: 18 | CU83: 16 | DF83: 1 | DJ83: 1 | DN83: Not enough pertinent information | DO83: 5 | DP83: 5 | DQ83: 5 | DR83: 10 | DU83: 1 | DV83: 1 | EA83: 1 | EF83: 4 | EG83: I have a lot to learn about this matter. | EH83: 2 | EI83: 2
A84: 43586.31 | B84: 10 | C84: 0 | D84: 1 | E84: 4 | F84: 1 | G84: 4 | H84: 2 | I84: 2 | J84: 2 | K84: 2 | M84: 6 | S84: 4 | AL84: 4 | AM84: 7 | AN84: 1 | AO84: AUTO 1131 | AP84: 1 | AU84: 1 | AX84: 1 | AY84: 1 | BD84: 1 | BG84: 1 | BJ84: 1 | BL84: 1 | BO84: 1 | BS84: 100 | BW84: 200 | BY84: 100 | CI84: 1 | CJ84: none | CL84: 1 | CP84: 1 | CT84: 14 | CU84: 14 | CV84: 14 | CW84: 14 | CX84: 14 | CY84: 14 | CZ84: 14 | DA84: 14 | DB84: 14 | DC84: 14 | DH84: 1 | DO84: 5 | DP84: 5 | DQ84: 5 | DR84: 10 | DU84: 1 | DV84: 1 | EA84: 1 | EF84: 4 | EH84: 1 | EI84: 1
A85: 43586.327 | B85: 37 | C85: 0 | D85: 5 | E85: 1 | F85: 2 | G85: 4 | H85: 2 | I85: 2 | J85: 2 | K85: 7 | R85: 2 | S85: 2 | AL85: 4 | AM85: 8 | AN85: 1 | AO85: Intro to Criminal Justice CRIMJ 1100 | AP85: 1 | AU85: 1 | AW85: 1 | AZ85: 1 | BC85: 1 | BG85: 1 | BJ85: 1 | BL85: 1 | BN85: 1 | BS85: 100 | BW85: 100 | BX85: 50 | CB85: 1 | CL85: 1 | CP85: 1 | CT85: 15 | CU85: 14 | CV85: 13 | CW85: 14 | CX85: 15 | CY85: 14 | CZ85: 14 | DA85: 15 | DB85: 14 | DC85: 14 | DD85: 1 | DE85: 1 | DF85: 1 | DG85: 1 | DH85: 1 | DI85: 1 | DJ85: 1 | DO85: 6 | DP85: 6 | DQ85: 6 | DR85: 8 | DU85: 1 | DW85: 1 | EA85: 1 | EF85: 4 | EH85: 2 | EI85: 2
A86: 43586.337 | B86: 51 | C86: 33 | D86: 4 | E86: 3 | F86: 7 | G86: 3 | H86: 2 | I86: 4 | J86: 2 | K86: 4 | O86: 8 | S86: 2 | AL86: 5 | AM86: 8 | AN86: 3 | AO86: Philo-1110, Relig-1150/Philo-1150 | AP86: 1 | AV86: 1 | BB86: 1 | BJ86: 1 | BL86: 3 | BN86: 1 | BS86: 100 | CA86: 1 | CB86: 1 | CC86: 1 | CF86: 1 | CG86: 1 | CK86: 100-120 | CT86: 13 | CU86: 13 | CX86: 13 | CY86: 13 | DB86: 13 | DC86: 13 | DM86: Course content | DN86: none | DO86: 6 | DP86: 5 | DR86: 8 | DU86: 1 | DV86: 1 | EA86: 1 | EF86: 7 | EH86: 2 | EI86: 2
A87: 43586.343 | D87: 2 | E87: 1 | F87: 1 | G87: 3 | H87: 2 | I87: 4 | J87: 2 | K87: 2 | M87: 7 | S87: 1 | W87: 1 | AB87: 1 | AL87: 3 | AM87: 8 | AN87: 2 | AP87: 1 | BL87: 1 | BN87: 1 | BS87: 100 | BW87: 168 | BX87: 90 | BY87: 168 | CC87: 1 | CD87: 1 | CG87: 1 | CK87: Books are expensive, technology changes fast, open source will be extremely time consuming to keep up with the changes. Works for some GenEds, and some other none tech related topics. | CL87: 1 | CT87: 14 | CU87: 16 | CV87: 16 | CW87: 16 | CX87: 15 | CY87: 16 | CZ87: 15 | DA87: 15 | DB87: 15 | DC87: 15 | DD87: 1 | DF87: 1 | DM87: Examples, cost, | DN87: Errors, updates, revisions | DO87: 7 | DP87: 7 | DQ87: 7 | DR87: 8 | DU87: 1 | DZ87: 1 | EE87: 1 | EF87: 4 | EG87: It is good if there is real support, and adequate resources dedicated to it. It seems it becomes an institutional responsibility in terms of cost and quality not be taken lightly and without a comprehensive plan. | EH87: 1 | EI87: 1
A88: 43586.384 | C88: 70 | D88: 6 | E88: 2 | F88: 6 | G88: 2 | H88: 4 | I88: 2 | J88: 1 | K88: 1 | L88: 13 | S88: 1 | W88: 1 | AA88: 1 | AB88: 1 | AL88: 1 | AM88: 1 | AN88: 1 | AO88: SPE1100-010 | AP88: 1 | AT88: 1 | AX88: 1 | AY88: 1 | BD88: 1 | BG88: 1 | BL88: 1 | BN88: 1 | BO88: 1 | BP88: 1 | BS88: 90 | BW88: 120 | BX88: 50 | BY88: 35 | BZ88: 35 | CB88: 1 | CC88: 1 | CK88: I find that many students have not factored in the cost of textbooks and it can be hard for them to come up with the money if they are paying for their own education. I think the textbook is valuable, but I think having an emergency textbook fund is a great idea. I work at another institution where they have this and the money allocated for textbooks is almost always used. | CL88: 1 | CP88: 1 | CT88: 13 | CU88: 16 | CV88: 13 | CW88: 15 | CX88: 13 | CY88: 13 | CZ88: 13 | DA88: 13 | DB88: 13 | DC88: 13 | DD88: 1 | DG88: 1 | DJ88: 1 | DM88: The text is very easy to understand and has a lot of pop culture references to keep students interested. There is also a really good instructor companion web site with ideas for high impact learning. | DN88: The COST! It's one textbook and buying it new is about $125. Renting it is about $50. | DO88: 8 | DP88: 8 | DQ88: 8 | DR88: 7 | DT88: 1 | DV88: 1 | EA88: 1 | EH88: 1 | EI88: 1
A89: 43586.413 | B89: 20 | C89: 5 | D89: 4 | E89: 1 | F89: 5 | G89: 3 | H89: 1 | I89: 5 | J89: 1 | K89: 6 | Q89: 1 | S89: 2 | AL89: 2 | AM89: 5 | AN89: 1 | AO89: ANAT 1552 | AP89: 1 | AU89: 1 | AX89: 1 | BA89: 1 | BD89: 1 | BG89: 1 | BJ89: 1 | BL89: 2 | BN89: 1 | BP89: 1 | BS89: 85 | BT89: 1 | BU89: 2 | BV89: 3 | BW89: 300 | BX89: 200 | BY89: 100 | CI89: 1 | CJ89: Recommend using available copies in library | CL89: 1 | CP89: 1 | CT89: 14 | CU89: 16 | CV89: 15 | CX89: 14 | DA89: 14 | DB89: 14 | DC89: 14 | DD89: 1 | DI89: 1 | DJ89: 1 | DM89: it is very thorough | DN89: sometimes too wordy and more depth than they need | DO89: 7 | DP89: 8 | DQ89: 7 | DR89: 7 | DU89: 1 | DV89: 1 | EA89: 1 | EF89: 5 | EH89: 2 | EI89: 2
A90: 43586.413 | B90: 62 | C90: 20 | D90: 5 | E90: 2 | F90: 6 | G90: 1 | H90: 4 | I90: 2 | J90: 1 | K90: 6 | Q90: 11 | S90: 1 | T90: 1 | W90: 1 | AB90: 1 | AL90: 4 | AM90: 6 | AN90: 1 | AO90: Math 0481 | AP90: 1 | AU90: 1 | AX90: 1 | AZ90: 1 | BD90: 1 | BG90: 1 | BJ90: 1 | BL90: 1 | BN90: 1 | BP90: 1 | BS90: 90 | BT90: 1 | BU90: 2 | BV90: 3 | BW90: 150 | BX90: 50 | BY90: 180 | CD90: 1 | CL90: 1 | CP90: 1 | CT90: 14 | CU90: 15 | CV90: 14 | CW90: 14 | CY90: 14 | CZ90: 14 | DA90: 14 | DB90: 14 | DD90: 1 | DE90: 1 | DF90: 1 | DJ90: 1 | DM90: Many good sample problems, summaries and charts are well done. | DN90: Order doe snot match and the early chapter reviews are in strange order. | DO90: 6 | DP90: 8 | DQ90: 5 | DR90: 10 | DU90: 1 | DV90: 1 | EA90: 1 | EF90: 5 | EH90: 2 | EI90: 2
A91: 43586.426 | C91: 75 | D91: 4 | E91: 2 | F91: 5 | G91: 5 | H91: 2 | I91: 3 | J91: 2 | K91: 2 | M91: 2 | S91: 1 | AA91: 1 | AB91: 1 | AE91: 1 | AL91: 2 | AM91: 8 | AN91: 1 | AO91: BUSIN-1161 | AP91: 1 | AU91: 1 | AW91: 1 | AZ91: 1 | BC91: 1 | BG91: 1 | BI91: 1 | BL91: 1 | BN91: 1 | BO91: 1 | BS91: 100 | BW91: 75 | BX91: 50 | BY91: 50 | CF91: 1 | CG91: 1 | CK91: More and more, paying attention to the cost of course materials vs. ROI. | CL91: 1 | CP91: 1 | CT91: 15 | CU91: 15 | CV91: 15 | CW91: 15 | CX91: 15 | CY91: 15 | CZ91: 15 | DA91: 15 | DB91: 15 | DC91: 16 | DD91: 1 | DF91: 1 | DH91: 1 | DI91: 1 | DM91: Current topic overall. | DN91: Doesn't adapt quick enough to environment. | DO91: 8 | DP91: 8 | DQ91: 8 | DR91: 6 | DT91: 1 | DV91: 1 | EA91: 1 | EH91: 1 | EI91: 1
A92: 43586.435 | B92: 22 | C92: 14 | D92: 2 | E92: 3 | F92: 5 | G92: 3 | H92: 1 | I92: 3 | J92: 1 | K92: 2 | M92: 2 | S92: 1 | W92: 1 | AA92: 1 | AL92: 4 | AM92: 1 | AN92: 1 | AO92: Business 1100, 30 students | AP92: 1 | AU92: 1 | AV92: 1 | AY92: 1 | BC92: 1 | BG92: 1 | BJ92: 1 | BL92: 1 | BN92: 1 | BP92: 1 | BS92: 90 | BT92: 1 | BU92: 2 | BV92: 3 | BW92: 100 | CC92: 1 | CK92: Most students still prefer textbooks. The cost is part of attending college. | CL92: 1 | CP92: 1 | CT92: 14 | CU92: 13 | CV92: 13 | CW92: 15 | CX92: 14 | CY92: 15 | CZ92: 16 | DA92: 14 | DB92: 14 | DC92: 14 | DE92: 1 | DG92: 1 | DM92: Easy to read. Matches the course objectives well. | DN92: Not much supplementary materials to use for assignments. Test bank is weak. Doesn't provide different levels of questions from easy to difficult. | DO92: 5 | DP92: 7 | DQ92: 5 | DR92: 9 | DV92: 1 | EA92: 1 | EF92: 7 | EG92: Keep textbooks. | EH92: 1 | EI92: 1
A93: 43586.436 | B93: 90 | C93: 80 | D93: 3 | E93: 1 | F93: 4 | G93: 2 | H93: 2 | I93: 4 | J93: 2 | K93: 7 | R93: 11 | S93: 2 | AL93: 4 | AM93: 5 | AN93: 1 | AO93: Sociology of Sex, Gender, and Power -- Socio-1120 | AR93: 1 | AU93: 1 | AV93: 1 | BA93: 1 | BB93: 1 | BG93: 1 | BJ93: 1 | CK93: I do all that I can to keep cost to students low. The bookstore is never thrilled with me because when I use textbooks, I use older, cheaper editions. | DM93: Well written, sociologically sound, lower cost. | DN93: There are certain topics I wish were covered in the book, but aren't. | DO93: 6 | DP93: 6 | DQ93: 5 | DR93: 7 | DU93: 1 | DV93: 1 | EA93: 1 | EF93: 3 | EG93: I am interested in using OER, and plan to look into it after learning more about it from a colleague in my division -- however, I don't have time to investigate which ones to use until the semester is over. | EH93: 1 | EI93: 1
A94: 43586.463 | B94: 63 | C94: 50 | D94: 1 | E94: 1 | F94: 3 | G94: 3 | H94: 2 | I94: 3 | J94: 2 | K94: 2 | M94: 4 | S94: 1 | W94: 1 | AB94: 1 | AE94: 1 | AH94: 1 | AJ94: 1 | AK94: Simulations - Mimic Pro; Knowledge Matters & Mimic Social | AL94: 2 | AM94: 8 | AN94: 1 | AO94: Marketing 2210 | AP94: 1 | AU94: 1 | AX94: 1 | AY94: 1 | BB94: 1 | BG94: 1 | BJ94: 1 | BL94: 1 | BN94: 1 | BP94: 1 | BS94: 80 | BT94: 2 | BU94: 1 | BV94: 3 | BY94: 125 | CB94: 1 | CD94: 1 | CF94: 1 | CK94: Some students don't purchase the required materials (connect with ebook) because they may wait until they know they will pass the course. | CL94: 1 | CP94: 1 | CT94: 14 | CU94: 15 | CV94: 13 | CW94: 13 | CX94: 16 | CY94: 15 | CZ94: 13 | DA94: 13 | DB94: 13 | DC94: 13 | DD94: 1 | DE94: 1 | DF94: 1 | DG94: 1 | DH94: 1 | DJ94: 1 | DM94: It has resources for students that need additional support to understand the material. The publisher also keeps the costs down with the option of an e-book. Although many of them would rather have a book. | DN94: Ebook format. A lot of management of the content assignments and adjustments based on students needs (i.e. blue card). | DO94: 5 | DP94: 8 | DQ94: 8 | DR94: 6 | DT94: 1 | DZ94: 1 | EA94: 1 | EG94: The time involved to get the course materials from an OER is very intensive. This is why I have only used supplemental. I would rather use OER for the cost and in some cases it may be more current. | EH94: 1 | EI94: 1
A95: 43586.478 | B95: 64 | C95: 100 | D95: 5 | E95: 1 | F95: 4 | G95: 3 | H95: 1 | I95: 4 | J95: 1 | K95: 1 | L95: 12 | S95: 3 | AL95: 3 | AM95: 8 | AN95: 1 | AO95: PHOTO1400 | AP95: 1 | AU95: 1 | AV95: 1 | BA95: 1 | BD95: 1 | BE95: 1 | BJ95: 1 | BL95: 1 | BN95: 1 | BS95: 1 | CA95: 1 | CI95: 1 | CJ95: Free online content | CL95: 1 | CP95: 1 | CT95: 19 | CU95: 16 | CV95: 16 | CW95: 16 | CX95: 16 | CY95: 16 | CZ95: 16 | DA95: 16 | DB95: 16 | DC95: 16 | DF95: 1 | DM95: That it is still in print. Otherwise, it's pretty useless because of the old syllabus. | DN95: The content is not relevant to the current industry standards. | DO95: 8 | DP95: 8 | DQ95: 6 | DR95: 6 | DS95: 1 | DZ95: 1 | EA95: 1 | EH95: 1 | EI95: 1
A96: 43586.484 | B96: 89 | C96: 50 | D96: 3 | E96: 2 | F96: 4 | G96: 3 | H96: 4 | I96: 1 | J96: 1 | K96: 7 | R96: 4 | S96: 1 | W96: 1 | AE96: 1 | AL96: 4 | AM96: 5 | AN96: 1 | AO96: Intro To Education EDUCA 1100 | AP96: 1 | AU96: 1 | AX96: 1 | AY96: 1 | BD96: 1 | BG96: 1 | BJ96: 1 | BL96: 1 | BN96: 1 | BP96: 1 | BS96: 100 | CA96: 1 | CD96: 1 | CL96: 1 | CP96: 1 | CT96: 14 | CU96: 15 | CV96: 14 | CW96: 13 | CX96: 14 | CY96: 13 | CZ96: 13 | DA96: 13 | DB96: 13 | DC96: 14 | DD96: 1 | DJ96: 1 | DO96: 5 | DP96: 5 | DQ96: 5 | DR96: 10 | DU96: 1 | DZ96: 1 | EE96: 1 | EF96: 7 | EH96: 2 | EI96: 2
